Workbook
Name DATA_STATEMENT_II: StatementII!$E$9:$N$22,StatementII!$E$24:$N$30,StatementII!$E$32:$N$40,StatementII!$E$42:$N$43
Name DATA_TABLE_1: Table1!$E$8:$N$89,Table1!$E$92:$M$93,Table1!$E$95:$N$100,Table1!$N$92:$N$93,Table1!$E$102:$N$107,Table1!$E$109:$N$114
Name DATA_TABLE_2: Table2!$E$8:$N$53,Table2!$E$56:$N$57,Table2!$E$59:$N$66,Table2!$E$68:$N$73,Table2!$E$75:$N$80
Name DATA_TABLE_3: Table3!$E$8:$N$79,Table3!$E$81:$N$99
Name DATA_TABLE_4: Table4!$E$8:$N$35,Table4!$E$37:$N$41
Name DATA_TABLE_5: Table5!$E$8:$N$35,Table5!$E$37:$N$41
Name DATA_TABLE_6: Table6!$E$8:$N$31,Table6!$E$33:$N$79,Table6!$E$81:$N$81,Table6!$E$83:$N$101,Table6!$E$103:$N$106,Table6!$E$108:$N$115
Name DATA_TABLE_6A: #REF!,#REF!,#REF!,#REF!,#REF!
Name DATA_TABLE_6B: Table6B!$E$8:$N$8,Table6B!$E$10:$N$10,Table6B!$E$13:$N$13,Table6B!$E$15:$N$15,Table6B!$E$17:$N$71
Name DATA_TABLE_7: Table7!$E$8:$N$87
Name DATA_TABLE_8A: #REF!,#REF!,#REF!,#REF!
Name DATA_TABLE_8B: #REF!,#REF!,#REF!,#REF!
Name DATA_TABLE_9: Table9!$E$8:$N$35,Table9!$E$37:$N$41
Name METADATA_COVERPAGE_1: Coverpage!$I$11:$I$12,Coverpage!$I$14:$I$15,Coverpage!$I$17:$I$22
Name METADATA_COVERPAGE_2: Coverpage!$I$27:$P$35
Name Print_Area_0: Annex1!$P$1:$X$154
Name Print_Area_0: Annex2!$A$1:$E$98
Name Print_Area_0: 'Cash Data Checks Report'!$A$1:$O$46
Name Print_Area_0: Coverpage!$A$1:$S$41
Name Print_Area_0: 'OtherThanCashData Checks Report'!$A$1:$O$46
Name Print_Area_0: StatementI!$A$1:$M$45
Name Print_Area_0: StatementII!$B$1:$N$43
Name Print_Area_0: StatementIII!$A$1:$M$37
Name Print_Area_0: StatementIV!$A$1:$M$25
Name Print_Area_0: Table1!$B$1:$N$114
Name Print_Area_0: Table2!$B$1:$N$80
Name Print_Area_0: Table3!$B$1:$N$99
Name Print_Area_0: Table4!$B$1:$N$41
Name Print_Area_0: Table5!$B$1:$N$41
Name Print_Area_0: Table6!$B$1:$N$115
Name Print_Area_0: Table6B!$B$1:$N$71
Name Print_Area_0: Table7!$B$1:$N$88
Name Print_Area_0: Table9!$B$1:$N$41
Name Print_Titles_0: Annex1!$1:$3
Name Print_Titles_0: StatementI!$1:$6
Name Print_Titles_0: StatementII!$1:$7
Name Print_Titles_0: StatementIV!$1:$6
Name Print_Titles_0: Table1!$1:$7
Name Print_Titles_0: Table2!$1:$7
Name Print_Titles_0: Table3!$1:$7
Name Print_Titles_0: Table4!$1:$7
Name Print_Titles_0: Table5!$1:$7
Name Print_Titles_0: Table6!$1:$7
Name Print_Titles_0: Table7!$1:$7
Name Print_Titles_0: Table9!$1:$7
Name Report_Version_Number: 'Report Form'!$A$3
Name Report_Version_Tag: 'Report Form'!$A$1
Name Reporting_Alternate_Sender_Email: Coverpage!$I$21
Name Reporting_Alternate_Sender_Name: Coverpage!$I$20
Name Reporting_Compiling_Organization: Coverpage!$I$17
Name Reporting_Country_Code: Coverpage!$I$9
Name Reporting_Country_Fiscal_End_Day: Coverpage!$I$12
Name Reporting_Country_Fiscal_End_Month: Coverpage!$I$11
Name Reporting_Country_Name: Coverpage!$I$8
Name Reporting_Currency_Blank: Coverpage!$U$14
Name Reporting_Currency_Code: Coverpage!$U$12
Name Reporting_Currency_Name: Coverpage!$I$13
Name Reporting_Date: Coverpage!$I$22
Name Reporting_Period_Code: Coverpage!$I$10
Name Reporting_Period_Std_Code: Coverpage!$U$10

Sheet Coverpage
A1: GFSM2014_V1.5
F3: ЕЖЕГОДНАЯ АНКЕТА СГФ | Z3: Контрольный перечень и основные проверки достоверности
F4: СТАТИСТИЧЕСКИЕ ТАБЛИЦЫ
I6: ALL_SECTORS
H8: Название страны: | I8: Russian Federation
H9: Код страны: | I9: 922 | L9: Основные проверки достоверности пройдены? Да / Нет | W9: Scale
H10: Год: | I10: 2016 | U10: =Reporting_Period_Code&"A1" -> 2016A1 | Z10: Титульная страница заполнена
C11: FISCAL_END_MONTH | H11: Год заканчивается (месяц): | I11: December | L11: =IF(AND(AD12="Yes",AD13="Yes",AD14="Yes",AD11="Yes",AD18="Yes",AD19="Yes",AD20="Yes",AD21="Yes",AD17="Yes",AD27="Yes",AD28="Yes",AD29="Yes",AD30="Yes",AD31="Yes",AD32="Yes",AD33="Yes",AD34="Yes",AD35="Yes",AD36="Yes",AD37="Yes",AD38="Yes",AD26="Yes"),"Да - форма готова к отправке","Нет - просьба проверить правильность заполнения формы") -> #REF! | W11: Thousand | Z11: Заполнено на конец финансового года | AD11: =IF(AND(NOT(ISBLANK(I11)),NOT(ISBLANK(I12))),"Да","Нет") -> Да
C12: FISCAL_END_DAY | H12: Год заканчивается (день): | I12: 31st | U12: XDC | W12: Million | Z12: Включено название валюты | AD12: =IF(I14="","Нет","Да") -> Да
H13: Валюта: | I13: Domestic Currency | W13: Billion | Z13: Указан масштаб | AD13: =IF(I15="","Нет","Да") -> Да
C14: REPORTING_CURRENCY | H14: Название валюты: | I14: Russian Rubles (RUB) | W14: Trillion | Z14: Характер данных и практика учета | AD14: =IF(COUNTBLANK(METADATA_COVERPAGE_2)>0,"Нет","Да") -> Да
C15: REPORTING_SCALE | H15: Масштаб: | I15: Billion | L15: См. подробности справа | Z15: Основные проверки достоверности пройдены
C17: COMPILING_ORG | H17: Организация, составляющая отчетность: | L17: Thousand | M17: Тысяча | W17: Euros | X17: EUR | Z17: Таблица 1 | AD17: =IF(AND(OR(IF(ISNUMBER(Table1!E118),ABS(Table1!E118)<0.05,0),TRIM(Table1!E118)="NA"),OR(IF(ISNUMBER(Table1!F118),ABS(Table1!F118)<0.05,0),TRIM(Table1!F118)="NA"),OR(IF(ISNUMBER(Table1!G118),ABS(Table1!G118)<0.05,0),TRIM(Table1!G118)="NA"),OR(IF(ISNUMBER(Table1!H118),ABS(Table1!H118)<0.05,0),TRIM(Table1!H118)="NA"),OR(IF(ISNUMBER(Table1!I118),ABS(Table1!I118)<0.05,0),TRIM(Table1!I118)="NA"),OR(IF(ISNUMBER(Table1!J118),ABS(Table1!J118)<0.05,0),TRIM(Table1!J118)="NA"),OR(IF(ISNUMBER(Table1!K118),ABS(Table1!K118)<0.05,0),TRIM(Table1!K118)="NA"),OR(IF(ISNUMBER(Table1!L118),ABS(Table1!L118)<0.05,0),TRIM(Table1!L118)="NA"),OR(IF(ISNUMBER(Table1!M118),ABS(Table1!M118)<0.05,0),TRIM(Table1!M118)="NA"),OR(IF(ISNUMBER(Table1!N118),ABS(Table1!N118)<0.05,0),TRIM(Table1!N118)="NA")),"Да","Нет") -> Да
C18: REPORTER_NAME | H18: ФИО отправителя: | L18: Million | M18: Миллион | W18: National Currency | X18: XDC | Z18: Таблица 2 | AD18: =IF(AND(OR(IF(ISNUMBER(Table2!E84),ABS(Table2!E84)<0.05,0),TRIM(Table2!E84)="NA"),OR(IF(ISNUMBER(Table2!F84),ABS(Table2!F84)<0.05,0),TRIM(Table2!F84)="NA"),OR(IF(ISNUMBER(Table2!G84),ABS(Table2!G84)<0.05,0),TRIM(Table2!G84)="NA"),OR(IF(ISNUMBER(Table2!H84),ABS(Table2!H84)<0.05,0),TRIM(Table2!H84)="NA"),OR(IF(ISNUMBER(Table2!I84),ABS(Table2!I84)<0.05,0),TRIM(Table2!I84)="NA"),OR(IF(ISNUMBER(Table2!J84),ABS(Table2!J84)<0.05,0),TRIM(Table2!J84)="NA"),OR(IF(ISNUMBER(Table2!K84),ABS(Table2!K84)<0.05,0),TRIM(Table2!K84)="NA"),OR(IF(ISNUMBER(Table2!L84),ABS(Table2!L84)<0.05,0),TRIM(Table2!L84)="NA"),OR(IF(ISNUMBER(Table2!M84),ABS(Table2!M84)<0.05,0),TRIM(Table2!M84)="NA"),OR(IF(ISNUMBER(Table2!N84),ABS(Table2!N84)<0.05,0),TRIM(Table2!N84)="NA")),"Да","Нет") -> Да
C19: REPORTER_EMAIL | H19: Адрес электронной почты отправителя: | L19: Billion | M19: миллиард | W19: US Dollars | X19: USD | Z19: Таблица 3 | AD19: =IF(AND(OR(IF(ISNUMBER(Table3!E103),ABS(Table3!E103)<0.05,0),TRIM(Table3!E103)="NA"),OR(IF(ISNUMBER(Table3!F103),ABS(Table3!F103)<0.05,0),TRIM(Table3!F103)="NA"),OR(IF(ISNUMBER(Table3!G103),ABS(Table3!G103)<0.05,0),TRIM(Table3!G103)="NA"),OR(IF(ISNUMBER(Table3!H103),ABS(Table3!H103)<0.05,0),TRIM(Table3!H103)="NA"),OR(IF(ISNUMBER(Table3!I103),ABS(Table3!I103)<0.05,0),TRIM(Table3!I103)="NA"),OR(IF(ISNUMBER(Table3!J103),ABS(Table3!J103)<0.05,0),TRIM(Table3!J103)="NA"),OR(IF(ISNUMBER(Table3!K103),ABS(Table3!K103)<0.05,0),TRIM(Table3!K103)="NA"),OR(IF(ISNUMBER(Table3!L103),ABS(Table3!L103)<0.05,0),TRIM(Table3!L103)="NA"),OR(IF(ISNUMBER(Table3!M103),ABS(Table3!M103)<0.05,0),TRIM(Table3!M103)="NA"),OR(IF(ISNUMBER(Table3!N103),ABS(Table3!N103)<0.05,0),TRIM(Table3!N103)="NA")),"Да","Нет") -> Да
C20: REPORTER_ALT_NAME | H20: ФИО замещающего контактного лица: | L20: Trillion | M20: триллион | Z20: Таблица 6 | AD20: =IF(AND(OR(IF(ISNUMBER(Table6!E119),ABS(Table6!E119)<0.05,0),TRIM(Table6!E119)="NA"),OR(IF(ISNUMBER(Table6!F119),ABS(Table6!F119)<0.05,0),TRIM(Table6!F119)="NA"),OR(IF(ISNUMBER(Table6!G119),ABS(Table6!G119)<0.05,0),TRIM(Table6!G119)="NA"),OR(IF(ISNUMBER(Table6!H119),ABS(Table6!H119)<0.05,0),TRIM(Table6!H119)="NA"),OR(IF(ISNUMBER(Table6!I119),ABS(Table6!I119)<0.05,0),TRIM(Table6!I119)="NA"),OR(IF(ISNUMBER(Table6!J119),ABS(Table6!J119)<0.05,0),TRIM(Table6!J119)="NA"),OR(IF(ISNUMBER(Table6!K119),ABS(Table6!K119)<0.05,0),TRIM(Table6!K119)="NA"),OR(IF(ISNUMBER(Table6!L119),ABS(Table6!L119)<0.05,0),TRIM(Table6!L119)="NA"),OR(IF(ISNUMBER(Table6!M119),ABS(Table6!M119)<0.05,0),TRIM(Table6!M119)="NA"),OR(IF(ISNUMBER(Table6!N119),ABS(Table6!N119)<0.05,0),TRIM(Table6!N119)="NA")),"Да","Нет") -> Да
C21: REPORTER_ALT_EMAIL | H21: Адрес эл. почты замещающего лица: | W21: Year ending | Z21: Таблица 7 | AD21: =IF(AND(OR(IF(ISNUMBER(Table7!E92),ABS(Table7!E92)<0.05,0),TRIM(Table7!E92)="NA"),OR(IF(ISNUMBER(Table7!F92),ABS(Table7!F92)<0.05,0),TRIM(Table7!F92)="NA"),OR(IF(ISNUMBER(Table7!G92),ABS(Table7!G92)<0.05,0),TRIM(Table7!G92)="NA"),OR(IF(ISNUMBER(Table7!H92),ABS(Table7!H92)<0.05,0),TRIM(Table7!H92)="NA"),OR(IF(ISNUMBER(Table7!I92),ABS(Table7!I92)<0.05,0),TRIM(Table7!I92)="NA"),OR(IF(ISNUMBER(Table7!J92),ABS(Table7!J92)<0.05,0),TRIM(Table7!J92)="NA"),OR(IF(ISNUMBER(Table7!K92),ABS(Table7!K92)<0.05,0),TRIM(Table7!K92)="NA"),OR(IF(ISNUMBER(Table7!L92),ABS(Table7!L92)<0.05,0),TRIM(Table7!L92)="NA"),OR(IF(ISNUMBER(Table7!M92),ABS(Table7!M92)<0.05,0),TRIM(Table7!M92)="NA"),OR(IF(ISNUMBER(Table7!N92),ABS(Table7!N92)<0.05,0),TRIM(Table7!N92)="NA")),"Да","Нет") -> Да
C22: SUB_DATE | H22: Дата представления отчетности: | W22: January | X22: 1st
W23: February | X23: 2nd | Z23: Составителей просят заполнить все пустые ячейки в анкете - проставив значение, нуль, н.д. при отсутствии данных или н.п., когда это не применимо (при отсутствии подсектора) - просьба подтвердить, что заполнены все ячейки, используя нижеприведенный контрольный перечень.
D24: Укажите "NA" в случае, если "нет данных"; укажите "NP" в случае, если "не применимо" | I24: Бюджетные единицы центр. правитель-ства | J24: Внебюджет-ные единицы центр. правитель-ства | K24: Центральное правитель-ство | L24: Фонды социального обеспечения | M24: Региональ-ные органы управления | N24: Местные органы управления | O24: Сектор государст-венного управления | P24: Для справки: центр. прав-во (вкл. SSF центр.уровня) | W24: March | X24: 3rd
D25: ХАРАКТЕР ДАННЫХ И ПРАКТИКА УЧЕТА | I25: BCG | J25: EBG | K25: CG | L25: SSG | M25: RG | N25: LG | O25: GG | P25: CG01 | W25: April | X25: 4th
W26: May | X26: 5th | Z26: Отчет II | AD26: =IF(OR(COUNTBLANK(StatementII!E9:M22)>0,COUNTBLANK(StatementII!E24:M30)>0,COUNTBLANK(StatementII!E32:M40)>0),"Нет","Да") -> Да
C27: ALL_REPORTED_INDICATORS_NATURE_OF_DATA | D27: Характер данных | H27: A, P, or E? | I27: A | J27: A | K27: A | L27: A | M27: A | N27: A | O27: A | P27: A | W27: June | X27: 6th | Z27: Таблица 1 | AD27: =IF(COUNTBLANK(Table1!E8:N89)>0,"Нет","Да") -> Да
C28: ALL_TABLE1_REVENUE_INDICATORS | D28: Основа отражения в учете: доходы | H28: CA or AC? | I28: AC | J28: AC | K28: AC | L28: AC | M28: AC | N28: AC | O28: AC | P28: AC | W28: July | X28: 7th | Z28: Таблица 2 | AD28: =IF(COUNTBLANK(Table2!E8:N53)>0,"Нет","Да") -> Да
C29: ALL_TABLE2_EXPENSE_INDICATORS | D29: Основа отражения в учете: расходы | H29: CA or AC? | I29: AC | J29: AC | K29: AC | L29: AC | M29: AC | N29: AC | O29: AC | P29: AC | W29: August | X29: 8th | Z29: Таблица 3 | AD29: =IF(COUNTBLANK(Table3!E8:N99)>0,"Нет","Да") -> Да
C30: ALL_TABLE31_INV_NF_ASSETS_INDICATORS | D30: Основа отражения в учете: инвестиции в нефинансовые активы | H30: CA or AC? | I30: AC | J30: AC | K30: AC | L30: AC | M30: AC | N30: AC | O30: AC | P30: AC | W30: September | X30: 9th | Z30: Таблица 4 | AD30: =IF(COUNTBLANK(Table4!E8:N37)>0,"Нет","Да") -> Да
C31: ALL_TABLE32_33_FIN_TRANS_INDICATORS | D31: Основа отражения в учете: финансовые операции | H31: CA or AC? | I31: AC | J31: AC | K31: AC | L31: AC | M31: AC | N31: AC | O31: AC | P31: AC | W31: October | X31: 10th | Z31: Таблица 5 | AD31: =IF(COUNTBLANK(Table5!E8:N37)>0,"Нет","Да") -> Да
C32: ALL_TABLE31_INV_NF_ASSETS_GROSSNET_INDICATORS | D32: Инвестиции в нефинансовые активы | H32: GR or NT? | I32: NT | J32: NT | K32: NT | L32: NT | M32: NT | N32: NT | O32: NT | P32: NT | W32: November | X32: 11th | Z32: Таблица 6 | AD32: =IF(COUNTBLANK(Table6!E8:N112)>0,"Нет","Да") -> Да
C33: ALL_TABLE61_NF_ASSETS_INDICATORS | D33: Стоимостная оценка нефинансовых активов | H33: MV, HV, or BV? | I33: FV | J33: FV | K33: FV | L33: FV | M33: FV | N33: FV | O33: FV | P33: FV | W33: December | X33: 12th | Z33: Таблица 6A | AD33: =IF(COUNTBLANK(#REF!)>0,"Нет","Да") -> #REF!
C34: ALL_TABLE62_FIN_ASSETS_INDICATORS | D34: Стоимостная оценка финансовых активов | H34: MV, NV, or FV? | I34: NV | J34: NV | K34: NV | L34: NV | M34: NV | N34: NV | O34: NV | P34: NV | X34: 13th | Z34: Таблица 6B | AD34: =IF(COUNTBLANK(Table6B!E8:N71)>0,"Нет","Да") -> Да
C35: ALL_TABLE63_LIABILITIES_INDICATORS | D35: Стоимостная оценка обязательств | H35: MV, NV, or FV? | I35: NV | J35: NV | K35: NV | L35: NV | M35: NV | N35: NV | O35: NV | P35: NV | X35: 14th | Z35: Таблица 7 | AD35: =IF(COUNTBLANK(Table7!E8:N87)>0,"Нет","Да") -> Да
X36: 15th | Z36: Таблица 8A | AD36: =IF(COUNTBLANK(#REF!)>0,"Нет","Да") -> #REF!
G37: Справочный материал: "Руководство по статистике государственных финансов 2014 года" (РСГФ 2014 года) | X37: 16th | Z37: Таблица 8B | AD37: =IF(COUNTBLANK(#REF!)>0,"Нет","Да") -> #REF!
X38: 17th | Z38: Таблица 9 | AD38: =IF(COUNTBLANK(Table9!E8:N37)>0,"Нет","Да") -> Да
X39: 18th
X40: 19th
W41: Currency Name | X41: 20th
X42: 21st
W43: Afghanis (AFN) | X43: 22nd
W44: Albanian Leks (ALL) | X44: 23rd
W45: Algerian Dinars (DZD) | X45: 24th
W46: Angolan Kwanzas (AOA) | X46: 25th
W47: Argentine Pesos (ARS) | X47: 26th
W48: Armenian Drams (AMD) | X48: 27th
W49: Aruban Florins (AWG) | X49: 28th
W50: Australian Dollars (AUD) | X50: 29th
W51: Azerbaijan Manat (AZN) | X51: 30th
W52: Bahamian Dollars (BSD) | X52: 31st
W53: Bahrain Dinars (BHD)
W54: Bangladesh Taka (BDT)
W55: Barbados Dollars (BBD)
W56: Belarusian Rubles (BYR)
W57: Belarusian Rubles, New (BYN)
W58: Belize Dollars (BZD)
W59: Bermuda Dollars (BMD)
W60: Bhutanese Ngultrum (BTN)
W61: Bolivianos (BOB)
W62: Botswana Pula (BWP)
W63: Brazilian Reais (BRL)
W64: Brunei Dollars (BND)
... W207: No

Sheet StatementI
A1: =+Coverpage!A1 -> GFSM2014_V1.5 | F1: =Reporting_Country_Name -> Russian Federation | M1: =Reporting_Country_Code -> 922 | O1: Укажите "NA" в случае, если "нет данных"
A2: ОТЧЕТ I | E2: ="In "&Coverpage!$I$15&" of "&Coverpage!$I$14&" / Fiscal year ends in "&Coverpage!$I$11&" "&Coverpage!$I$12 -> In Billion of Russian Rubles (RUB) / Fiscal year ends in December 31st | O2: Укажите "NP" в случае, если "не применимо"
F3: Сектор госуд. управления | H3: =Reporting_Period_Code -> 2016 | M3: Для справки: центр. прав-во (вкл. SSF центр.уровня)
A4: ОТЧЕТ ОБ ОПЕРАЦИЯХ | D4: Центральное правительство (кроме фондов соц. обеспечения) | H4: Фонды социального обеспечения | I4: Региональные органы управления | J4: Местные органы управления | K4: Столбец консолидации | L4: Сектор государст-венного управления | O4: Горизонтальные проверки
D5: Бюджетные | E5: Внебюджетные | F5: Столбец консолидации | G5: Центральное правительство | O5: Центральное правительство (CG)=(BA) | P5: Сектор гос. управления (GG)=(CG)+(SSF)
D6: BA=GL1 | E6: EA | F6: CC | G6: CG | H6: SSF | I6: SG | J6: LG | K6: CT | L6: GG=GL3 | M6: GL2 | O6: +(EA)+(CC) | P6: +(SG)+(LG)+(CT)
A7: x | B7: ОПЕРАЦИИ, ВЛИЯЮЩИЕ НА ЧИСТУЮ СТОИМОСТЬ АКТИВОВ:
A8: 1 | B8: Доходы.................................................................................................................................................................................... | D8: =+IF(ISBLANK(Table1!E8),"",Table1!E8) -> 12963.399 | E8: =+IF(ISBLANK(Table1!F8),"",Table1!F8) -> 1925.295 | F8: =+IF(ISBLANK(Table1!G8),"",Table1!G8) -> -1057.445 | G8: =+IF(ISBLANK(Table1!H8),"",Table1!H8) -> 13831.248 | H8: =+IF(ISBLANK(Table1!I8),"",Table1!I8) -> 12179.132 | I8: =+IF(ISBLANK(Table1!J8),"",Table1!J8) -> 12896.575 | J8: =+IF(ISBLANK(Table1!K8),"",Table1!K8) -> 6716.385 | K8: =+IF(ISBLANK(Table1!L8),"",Table1!L8) -> -14447.783 | ... M8: =+IF(ISBLANK(Table1!N8),"",Table1!N8) -> 26010.38 | O8: =IF(OR(G8="NA",D8="NA",E8="NA",F8="NA"),"NA",SUM(G8)-SUM(D8:F8)) -> -0.001 | P8: =IF(OR(L8="NA",G8="NA",H8="NA",I8="NA",J8="NA",K8="NA"),"NA",SUM(L8)-SUM(G8:K8)) -> 3.6379788e-12
A9: 11 | B9: Налоги ..................................................................................................................................................................................... | D9: =+IF(ISBLANK(Table1!E9),"",Table1!E9) -> 7862.218 | E9: =+IF(ISBLANK(Table1!F9),"",Table1!F9) -> 0 | F9: =+IF(ISBLANK(Table1!G9),"",Table1!G9) -> 0 | G9: =+IF(ISBLANK(Table1!H9),"",Table1!H9) -> 7862.217 | H9: =+IF(ISBLANK(Table1!I9),"",Table1!I9) -> 0.014 | I9: =+IF(ISBLANK(Table1!J9),"",Table1!J9) -> 6555.727 | J9: =+IF(ISBLANK(Table1!K9),"",Table1!K9) -> 1028.789 | K9: =+IF(ISBLANK(Table1!L9),"",Table1!L9) -> 0 | ... M9: =+IF(ISBLANK(Table1!N9),"",Table1!N9) -> 7862.231 | O9: =IF(OR(G9="NA",D9="NA",E9="NA",F9="NA"),"NA",SUM(G9)-SUM(D9:F9)) -> -0.001 | P9: =IF(OR(L9="NA",G9="NA",H9="NA",I9="NA",J9="NA",K9="NA"),"NA",SUM(L9)-SUM(G9:K9)) -> 0
A10: 12 | B10: Взносы/отчисления на социальные нужды ..................................................................................................................................................... | D10: =+IF(ISBLANK(Table1!E42),"",Table1!E42) -> 2.447 | E10: =+IF(ISBLANK(Table1!F42),"",Table1!F42) -> 0 | F10: =+IF(ISBLANK(Table1!G42),"",Table1!G42) -> 0 | G10: =+IF(ISBLANK(Table1!H42),"",Table1!H42) -> 2.447 | H10: =+IF(ISBLANK(Table1!I42),"",Table1!I42) -> 6884.567 | I10: =+IF(ISBLANK(Table1!J42),"",Table1!J42) -> 0 | J10: =+IF(ISBLANK(Table1!K42),"",Table1!K42) -> 0 | K10: =+IF(ISBLANK(Table1!L42),"",Table1!L42) -> 0 | ... M10: =+IF(ISBLANK(Table1!N42),"",Table1!N42) -> 6887.014 | O10: =IF(OR(G10="NA",D10="NA",E10="NA",F10="NA"),"NA",SUM(G10)-SUM(D10:F10)) -> 0 | P10: =IF(OR(L10="NA",G10="NA",H10="NA",I10="NA",J10="NA",K10="NA"),"NA",SUM(L10)-SUM(G10:K10)) -> 0
A11: 13 | B11: Гранты ................................................................................................................................................................................ | D11: =+IF(ISBLANK(Table1!E52),"",Table1!E52) -> 117.085 | E11: =+IF(ISBLANK(Table1!F52),"",Table1!F52) -> 1131.128 | F11: =+IF(ISBLANK(Table1!G52),"",Table1!G52) -> -1057.445 | G11: =+IF(ISBLANK(Table1!H52),"",Table1!H52) -> 190.768 | H11: =+IF(ISBLANK(Table1!I52),"",Table1!I52) -> 5041.928 | I11: =+IF(ISBLANK(Table1!J52),"",Table1!J52) -> 4459.502 | J11: =+IF(ISBLANK(Table1!K52),"",Table1!K52) -> 4750.28 | K11: =+IF(ISBLANK(Table1!L52),"",Table1!L52) -> -14442.469 | ... M11: =+IF(ISBLANK(Table1!N52),"",Table1!N52) -> 5232.696 | O11: =IF(OR(G11="NA",D11="NA",E11="NA",F11="NA"),"NA",SUM(G11)-SUM(D11:F11)) -> -2.8421709e-14 | P11: =IF(OR(L11="NA",G11="NA",H11="NA",I11="NA",J11="NA",K11="NA"),"NA",SUM(L11)-SUM(G11:K11)) -> -2.4192627e-13
A12: 14 | B12: Другие доходы ................................................................................................................................................................. | D12: =+IF(ISBLANK(Table1!E62),"",Table1!E62) -> 4981.649 | E12: =+IF(ISBLANK(Table1!F62),"",Table1!F62) -> 794.167 | F12: =+IF(ISBLANK(Table1!G62),"",Table1!G62) -> 0 | G12: =+IF(ISBLANK(Table1!H62),"",Table1!H62) -> 5775.816 | H12: =+IF(ISBLANK(Table1!I62),"",Table1!I62) -> 252.623 | I12: =+IF(ISBLANK(Table1!J62),"",Table1!J62) -> 1881.346 | J12: =+IF(ISBLANK(Table1!K62),"",Table1!K62) -> 937.316 | K12: =+IF(ISBLANK(Table1!L62),"",Table1!L62) -> -5.314 | ... M12: =+IF(ISBLANK(Table1!N62),"",Table1!N62) -> 6028.439 | O12: =IF(OR(G12="NA",D12="NA",E12="NA",F12="NA"),"NA",SUM(G12)-SUM(D12:F12)) -> 0 | P12: =IF(OR(L12="NA",G12="NA",H12="NA",I12="NA",J12="NA",K12="NA"),"NA",SUM(L12)-SUM(G12:K12)) -> 0
A13: 2 | B13: Расходы ...................................................................................................................................................................................... | D13: =+IF(ISBLANK(Table2!E8),"",Table2!E8) -> 14025.079 | E13: =+IF(ISBLANK(Table2!F8),"",Table2!F8) -> 1883.078 | F13: =+IF(ISBLANK(Table2!G8),"",Table2!G8) -> -1057.445 | G13: =+IF(ISBLANK(Table2!H8),"",Table2!H8) -> 14850.712 | H13: =+IF(ISBLANK(Table2!I8),"",Table2!I8) -> 11714.634 | I13: =+IF(ISBLANK(Table2!J8),"",Table2!J8) -> 12224.187 | J13: =+IF(ISBLANK(Table2!K8),"",Table2!K8) -> 6425.024 | K13: =+IF(ISBLANK(Table2!L8),"",Table2!L8) -> -14447.783 | ... M13: =+IF(ISBLANK(Table2!N8),"",Table2!N8) -> 26565.346 | O13: =IF(OR(G13="NA",D13="NA",E13="NA",F13="NA"),"NA",SUM(G13)-SUM(D13:F13)) -> 0 | P13: =IF(OR(L13="NA",G13="NA",H13="NA",I13="NA",J13="NA",K13="NA"),"NA",SUM(L13)-SUM(G13:K13)) -> 1.0913936e-11
A14: 21 | B14: Оплата труда работников ........................................................................................................................................... | D14: =+IF(ISBLANK(Table2!E9),"",Table2!E9) -> 2494.393 | E14: =+IF(ISBLANK(Table2!F9),"",Table2!F9) -> 887.32 | F14: =+IF(ISBLANK(Table2!G9),"",Table2!G9) -> 0 | G14: =+IF(ISBLANK(Table2!H9),"",Table2!H9) -> 3381.713 | H14: =+IF(ISBLANK(Table2!I9),"",Table2!I9) -> 100.358 | I14: =+IF(ISBLANK(Table2!J9),"",Table2!J9) -> 2491.485 | J14: =+IF(ISBLANK(Table2!K9),"",Table2!K9) -> 1929.074 | K14: =+IF(ISBLANK(Table2!L9),"",Table2!L9) -> 0 | ... M14: =+IF(ISBLANK(Table2!N9),"",Table2!N9) -> 3482.071 | O14: =IF(OR(G14="NA",D14="NA",E14="NA",F14="NA"),"NA",SUM(G14)-SUM(D14:F14)) -> 0 | P14: =IF(OR(L14="NA",G14="NA",H14="NA",I14="NA",J14="NA",K14="NA"),"NA",SUM(L14)-SUM(G14:K14)) -> 9.094947e-13
A15: 22 | B15: Использование товаров и услуг ................................................................................................................................................. | D15: =+IF(ISBLANK(Table2!E14),"",Table2!E14) -> 1205.701 | E15: =+IF(ISBLANK(Table2!F14),"",Table2!F14) -> 510.642 | F15: =+IF(ISBLANK(Table2!G14),"",Table2!G14) -> 0 | G15: =+IF(ISBLANK(Table2!H14),"",Table2!H14) -> 1716.343 | H15: =+IF(ISBLANK(Table2!I14),"",Table2!I14) -> 78.324 | I15: =+IF(ISBLANK(Table2!J14),"",Table2!J14) -> 1594.589 | J15: =+IF(ISBLANK(Table2!K14),"",Table2!K14) -> 1159.648 | K15: =+IF(ISBLANK(Table2!L14),"",Table2!L14) -> 0 | ... M15: =+IF(ISBLANK(Table2!N14),"",Table2!N14) -> 1794.667 | O15: =IF(OR(G15="NA",D15="NA",E15="NA",F15="NA"),"NA",SUM(G15)-SUM(D15:F15)) -> 0 | P15: =IF(OR(L15="NA",G15="NA",H15="NA",I15="NA",J15="NA",K15="NA"),"NA",SUM(L15)-SUM(G15:K15)) -> 0
A16: 23 | B16: Потребление основного капитала ............................................................................................................................................. | D16: =+IF(ISBLANK(Table2!E15),"",Table2!E15) -> 661.659 | E16: =+IF(ISBLANK(Table2!F15),"",Table2!F15) -> 150.395 | F16: =+IF(ISBLANK(Table2!G15),"",Table2!G15) -> 0 | G16: =+IF(ISBLANK(Table2!H15),"",Table2!H15) -> 812.054 | H16: =+IF(ISBLANK(Table2!I15),"",Table2!I15) -> 10.868 | I16: =+IF(ISBLANK(Table2!J15),"",Table2!J15) -> 340.976 | J16: =+IF(ISBLANK(Table2!K15),"",Table2!K15) -> 260.105 | K16: =+IF(ISBLANK(Table2!L15),"",Table2!L15) -> 0 | ... M16: =+IF(ISBLANK(Table2!N15),"",Table2!N15) -> 822.922 | O16: =IF(OR(G16="NA",D16="NA",E16="NA",F16="NA"),"NA",SUM(G16)-SUM(D16:F16)) -> 0 | P16: =IF(OR(L16="NA",G16="NA",H16="NA",I16="NA",J16="NA",K16="NA"),"NA",SUM(L16)-SUM(G16:K16)) -> 0
A17: 24 | B17: Проценты ......................................................................................................................................................................................... | D17: =+IF(ISBLANK(Table2!E16),"",Table2!E16) -> 654.696 | E17: =+IF(ISBLANK(Table2!F16),"",Table2!F16) -> 15.137 | F17: =+IF(ISBLANK(Table2!G16),"",Table2!G16) -> 0 | G17: =+IF(ISBLANK(Table2!H16),"",Table2!H16) -> 669.833 | H17: =+IF(ISBLANK(Table2!I16),"",Table2!I16) -> 0 | I17: =+IF(ISBLANK(Table2!J16),"",Table2!J16) -> 132.613 | J17: =+IF(ISBLANK(Table2!K16),"",Table2!K16) -> 26.109 | K17: =+IF(ISBLANK(Table2!L16),"",Table2!L16) -> -5.314 | ... M17: =+IF(ISBLANK(Table2!N16),"",Table2!N16) -> 669.833 | O17: =IF(OR(G17="NA",D17="NA",E17="NA",F17="NA"),"NA",SUM(G17)-SUM(D17:F17)) -> 1.1368684e-13 | P17: =IF(OR(L17="NA",G17="NA",H17="NA",I17="NA",J17="NA",K17="NA"),"NA",SUM(L17)-SUM(G17:K17)) -> 0
A18: 25 | B18: Субсидии ........................................................................................................................................................................................ | D18: =+IF(ISBLANK(Table2!E20),"",Table2!E20) -> 1373.038 | E18: =+IF(ISBLANK(Table2!F20),"",Table2!F20) -> 61.32 | F18: =+IF(ISBLANK(Table2!G20),"",Table2!G20) -> 0 | G18: =+IF(ISBLANK(Table2!H20),"",Table2!H20) -> 1434.358 | H18: =+IF(ISBLANK(Table2!I20),"",Table2!I20) -> 0.521 | I18: =+IF(ISBLANK(Table2!J20),"",Table2!J20) -> 1767.598 | J18: =+IF(ISBLANK(Table2!K20),"",Table2!K20) -> 828.625 | K18: =+IF(ISBLANK(Table2!L20),"",Table2!L20) -> 0 | ... M18: =+IF(ISBLANK(Table2!N20),"",Table2!N20) -> 1434.879 | O18: =IF(OR(G18="NA",D18="NA",E18="NA",F18="NA"),"NA",SUM(G18)-SUM(D18:F18)) -> 0 | P18: =IF(OR(L18="NA",G18="NA",H18="NA",I18="NA",J18="NA",K18="NA"),"NA",SUM(L18)-SUM(G18:K18)) -> 0
A19: 26 | B19: Гранты ................................................................................................................................................................................ | D19: =+IF(ISBLANK(Table2!E24),"",Table2!E24) -> 6447.084 | E19: =+IF(ISBLANK(Table2!F24),"",Table2!F24) -> 58.062 | F19: =+IF(ISBLANK(Table2!G24),"",Table2!G24) -> -1057.445 | G19: =+IF(ISBLANK(Table2!H24),"",Table2!H24) -> 5447.701 | H19: =+IF(ISBLANK(Table2!I24),"",Table2!I24) -> 3115.299 | I19: =+IF(ISBLANK(Table2!J24),"",Table2!J24) -> 4210.423 | J19: =+IF(ISBLANK(Table2!K24),"",Table2!K24) -> 1921.852 | K19: =+IF(ISBLANK(Table2!L24),"",Table2!L24) -> -14442.469 | ... M19: =+IF(ISBLANK(Table2!N24),"",Table2!N24) -> 8563 | O19: =IF(OR(G19="NA",D19="NA",E19="NA",F19="NA"),"NA",SUM(G19)-SUM(D19:F19)) -> 0 | P19: =IF(OR(L19="NA",G19="NA",H19="NA",I19="NA",J19="NA",K19="NA"),"NA",SUM(L19)-SUM(G19:K19)) -> 5.4001248e-13
A20: 27 | B20: Социальные пособия ..................................................................................................................................................... | D20: =+IF(ISBLANK(Table2!E34),"",Table2!E34) -> 788.901 | E20: =+IF(ISBLANK(Table2!F34),"",Table2!F34) -> 2.596 | F20: =+IF(ISBLANK(Table2!G34),"",Table2!G34) -> 0 | G20: =+IF(ISBLANK(Table2!H34),"",Table2!H34) -> 791.497 | H20: =+IF(ISBLANK(Table2!I34),"",Table2!I34) -> 8127.794 | I20: =+IF(ISBLANK(Table2!J34),"",Table2!J34) -> 1562.23 | J20: =+IF(ISBLANK(Table2!K34),"",Table2!K34) -> 202.888 | K20: =+IF(ISBLANK(Table2!L34),"",Table2!L34) -> 0 | ... M20: =+IF(ISBLANK(Table2!N34),"",Table2!N34) -> 8919.291 | O20: =IF(OR(G20="NA",D20="NA",E20="NA",F20="NA"),"NA",SUM(G20)-SUM(D20:F20)) -> 0 | P20: =IF(OR(L20="NA",G20="NA",H20="NA",I20="NA",J20="NA",K20="NA"),"NA",SUM(L20)-SUM(G20:K20)) -> -1.8189894e-12
A21: 28 | B21: Другие расходы ............................................................................................................................................................................. | D21: =+IF(ISBLANK(Table2!E38),"",Table2!E38) -> 399.607 | E21: =+IF(ISBLANK(Table2!F38),"",Table2!F38) -> 197.606 | F21: =+IF(ISBLANK(Table2!G38),"",Table2!G38) -> 0 | G21: =+IF(ISBLANK(Table2!H38),"",Table2!H38) -> 597.213 | H21: =+IF(ISBLANK(Table2!I38),"",Table2!I38) -> 281.47 | I21: =+IF(ISBLANK(Table2!J38),"",Table2!J38) -> 124.273 | J21: =+IF(ISBLANK(Table2!K38),"",Table2!K38) -> 96.723 | K21: =+IF(ISBLANK(Table2!L38),"",Table2!L38) -> 0 | ... M21: =+IF(ISBLANK(Table2!N38),"",Table2!N38) -> 878.683 | O21: =IF(OR(G21="NA",D21="NA",E21="NA",F21="NA"),"NA",SUM(G21)-SUM(D21:F21)) -> 0 | P21: =IF(OR(L21="NA",G21="NA",H21="NA",I21="NA",J21="NA",K21="NA"),"NA",SUM(L21)-SUM(G21:K21)) -> 0
A22: GOB | B22: Валовое операционное сальдо (1-2+23) .................................................................................................................................. | D22: =IF(AND(D8="NP",D13="NP"),"NP",IF(D16="NA",IF(OR(D8="NA",D13="NA"),"NA",IF(ISNUMBER(D8)*ISNUMBER(D13),SUM(D8)-SUM(D13),"")),IF(OR(D8="NA",D13="NA",D16="NA"),"NA",IF(ISNUMBER(D8)*ISNUMBER(D13)*ISNUMBER(D16),SUM(D8)-SUM(D13)+SUM(D16),"")))) -> -400.021 | E22: =IF(AND(E8="NP",E13="NP"),"NP",IF(E16="NA",IF(OR(E8="NA",E13="NA"),"NA",IF(ISNUMBER(E8)*ISNUMBER(E13),SUM(E8)-SUM(E13),"")),IF(OR(E8="NA",E13="NA",E16="NA"),"NA",IF(ISNUMBER(E8)*ISNUMBER(E13)*ISNUMBER(E16),SUM(E8)-SUM(E13)+SUM(E16),"")))) -> 192.612 | F22: =IF(AND(F8="NP",F13="NP"),"NP",IF(F16="NA",IF(OR(F8="NA",F13="NA"),"NA",IF(ISNUMBER(F8)*ISNUMBER(F13),SUM(F8)-SUM(F13),"")),IF(OR(F8="NA",F13="NA",F16="NA"),"NA",IF(ISNUMBER(F8)*ISNUMBER(F13)*ISNUMBER(F16),SUM(F8)-SUM(F13)+SUM(F16),"")))) -> 0 | G22: =IF(AND(G8="NP",G13="NP"),"NP",IF(G16="NA",IF(OR(G8="NA",G13="NA"),"NA",IF(ISNUMBER(G8)*ISNUMBER(G13),SUM(G8)-SUM(G13),"")),IF(OR(G8="NA",G13="NA",G16="NA"),"NA",IF(ISNUMBER(G8)*ISNUMBER(G13)*ISNUMBER(G16),SUM(G8)-SUM(G13)+SUM(G16),"")))) -> -207.41 | H22: =IF(AND(H8="NP",H13="NP"),"NP",IF(H16="NA",IF(OR(H8="NA",H13="NA"),"NA",IF(ISNUMBER(H8)*ISNUMBER(H13),SUM(H8)-SUM(H13),"")),IF(OR(H8="NA",H13="NA",H16="NA"),"NA",IF(ISNUMBER(H8)*ISNUMBER(H13)*ISNUMBER(H16),SUM(H8)-SUM(H13)+SUM(H16),"")))) -> 475.366 | I22: =IF(AND(I8="NP",I13="NP"),"NP",IF(I16="NA",IF(OR(I8="NA",I13="NA"),"NA",IF(ISNUMBER(I8)*ISNUMBER(I13),SUM(I8)-SUM(I13),"")),IF(OR(I8="NA",I13="NA",I16="NA"),"NA",IF(ISNUMBER(I8)*ISNUMBER(I13)*ISNUMBER(I16),SUM(I8)-SUM(I13)+SUM(I16),"")))) -> 1013.364 | J22: =IF(AND(J8="NP",J13="NP"),"NP",IF(J16="NA",IF(OR(J8="NA",J13="NA"),"NA",IF(ISNUMBER(J8)*ISNUMBER(J13),SUM(J8)-SUM(J13),"")),IF(OR(J8="NA",J13="NA",J16="NA"),"NA",IF(ISNUMBER(J8)*ISNUMBER(J13)*ISNUMBER(J16),SUM(J8)-SUM(J13)+SUM(J16),"")))) -> 551.466 | K22: =IF(AND(K8="NP",K13="NP"),"NP",IF(K16="NA",IF(OR(K8="NA",K13="NA"),"NA",IF(ISNUMBER(K8)*ISNUMBER(K13),SUM(K8)-SUM(K13),"")),IF(OR(K8="NA",K13="NA",K16="NA"),"NA",IF(ISNUMBER(K8)*ISNUMBER(K13)*ISNUMBER(K16),SUM(K8)-SUM(K13)+SUM(K16),"")))) -> 0 | ... M22: =IF(AND(M8="NP",M13="NP"),"NP",IF(M16="NA",IF(OR(M8="NA",M13="NA"),"NA",IF(ISNUMBER(M8)*ISNUMBER(M13),SUM(M8)-SUM(M13),"")),IF(OR(M8="NA",M13="NA",M16="NA"),"NA",IF(ISNUMBER(M8)*ISNUMBER(M13)*ISNUMBER(M16),SUM(M8)-SUM(M13)+SUM(M16),"")))) -> 267.956 | O22: =IF(OR(G22="NA",D22="NA",E22="NA",F22="NA"),"NA",SUM(G22)-SUM(D22:F22)) -> -0.001 | P22: =IF(OR(L22="NA",G22="NA",H22="NA",I22="NA",J22="NA",K22="NA"),"NA",SUM(L22)-SUM(G22:K22)) -> -4.3200998e-12
A23: NOB | B23: Чистое операционное сальдо (1-2) ............................................................................................................................................... | D23: =IF(AND(D8="NP",D13="NP"),"NP",IF(OR(D16="NA",D16="NP"),"NA",IF(OR(D8="NA",D13="NA"),"NA",IF(ISNUMBER(D8)*ISNUMBER(D13),SUM(D8)-SUM(D13),"")))) -> -1061.68 | E23: =IF(AND(E8="NP",E13="NP"),"NP",IF(E16="NA","NA",IF(OR(E8="NA",E13="NA"),"NA",IF(ISNUMBER(E8)*ISNUMBER(E13),SUM(E8)-SUM(E13),"")))) -> 42.217 | F23: =IF(AND(F8="NP",F13="NP"),"NP",IF(F16="NA","NA",IF(OR(F8="NA",F13="NA"),"NA",IF(ISNUMBER(F8)*ISNUMBER(F13),SUM(F8)-SUM(F13),"")))) -> 0 | G23: =IF(AND(G8="NP",G13="NP"),"NP",IF(G16="NA","NA",IF(OR(G8="NA",G13="NA"),"NA",IF(ISNUMBER(G8)*ISNUMBER(G13),SUM(G8)-SUM(G13),"")))) -> -1019.464 | H23: =IF(AND(H8="NP",H13="NP"),"NP",IF(H16="NA","NA",IF(OR(H8="NA",H13="NA"),"NA",IF(ISNUMBER(H8)*ISNUMBER(H13),SUM(H8)-SUM(H13),"")))) -> 464.498 | I23: =IF(AND(I8="NP",I13="NP"),"NP",IF(I16="NA","NA",IF(OR(I8="NA",I13="NA"),"NA",IF(ISNUMBER(I8)*ISNUMBER(I13),SUM(I8)-SUM(I13),"")))) -> 672.388 | J23: =IF(AND(J8="NP",J13="NP"),"NP",IF(J16="NA","NA",IF(OR(J8="NA",J13="NA"),"NA",IF(ISNUMBER(J8)*ISNUMBER(J13),SUM(J8)-SUM(J13),"")))) -> 291.361 | K23: =IF(AND(K8="NP",K13="NP"),"NP",IF(K16="NA","NA",IF(OR(K8="NA",K13="NA"),"NA",IF(ISNUMBER(K8)*ISNUMBER(K13),SUM(K8)-SUM(K13),"")))) -> 0 | L23: =IF(AND(L8="NP",L13="NP"),"NP",IF(L16="NA","NA",IF(OR(L8="NA",L13="NA"),"NA",IF(ISNUMBER(L8)*ISNUMBER(L13),SUM(L8)-SUM(L13),"")))) -> 408.783 | M23: =IF(AND(M8="NP",M13="NP"),"NP",IF(M16="NA","NA",IF(OR(M8="NA",M13="NA"),"NA",IF(ISNUMBER(M8)*ISNUMBER(M13),SUM(M8)-SUM(M13),"")))) -> -554.966 | O23: =IF(OR(G23="NA",D23="NA",E23="NA",F23="NA"),"NA",SUM(G23)-SUM(D23:F23)) -> -0.001 | P23: =IF(OR(L23="NA",G23="NA",H23="NA",I23="NA",J23="NA",K23="NA"),"NA",SUM(L23)-SUM(G23:K23)) -> -4.5474735e-12
A24: x | B24: ОПЕРАЦИИ С НЕФИНАНСОВЫМИ АКТИВАМИ:
A25: 31 | B25: Чистые/валовые инвестиции в нефинансовые активы ....................................................................................................................... | D25: =+IF(ISBLANK(Table3!E9),"",Table3!E9) -> 1283.18 | E25: =+IF(ISBLANK(Table3!F9),"",Table3!F9) -> 68.271 | F25: =+IF(ISBLANK(Table3!G9),"",Table3!G9) -> 0 | G25: =+IF(ISBLANK(Table3!H9),"",Table3!H9) -> 1351.451 | H25: =+IF(ISBLANK(Table3!I9),"",Table3!I9) -> -0.84 | I25: =+IF(ISBLANK(Table3!J9),"",Table3!J9) -> -132.596 | J25: =+IF(ISBLANK(Table3!K9),"",Table3!K9) -> 395.459 | K25: =+IF(ISBLANK(Table3!L9),"",Table3!L9) -> 0 | ... M25: =+IF(ISBLANK(Table3!N9),"",Table3!N9) -> 1350.611 | O25: =IF(OR(G25="NA",D25="NA",E25="NA",F25="NA"),"NA",SUM(G25)-SUM(D25:F25)) -> -2.2737368e-13 | P25: =IF(OR(L25="NA",G25="NA",H25="NA",I25="NA",J25="NA",K25="NA"),"NA",SUM(L25)-SUM(G25:K25)) -> 0
A26: 311 | B26: Основные фонды ............................................................................................................................................................................. | D26: =+IF(ISBLANK(Table3!E10),"",Table3!E10) -> 1105.845 | E26: =+IF(ISBLANK(Table3!F10),"",Table3!F10) -> 56.199 | F26: =+IF(ISBLANK(Table3!G10),"",Table3!G10) -> 0 | G26: =+IF(ISBLANK(Table3!H10),"",Table3!H10) -> 1162.044 | H26: =+IF(ISBLANK(Table3!I10),"",Table3!I10) -> -1.253 | I26: =+IF(ISBLANK(Table3!J10),"",Table3!J10) -> -138.187 | J26: =+IF(ISBLANK(Table3!K10),"",Table3!K10) -> 380.04 | K26: =+IF(ISBLANK(Table3!L10),"",Table3!L10) -> 0 | ... M26: =+IF(ISBLANK(Table3!N10),"",Table3!N10) -> 1160.791 | O26: =IF(OR(G26="NA",D26="NA",E26="NA",F26="NA"),"NA",SUM(G26)-SUM(D26:F26)) -> -2.2737368e-13 | P26: =IF(OR(L26="NA",G26="NA",H26="NA",I26="NA",J26="NA",K26="NA"),"NA",SUM(L26)-SUM(G26:K26)) -> 0
A27: 312 | B27: Запасы материальных оборотных средств ............................................................................................................................................................. | D27: =+IF(ISBLANK(Table3!E15),"",Table3!E15) -> 177.305 | E27: =+IF(ISBLANK(Table3!F15),"",Table3!F15) -> 12.072 | F27: =+IF(ISBLANK(Table3!G15),"",Table3!G15) -> 0 | G27: =+IF(ISBLANK(Table3!H15),"",Table3!H15) -> 189.377 | H27: =+IF(ISBLANK(Table3!I15),"",Table3!I15) -> 0.069 | I27: =+IF(ISBLANK(Table3!J15),"",Table3!J15) -> 5.589 | J27: =+IF(ISBLANK(Table3!K15),"",Table3!K15) -> 15.419 | K27: =+IF(ISBLANK(Table3!L15),"",Table3!L15) -> 0 | ... M27: =+IF(ISBLANK(Table3!N15),"",Table3!N15) -> 189.446 | O27: =IF(OR(G27="NA",D27="NA",E27="NA",F27="NA"),"NA",SUM(G27)-SUM(D27:F27)) -> 0 | P27: =IF(OR(L27="NA",G27="NA",H27="NA",I27="NA",J27="NA",K27="NA"),"NA",SUM(L27)-SUM(G27:K27)) -> 0
A28: 313 | B28: Ценности .................................................................................................................................................................................... | D28: =+IF(ISBLANK(Table3!E16),"",Table3!E16) -> 0 | E28: =+IF(ISBLANK(Table3!F16),"",Table3!F16) -> 0 | F28: =+IF(ISBLANK(Table3!G16),"",Table3!G16) -> 0 | G28: =+IF(ISBLANK(Table3!H16),"",Table3!H16) -> 0 | H28: =+IF(ISBLANK(Table3!I16),"",Table3!I16) -> 0 | I28: =+IF(ISBLANK(Table3!J16),"",Table3!J16) -> 0 | J28: =+IF(ISBLANK(Table3!K16),"",Table3!K16) -> 0 | K28: =+IF(ISBLANK(Table3!L16),"",Table3!L16) -> 0 | ... M28: =+IF(ISBLANK(Table3!N16),"",Table3!N16) -> 0 | O28: =IF(OR(G28="NA",D28="NA",E28="NA",F28="NA"),"NA",SUM(G28)-SUM(D28:F28)) -> 0 | P28: =IF(OR(L28="NA",G28="NA",H28="NA",I28="NA",J28="NA",K28="NA"),"NA",SUM(L28)-SUM(G28:K28)) -> 0
A29: 314 | B29: Непроизведенные активы ............................................................................................................................................................ | D29: =+IF(ISBLANK(Table3!E17),"",Table3!E17) -> 0.03 | E29: =+IF(ISBLANK(Table3!F17),"",Table3!F17) -> 0 | F29: =+IF(ISBLANK(Table3!G17),"",Table3!G17) -> 0 | G29: =+IF(ISBLANK(Table3!H17),"",Table3!H17) -> 0.03 | H29: =+IF(ISBLANK(Table3!I17),"",Table3!I17) -> 0.344 | I29: =+IF(ISBLANK(Table3!J17),"",Table3!J17) -> 0.002 | J29: =+IF(ISBLANK(Table3!K17),"",Table3!K17) -> 0 | K29: =+IF(ISBLANK(Table3!L17),"",Table3!L17) -> 0 | ... M29: =+IF(ISBLANK(Table3!N17),"",Table3!N17) -> 0.374 | O29: =IF(OR(G29="NA",D29="NA",E29="NA",F29="NA"),"NA",SUM(G29)-SUM(D29:F29)) -> 0 | P29: =IF(OR(L29="NA",G29="NA",H29="NA",I29="NA",J29="NA",K29="NA"),"NA",SUM(L29)-SUM(G29:K29)) -> 0
A30: 2M | B30: Совокупные расходы (2+31) ......................................................................................................................................... | D30: =IF(AND(D13="NP",D25="NP"),"NP",IF(OR(D13="NA",D25="NA"),"NA",IF(ISNUMBER(D13)*ISNUMBER(D25),SUM(D13)+SUM(D25),""))) -> 15308.259 | E30: =IF(AND(E13="NP",E25="NP"),"NP",IF(OR(E13="NA",E25="NA"),"NA",IF(ISNUMBER(E13)*ISNUMBER(E25),SUM(E13)+SUM(E25),""))) -> 1951.349 | F30: =IF(AND(F13="NP",F25="NP"),"NP",IF(OR(F13="NA",F25="NA"),"NA",IF(ISNUMBER(F13)*ISNUMBER(F25),SUM(F13)+SUM(F25),""))) -> -1057.445 | G30: =IF(AND(G13="NP",G25="NP"),"NP",IF(OR(G13="NA",G25="NA"),"NA",IF(ISNUMBER(G13)*ISNUMBER(G25),SUM(G13)+SUM(G25),""))) -> 16202.163 | H30: =IF(AND(H13="NP",H25="NP"),"NP",IF(OR(H13="NA",H25="NA"),"NA",IF(ISNUMBER(H13)*ISNUMBER(H25),SUM(H13)+SUM(H25),""))) -> 11713.794 | I30: =IF(AND(I13="NP",I25="NP"),"NP",IF(OR(I13="NA",I25="NA"),"NA",IF(ISNUMBER(I13)*ISNUMBER(I25),SUM(I13)+SUM(I25),""))) -> 12091.591 | J30: =IF(AND(J13="NP",J25="NP"),"NP",IF(OR(J13="NA",J25="NA"),"NA",IF(ISNUMBER(J13)*ISNUMBER(J25),SUM(J13)+SUM(J25),""))) -> 6820.483 | K30: =IF(AND(K13="NP",K25="NP"),"NP",IF(OR(K13="NA",K25="NA"),"NA",IF(ISNUMBER(K13)*ISNUMBER(K25),SUM(K13)+SUM(K25),""))) -> -14447.783 | ... M30: =IF(AND(M13="NP",M25="NP"),"NP",IF(OR(M13="NA",M25="NA"),"NA",IF(ISNUMBER(M13)*ISNUMBER(M25),SUM(M13)+SUM(M25),""))) -> 27915.957 | O30: =IF(OR(G30="NA",D30="NA",E30="NA",F30="NA"),"NA",SUM(G30)-SUM(D30:F30)) -> -1.8189894e-12 | P30: =IF(OR(L30="NA",G30="NA",H30="NA",I30="NA",J30="NA",K30="NA"),"NA",SUM(L30)-SUM(G30:K30)) -> 7.2759576e-12
A31: NLB | B31: Чистое кредитование (+) / Чистое заимствование (-) (1-2-31) или (1-2M) ......................................................................................................................................... | D31: =IF(AND(D8="NP",D13="NP",D25="NP"),"NP",IF(OR(D8="NA",D13="NA",D25="NA"),"NA",IF(ISNUMBER(D8)*ISNUMBER(D13)*ISNUMBER(D25),SUM(D8)-SUM(D13)-SUM(D25),""))) -> -2344.86 | E31: =IF(AND(E8="NP",E13="NP",E25="NP"),"NP",IF(OR(E8="NA",E13="NA",E25="NA"),"NA",IF(ISNUMBER(E8)*ISNUMBER(E13)*ISNUMBER(E25),SUM(E8)-SUM(E13)-SUM(E25),""))) -> -26.054 | F31: =IF(AND(F8="NP",F13="NP",F25="NP"),"NP",IF(OR(F8="NA",F13="NA",F25="NA"),"NA",IF(ISNUMBER(F8)*ISNUMBER(F13)*ISNUMBER(F25),SUM(F8)-SUM(F13)-SUM(F25),""))) -> 0 | G31: =IF(AND(G8="NP",G13="NP",G25="NP"),"NP",IF(OR(G8="NA",G13="NA",G25="NA"),"NA",IF(ISNUMBER(G8)*ISNUMBER(G13)*ISNUMBER(G25),SUM(G8)-SUM(G13)-SUM(G25),""))) -> -2370.915 | H31: =IF(AND(H8="NP",H13="NP",H25="NP"),"NP",IF(OR(H8="NA",H13="NA",H25="NA"),"NA",IF(ISNUMBER(H8)*ISNUMBER(H13)*ISNUMBER(H25),SUM(H8)-SUM(H13)-SUM(H25),""))) -> 465.338 | I31: =IF(AND(I8="NP",I13="NP",I25="NP"),"NP",IF(OR(I8="NA",I13="NA",I25="NA"),"NA",IF(ISNUMBER(I8)*ISNUMBER(I13)*ISNUMBER(I25),SUM(I8)-SUM(I13)-SUM(I25),""))) -> 804.984 | J31: =IF(AND(J8="NP",J13="NP",J25="NP"),"NP",IF(OR(J8="NA",J13="NA",J25="NA"),"NA",IF(ISNUMBER(J8)*ISNUMBER(J13)*ISNUMBER(J25),SUM(J8)-SUM(J13)-SUM(J25),""))) -> -104.098 | K31: =IF(AND(K8="NP",K13="NP",K25="NP"),"NP",IF(OR(K8="NA",K13="NA",K25="NA"),"NA",IF(ISNUMBER(K8)*ISNUMBER(K13)*ISNUMBER(K25),SUM(K8)-SUM(K13)-SUM(K25),""))) -> 0 | ... M31: =IF(AND(M8="NP",M13="NP",M25="NP"),"NP",IF(OR(M8="NA",M13="NA",M25="NA"),"NA",IF(ISNUMBER(M8)*ISNUMBER(M13)*ISNUMBER(M25),SUM(M8)-SUM(M13)-SUM(M25),""))) -> -1905.577 | O31: =IF(OR(G31="NA",D31="NA",E31="NA",F31="NA"),"NA",SUM(G31)-SUM(D31:F31)) -> -0.001 | P31: =IF(OR(L31="NA",G31="NA",H31="NA",I31="NA",J31="NA",K31="NA"),"NA",SUM(L31)-SUM(G31:K31)) -> -4.3200998e-12
A32: x | B32: ОПЕРАЦИИ С ФИНАНСОВЫМИ АКТИВАМИ И ОБЯЗАТЕЛЬСТВАМИ (ФИНАНСИРОВАНИЕ):
A33: 32 | B33: Чистое приобретение финансовых активов ............................................................................................................................... | D33: =+IF(ISBLANK(Table3!E22),"",Table3!E22) -> -990.379 | E33: =+IF(ISBLANK(Table3!F22),"",Table3!F22) -> 6.895 | F33: =+IF(ISBLANK(Table3!G22),"",Table3!G22) -> 0 | G33: =+IF(ISBLANK(Table3!H22),"",Table3!H22) -> -983.484 | H33: =+IF(ISBLANK(Table3!I22),"",Table3!I22) -> 248.412 | I33: =+IF(ISBLANK(Table3!J22),"",Table3!J22) -> 790.784 | J33: =+IF(ISBLANK(Table3!K22),"",Table3!K22) -> -58.531 | K33: =+IF(ISBLANK(Table3!L22),"",Table3!L22) -> -67.165 | ... M33: =+IF(ISBLANK(Table3!N22),"",Table3!N22) -> -735.072 | O33: =IF(OR(G33="NA",D33="NA",E33="NA",F33="NA"),"NA",SUM(G33)-SUM(D33:F33)) -> 0 | P33: =IF(OR(L33="NA",G33="NA",H33="NA",I33="NA",J33="NA",K33="NA"),"NA",SUM(L33)-SUM(G33:K33)) -> 1.9895197e-13
A34: 321 | B34: Внутренние дебиторы ................................................................................................................................................................................... | D34: =+IF(ISBLANK(Table3!E31),"",Table3!E31) -> -639.8366 | E34: =+IF(ISBLANK(Table3!F31),"",Table3!F31) -> 6.895 | F34: =+IF(ISBLANK(Table3!G31),"",Table3!G31) -> 0 | G34: =+IF(ISBLANK(Table3!H31),"",Table3!H31) -> -632.9416 | H34: =+IF(ISBLANK(Table3!I31),"",Table3!I31) -> 248.412 | I34: =+IF(ISBLANK(Table3!J31),"",Table3!J31) -> 790.784 | J34: =+IF(ISBLANK(Table3!K31),"",Table3!K31) -> -58.531 | K34: =+IF(ISBLANK(Table3!L31),"",Table3!L31) -> -67.165 | ... M34: =+IF(ISBLANK(Table3!N31),"",Table3!N31) -> -384.5296 | O34: =IF(OR(G34="NA",D34="NA",E34="NA",F34="NA"),"NA",SUM(G34)-SUM(D34:F34)) -> 2.2737368e-13 | P34: =IF(OR(L34="NA",G34="NA",H34="NA",I34="NA",J34="NA",K34="NA"),"NA",SUM(L34)-SUM(G34:K34)) -> 0
A35: 322 | B35: Внешние дебиторы ........................................................................................................................................................................................ | D35: =+IF(ISBLANK(Table3!E40),"",Table3!E40) -> -350.542 | E35: =+IF(ISBLANK(Table3!F40),"",Table3!F40) -> 0 | F35: =+IF(ISBLANK(Table3!G40),"",Table3!G40) -> 0 | G35: =+IF(ISBLANK(Table3!H40),"",Table3!H40) -> -350.542 | H35: =+IF(ISBLANK(Table3!I40),"",Table3!I40) -> 0 | I35: =+IF(ISBLANK(Table3!J40),"",Table3!J40) -> 0 | J35: =+IF(ISBLANK(Table3!K40),"",Table3!K40) -> 0 | K35: =+IF(ISBLANK(Table3!L40),"",Table3!L40) -> 0 | ... M35: =+IF(ISBLANK(Table3!N40),"",Table3!N40) -> -350.542 | O35: =IF(OR(G35="NA",D35="NA",E35="NA",F35="NA"),"NA",SUM(G35)-SUM(D35:F35)) -> 0 | P35: =IF(OR(L35="NA",G35="NA",H35="NA",I35="NA",J35="NA",K35="NA"),"NA",SUM(L35)-SUM(G35:K35)) -> 0
A36: 33 | B36: Чистое принятие обязательств ................................................................................................................................................. | D36: =+IF(ISBLANK(Table3!E49),"",Table3!E49) -> 1354.483 | E36: =+IF(ISBLANK(Table3!F49),"",Table3!F49) -> 32.928 | F36: =+IF(ISBLANK(Table3!G49),"",Table3!G49) -> 0 | G36: =+IF(ISBLANK(Table3!H49),"",Table3!H49) -> 1387.411 | H36: =+IF(ISBLANK(Table3!I49),"",Table3!I49) -> -216.904 | I36: =+IF(ISBLANK(Table3!J49),"",Table3!J49) -> -14.188 | J36: =+IF(ISBLANK(Table3!K49),"",Table3!K49) -> 45.521 | K36: =+IF(ISBLANK(Table3!L49),"",Table3!L49) -> -67.165 | ... M36: =+IF(ISBLANK(Table3!N49),"",Table3!N49) -> 1170.507 | O36: =IF(OR(G36="NA",D36="NA",E36="NA",F36="NA"),"NA",SUM(G36)-SUM(D36:F36)) -> 0 | P36: =IF(OR(L36="NA",G36="NA",H36="NA",I36="NA",J36="NA",K36="NA"),"NA",SUM(L36)-SUM(G36:K36)) -> 0
A37: 331 | B37: Внутренние кредиторы ................................................................................................................................................................................... | D37: =+IF(ISBLANK(Table3!E63),"",Table3!E63) -> 1267.245 | E37: =+IF(ISBLANK(Table3!F63),"",Table3!F63) -> 32.928 | F37: =+IF(ISBLANK(Table3!G63),"",Table3!G63) -> 0 | G37: =+IF(ISBLANK(Table3!H63),"",Table3!H63) -> 1300.173 | H37: =+IF(ISBLANK(Table3!I63),"",Table3!I63) -> -216.904 | I37: =+IF(ISBLANK(Table3!J63),"",Table3!J63) -> 13.584 | J37: =+IF(ISBLANK(Table3!K63),"",Table3!K63) -> 50.703 | K37: =+IF(ISBLANK(Table3!L63),"",Table3!L63) -> -67.165 | ... M37: =+IF(ISBLANK(Table3!N63),"",Table3!N63) -> 1083.269 | O37: =IF(OR(G37="NA",D37="NA",E37="NA",F37="NA"),"NA",SUM(G37)-SUM(D37:F37)) -> 2.2737368e-13 | P37: =IF(OR(L37="NA",G37="NA",H37="NA",I37="NA",J37="NA",K37="NA"),"NA",SUM(L37)-SUM(G37:K37)) -> 0
A38: 332 | B38: Внешние кредиторы ........................................................................................................................................................................................ | D38: =+IF(ISBLANK(Table3!E71),"",Table3!E71) -> 87.238 | E38: =+IF(ISBLANK(Table3!F71),"",Table3!F71) -> 0 | F38: =+IF(ISBLANK(Table3!G71),"",Table3!G71) -> 0 | G38: =+IF(ISBLANK(Table3!H71),"",Table3!H71) -> 87.238 | H38: =+IF(ISBLANK(Table3!I71),"",Table3!I71) -> 0 | I38: =+IF(ISBLANK(Table3!J71),"",Table3!J71) -> -27.772 | J38: =+IF(ISBLANK(Table3!K71),"",Table3!K71) -> -5.182 | K38: =+IF(ISBLANK(Table3!L71),"",Table3!L71) -> 0 | ... M38: =+IF(ISBLANK(Table3!N71),"",Table3!N71) -> 87.238 | O38: =IF(OR(G38="NA",D38="NA",E38="NA",F38="NA"),"NA",SUM(G38)-SUM(D38:F38)) -> 0 | P38: =IF(OR(L38="NA",G38="NA",H38="NA",I38="NA",J38="NA",K38="NA"),"NA",SUM(L38)-SUM(G38:K38)) -> 0
A39: NLBz | B39: Общее статистические расхождение: NLB и финансирование (32-33-NLB) .................................................................................................................. | D39: =IF(AND(D31="NP",D33="NP",D36="NP"),"NP",IF(OR(D31="NA",D33="NA",D36="NA"),"NA",IF(ISNUMBER(D31)*ISNUMBER(D33)*ISNUMBER(D36),-SUM(D31)+SUM(D33)-SUM(D36),""))) -> -0.002 | E39: =IF(AND(E31="NP",E33="NP",E36="NP"),"NP",IF(OR(E31="NA",E33="NA",E36="NA"),"NA",IF(ISNUMBER(E31)*ISNUMBER(E33)*ISNUMBER(E36),-SUM(E31)+SUM(E33)-SUM(E36),""))) -> 0.021 | F39: =IF(AND(F31="NP",F33="NP",F36="NP"),"NP",IF(OR(F31="NA",F33="NA",F36="NA"),"NA",IF(ISNUMBER(F31)*ISNUMBER(F33)*ISNUMBER(F36),-SUM(F31)+SUM(F33)-SUM(F36),""))) -> 0 | G39: =IF(AND(G31="NP",G33="NP",G36="NP"),"NP",IF(OR(G31="NA",G33="NA",G36="NA"),"NA",IF(ISNUMBER(G31)*ISNUMBER(G33)*ISNUMBER(G36),-SUM(G31)+SUM(G33)-SUM(G36),""))) -> 0.02 | H39: =IF(AND(H31="NP",H33="NP",H36="NP"),"NP",IF(OR(H31="NA",H33="NA",H36="NA"),"NA",IF(ISNUMBER(H31)*ISNUMBER(H33)*ISNUMBER(H36),-SUM(H31)+SUM(H33)-SUM(H36),""))) -> -0.022 | I39: =IF(AND(I31="NP",I33="NP",I36="NP"),"NP",IF(OR(I31="NA",I33="NA",I36="NA"),"NA",IF(ISNUMBER(I31)*ISNUMBER(I33)*ISNUMBER(I36),-SUM(I31)+SUM(I33)-SUM(I36),""))) -> -0.012 | J39: =IF(AND(J31="NP",J33="NP",J36="NP"),"NP",IF(OR(J31="NA",J33="NA",J36="NA"),"NA",IF(ISNUMBER(J31)*ISNUMBER(J33)*ISNUMBER(J36),-SUM(J31)+SUM(J33)-SUM(J36),""))) -> 0.046 | K39: =IF(AND(K31="NP",K33="NP",K36="NP"),"NP",IF(OR(K31="NA",K33="NA",K36="NA"),"NA",IF(ISNUMBER(K31)*ISNUMBER(K33)*ISNUMBER(K36),-SUM(K31)+SUM(K33)-SUM(K36),""))) -> 0 | ... M39: =IF(AND(M31="NP",M33="NP",M36="NP"),"NP",IF(OR(M31="NA",M33="NA",M36="NA"),"NA",IF(ISNUMBER(M31)*ISNUMBER(M33)*ISNUMBER(M36),-SUM(M31)+SUM(M33)-SUM(M36),""))) -> -0.002 | O39: =IF(OR(G39="NA",D39="NA",E39="NA",F39="NA"),"NA",SUM(G39)-SUM(D39:F39)) -> 0.001 | P39: =IF(OR(L39="NA",G39="NA",H39="NA",I39="NA",J39="NA",K39="NA"),"NA",SUM(L39)-SUM(G39:K39)) -> 4.7748472e-12
A40: x | B40: Справочные статьи:
A41: 2g | B41: Расходы, кроме потребления основного капитала (=2-23) ............................................................................................... | D41: =IF(AND(D13="NP",D16="NP"),"NP",IF(OR(D16="NA",D16="NP"),IF(OR(D13="NA"),"NA",SUM(D13)),IF(OR(D13="NA",D16="NA"),"NA",IF(ISNUMBER(D13)*ISNUMBER(D16),SUM(D13)-SUM(D16),"")))) -> 13363.42 | E41: =IF(AND(E13="NP",E16="NP"),"NP",IF(OR(E16="NA",E16="NP"),IF(OR(E13="NA"),"NA",SUM(E13)),IF(OR(E13="NA",E16="NA"),"NA",IF(ISNUMBER(E13)*ISNUMBER(E16),SUM(E13)-SUM(E16),"")))) -> 1732.683 | F41: =IF(AND(F13="NP",F16="NP"),"NP",IF(OR(F16="NA",F16="NP"),IF(OR(F13="NA"),"NA",SUM(F13)),IF(OR(F13="NA",F16="NA"),"NA",IF(ISNUMBER(F13)*ISNUMBER(F16),SUM(F13)-SUM(F16),"")))) -> -1057.445 | G41: =IF(AND(G13="NP",G16="NP"),"NP",IF(OR(G16="NA",G16="NP"),IF(OR(G13="NA"),"NA",SUM(G13)),IF(OR(G13="NA",G16="NA"),"NA",IF(ISNUMBER(G13)*ISNUMBER(G16),SUM(G13)-SUM(G16),"")))) -> 14038.658 | H41: =IF(AND(H13="NP",H16="NP"),"NP",IF(OR(H16="NA",H16="NP"),IF(OR(H13="NA"),"NA",SUM(H13)),IF(OR(H13="NA",H16="NA"),"NA",IF(ISNUMBER(H13)*ISNUMBER(H16),SUM(H13)-SUM(H16),"")))) -> 11703.766 | I41: =IF(AND(I13="NP",I16="NP"),"NP",IF(OR(I16="NA",I16="NP"),IF(OR(I13="NA"),"NA",SUM(I13)),IF(OR(I13="NA",I16="NA"),"NA",IF(ISNUMBER(I13)*ISNUMBER(I16),SUM(I13)-SUM(I16),"")))) -> 11883.211 | J41: =IF(AND(J13="NP",J16="NP"),"NP",IF(OR(J16="NA",J16="NP"),IF(OR(J13="NA"),"NA",SUM(J13)),IF(OR(J13="NA",J16="NA"),"NA",IF(ISNUMBER(J13)*ISNUMBER(J16),SUM(J13)-SUM(J16),"")))) -> 6164.919 | K41: =IF(AND(K13="NP",K16="NP"),"NP",IF(OR(K16="NA",K16="NP"),IF(OR(K13="NA"),"NA",SUM(K13)),IF(OR(K13="NA",K16="NA"),"NA",IF(ISNUMBER(K13)*ISNUMBER(K16),SUM(K13)-SUM(K16),"")))) -> -14447.783 | ... M41: =IF(AND(M13="NP",M16="NP"),"NP",IF(OR(M16="NA",M16="NP"),IF(OR(M13="NA"),"NA",SUM(M13)),IF(OR(M13="NA",M16="NA"),"NA",IF(ISNUMBER(M13)*ISNUMBER(M16),SUM(M13)-SUM(M16),"")))) -> 25742.424 | O41: =IF(OR(G41="NA",D41="NA",E41="NA",F41="NA"),"NA",SUM(G41)-SUM(D41:F41)) -> 0 | P41: =IF(OR(L41="NA",G41="NA",H41="NA",I41="NA",J41="NA",K41="NA"),"NA",SUM(L41)-SUM(G41:K41)) -> 7.2759576e-12
A42: 31g | B42: Валовые инвестиции в нефинансовые активы (=31+23) ............................................................................................... | D42: =IF(AND(D25="NP",D16="NP"),"NP",IF(OR(D16="NA",D16="NP"),IF(OR(D25="NA"),"NA",SUM(D25)),IF(OR(D25="NA",D16="NA"),"NA",IF(ISNUMBER(D25)*ISNUMBER(D16),SUM(D25)+SUM(D16),"")))) -> 1944.839 | E42: =IF(AND(E25="NP",E16="NP"),"NP",IF(OR(E16="NA",E16="NP"),IF(OR(E25="NA"),"NA",SUM(E25)),IF(OR(E25="NA",E16="NA"),"NA",IF(ISNUMBER(E25)*ISNUMBER(E16),SUM(E25)+SUM(E16),"")))) -> 218.666 | F42: =IF(AND(F25="NP",F16="NP"),"NP",IF(OR(F16="NA",F16="NP"),IF(OR(F25="NA"),"NA",SUM(F25)),IF(OR(F25="NA",F16="NA"),"NA",IF(ISNUMBER(F25)*ISNUMBER(F16),SUM(F25)+SUM(F16),"")))) -> 0 | G42: =IF(AND(G25="NP",G16="NP"),"NP",IF(OR(G16="NA",G16="NP"),IF(OR(G25="NA"),"NA",SUM(G25)),IF(OR(G25="NA",G16="NA"),"NA",IF(ISNUMBER(G25)*ISNUMBER(G16),SUM(G25)+SUM(G16),"")))) -> 2163.505 | H42: =IF(AND(H25="NP",H16="NP"),"NP",IF(OR(H16="NA",H16="NP"),IF(OR(H25="NA"),"NA",SUM(H25)),IF(OR(H25="NA",H16="NA"),"NA",IF(ISNUMBER(H25)*ISNUMBER(H16),SUM(H25)+SUM(H16),"")))) -> 10.028 | I42: =IF(AND(I25="NP",I16="NP"),"NP",IF(OR(I16="NA",I16="NP"),IF(OR(I25="NA"),"NA",SUM(I25)),IF(OR(I25="NA",I16="NA"),"NA",IF(ISNUMBER(I25)*ISNUMBER(I16),SUM(I25)+SUM(I16),"")))) -> 208.38 | J42: =IF(AND(J25="NP",J16="NP"),"NP",IF(OR(J16="NA",J16="NP"),IF(OR(J25="NA"),"NA",SUM(J25)),IF(OR(J25="NA",J16="NA"),"NA",IF(ISNUMBER(J25)*ISNUMBER(J16),SUM(J25)+SUM(J16),"")))) -> 655.564 | K42: =IF(AND(K25="NP",K16="NP"),"NP",IF(OR(K16="NA",K16="NP"),IF(OR(K25="NA"),"NA",SUM(K25)),IF(OR(K25="NA",K16="NA"),"NA",IF(ISNUMBER(K25)*ISNUMBER(K16),SUM(K25)+SUM(K16),"")))) -> 0 | ... M42: =IF(AND(M25="NP",M16="NP"),"NP",IF(OR(M16="NA",M16="NP"),IF(OR(M25="NA"),"NA",SUM(M25)),IF(OR(M25="NA",M16="NA"),"NA",IF(ISNUMBER(M25)*ISNUMBER(M16),SUM(M25)+SUM(M16),"")))) -> 2173.533 | O42: =IF(OR(G42="NA",D42="NA",E42="NA",F42="NA"),"NA",SUM(G42)-SUM(D42:F42)) -> -4.5474735e-13 | P42: =IF(OR(L42="NA",G42="NA",H42="NA",I42="NA",J42="NA",K42="NA"),"NA",SUM(L42)-SUM(G42:K42)) -> 0
A43: NCB | B43: Чистое изменение запаса денежных средств (=3202=3212+3222) ............................................................................................... | D43: =+IF(ISBLANK(Table3!E24),"",Table3!E24) -> -2245.327 | E43: =+IF(ISBLANK(Table3!F24),"",Table3!F24) -> -12.864 | F43: =+IF(ISBLANK(Table3!G24),"",Table3!G24) -> 0 | G43: =+IF(ISBLANK(Table3!H24),"",Table3!H24) -> -2258.191 | H43: =+IF(ISBLANK(Table3!I24),"",Table3!I24) -> 68.626 | I43: =+IF(ISBLANK(Table3!J24),"",Table3!J24) -> 76.496 | J43: =+IF(ISBLANK(Table3!K24),"",Table3!K24) -> 31.315 | K43: =+IF(ISBLANK(Table3!L24),"",Table3!L24) -> 0 | ... M43: =+IF(ISBLANK(Table3!N24),"",Table3!N24) -> -2189.565 | O43: =IF(OR(G43="NA",D43="NA",E43="NA",F43="NA"),"NA",SUM(G43)-SUM(D43:F43)) -> 0 | P43: =IF(OR(L43="NA",G43="NA",H43="NA",I43="NA",J43="NA",K43="NA"),"NA",SUM(L43)-SUM(G43:K43)) -> 0
A44: PB | B44: Первичное чистое кредитование/заимствование (NLB+24) ................................................................................................................................................................................... | D44: =IF(AND(D31="NP",D17="NP"),"NP",IF(OR(D31="NA",D17="NA"),"NA",IF(ISNUMBER(D31)*ISNUMBER(D17),SUM(D31)+SUM(D17),""))) -> -1690.164 | E44: =IF(AND(E31="NP",E17="NP"),"NP",IF(OR(E31="NA",E17="NA"),"NA",IF(ISNUMBER(E31)*ISNUMBER(E17),SUM(E31)+SUM(E17),""))) -> -10.917 | F44: =IF(AND(F31="NP",F17="NP"),"NP",IF(OR(F31="NA",F17="NA"),"NA",IF(ISNUMBER(F31)*ISNUMBER(F17),SUM(F31)+SUM(F17),""))) -> 0 | G44: =IF(AND(G31="NP",G17="NP"),"NP",IF(OR(G31="NA",G17="NA"),"NA",IF(ISNUMBER(G31)*ISNUMBER(G17),SUM(G31)+SUM(G17),""))) -> -1701.082 | H44: =IF(AND(H31="NP",H17="NP"),"NP",IF(OR(H31="NA",H17="NA"),"NA",IF(ISNUMBER(H31)*ISNUMBER(H17),SUM(H31)+SUM(H17),""))) -> 465.338 | I44: =IF(AND(I31="NP",I17="NP"),"NP",IF(OR(I31="NA",I17="NA"),"NA",IF(ISNUMBER(I31)*ISNUMBER(I17),SUM(I31)+SUM(I17),""))) -> 937.597 | J44: =IF(AND(J31="NP",J17="NP"),"NP",IF(OR(J31="NA",J17="NA"),"NA",IF(ISNUMBER(J31)*ISNUMBER(J17),SUM(J31)+SUM(J17),""))) -> -77.989 | K44: =IF(AND(K31="NP",K17="NP"),"NP",IF(OR(K31="NA",K17="NA"),"NA",IF(ISNUMBER(K31)*ISNUMBER(K17),SUM(K31)+SUM(K17),""))) -> -5.314 | ... M44: =IF(AND(M31="NP",M17="NP"),"NP",IF(OR(M31="NA",M17="NA"),"NA",IF(ISNUMBER(M31)*ISNUMBER(M17),SUM(M31)+SUM(M17),""))) -> -1235.744 | O44: =IF(OR(G44="NA",D44="NA",E44="NA",F44="NA"),"NA",SUM(G44)-SUM(D44:F44)) -> -0.001 | P44: =IF(OR(L44="NA",G44="NA",H44="NA",I44="NA",J44="NA",K44="NA"),"NA",SUM(L44)-SUM(G44:K44)) -> -4.4906301e-12
A45: GB | B45: Сальдо государственных финансов согласно национальному определению ............................................................................................... | D45: =+IF(ISBLANK(StatementII!E43),"",StatementII!E43) -> 0 | E45: =+IF(ISBLANK(StatementII!F43),"",StatementII!F43) -> 0 | F45: =+IF(ISBLANK(StatementII!G43),"",StatementII!G43) -> 0 | G45: =+IF(ISBLANK(StatementII!H43),"",StatementII!H43) -> 0 | H45: =+IF(ISBLANK(StatementII!I43),"",StatementII!I43) -> 0 | I45: =+IF(ISBLANK(StatementII!J43),"",StatementII!J43) -> 0 | J45: =+IF(ISBLANK(StatementII!K43),"",StatementII!K43) -> 0 | K45: =+IF(ISBLANK(StatementII!L43),"",StatementII!L43) -> 0 | ... M45: =+IF(ISBLANK(StatementII!N43),"",StatementII!N43) -> 0 | O45: =IF(OR(G45="NA",D45="NA",E45="NA",F45="NA"),"NA",SUM(G45)-SUM(D45:F45)) -> 0 | P45: =IF(OR(L45="NA",G45="NA",H45="NA",I45="NA",J45="NA",K45="NA"),"NA",SUM(L45)-SUM(G45:K45)) -> 0
A47: ВЕРТИКАЛЬНАЯ ПРОВЕРКА ДЛЯ ОТЧЕТА I
A48: Балансирующие статьи:
B49: GOB=1-2+23 | D49: =IF(OR(D22="NA",D8="NA",D16="NA",D13="NA"),"NA",-SUM(D22)+SUM(D8)+SUM(D16)-SUM(D13)) -> 0 | E49: =IF(OR(E22="NA",E8="NA",E16="NA",E13="NA"),"NA",-SUM(E22)+SUM(E8)+SUM(E16)-SUM(E13)) -> 0 | F49: =IF(OR(F22="NA",F8="NA",F16="NA",F13="NA"),"NA",-SUM(F22)+SUM(F8)+SUM(F16)-SUM(F13)) -> 0 | G49: =IF(OR(G22="NA",G8="NA",G16="NA",G13="NA"),"NA",-SUM(G22)+SUM(G8)+SUM(G16)-SUM(G13)) -> 0 | H49: =IF(OR(H22="NA",H8="NA",H16="NA",H13="NA"),"NA",-SUM(H22)+SUM(H8)+SUM(H16)-SUM(H13)) -> 0 | I49: =IF(OR(I22="NA",I8="NA",I16="NA",I13="NA"),"NA",-SUM(I22)+SUM(I8)+SUM(I16)-SUM(I13)) -> 0 | J49: =IF(OR(J22="NA",J8="NA",J16="NA",J13="NA"),"NA",-SUM(J22)+SUM(J8)+SUM(J16)-SUM(J13)) -> 0 | K49: =IF(OR(K22="NA",K8="NA",K16="NA",K13="NA"),"NA",-SUM(K22)+SUM(K8)+SUM(K16)-SUM(K13)) -> 0 | ... M49: =IF(OR(M22="NA",M8="NA",M16="NA",M13="NA"),"NA",-SUM(M22)+SUM(M8)+SUM(M16)-SUM(M13)) -> 0
B50: NOB=1-2 | D50: =IF(OR(D23="NA",D8="NA",D13="NA"),"NA",-SUM(D23)+SUM(D8)-SUM(D13)) -> 0 | E50: =IF(OR(E23="NA",E8="NA",E13="NA"),"NA",-SUM(E23)+SUM(E8)-SUM(E13)) -> 0 | F50: =IF(OR(F23="NA",F8="NA",F13="NA"),"NA",-SUM(F23)+SUM(F8)-SUM(F13)) -> 0 | G50: =IF(OR(G23="NA",G8="NA",G13="NA"),"NA",-SUM(G23)+SUM(G8)-SUM(G13)) -> 0 | H50: =IF(OR(H23="NA",H8="NA",H13="NA"),"NA",-SUM(H23)+SUM(H8)-SUM(H13)) -> 0 | I50: =IF(OR(I23="NA",I8="NA",I13="NA"),"NA",-SUM(I23)+SUM(I8)-SUM(I13)) -> 0 | J50: =IF(OR(J23="NA",J8="NA",J13="NA"),"NA",-SUM(J23)+SUM(J8)-SUM(J13)) -> 0 | K50: =IF(OR(K23="NA",K8="NA",K13="NA"),"NA",-SUM(K23)+SUM(K8)-SUM(K13)) -> 0 | ... M50: =IF(OR(M23="NA",M8="NA",M13="NA"),"NA",-SUM(M23)+SUM(M8)-SUM(M13)) -> 0
B51: NLB=1-2-31 | D51: =IF(OR(D31="NA",D8="NA",D13="NA",D25="NA"),"NA",-SUM(D31)+SUM(D8)-SUM(D13)-SUM(D25)) -> 2.2737368e-13 | E51: =IF(OR(E31="NA",E8="NA",E13="NA",E25="NA"),"NA",-SUM(E31)+SUM(E8)-SUM(E13)-SUM(E25)) -> -2.8421709e-14 | F51: =IF(OR(F31="NA",F8="NA",F13="NA",F25="NA"),"NA",-SUM(F31)+SUM(F8)-SUM(F13)-SUM(F25)) -> 0 | G51: =IF(OR(G31="NA",G8="NA",G13="NA",G25="NA"),"NA",-SUM(G31)+SUM(G8)-SUM(G13)-SUM(G25)) -> 1.1368684e-12 | H51: =IF(OR(H31="NA",H8="NA",H13="NA",H25="NA"),"NA",-SUM(H31)+SUM(H8)-SUM(H13)-SUM(H25)) -> -1.4543922e-13 | I51: =IF(OR(I31="NA",I8="NA",I13="NA",I25="NA"),"NA",-SUM(I31)+SUM(I8)-SUM(I13)-SUM(I25)) -> 4.5474735e-13 | J51: =IF(OR(J31="NA",J8="NA",J13="NA",J25="NA"),"NA",-SUM(J31)+SUM(J8)-SUM(J13)-SUM(J25)) -> -1.7053026e-13 | K51: =IF(OR(K31="NA",K8="NA",K13="NA",K25="NA"),"NA",-SUM(K31)+SUM(K8)-SUM(K13)-SUM(K25)) -> 0 | ... M51: =IF(OR(M31="NA",M8="NA",M13="NA",M25="NA"),"NA",-SUM(M31)+SUM(M8)-SUM(M13)-SUM(M25)) -> 9.094947e-13
B52: NLB=1-2M | D52: =IF(OR(D31="NA",D8="NA",D30="NA"),"NA",-SUM(D31)+SUM(D8)-SUM(D30)) -> 0 | E52: =IF(OR(E31="NA",E8="NA",E30="NA"),"NA",-SUM(E31)+SUM(E8)-SUM(E30)) -> 0 | F52: =IF(OR(F31="NA",F8="NA",F30="NA"),"NA",-SUM(F31)+SUM(F8)-SUM(F30)) -> 0 | G52: =IF(OR(G31="NA",G8="NA",G30="NA"),"NA",-SUM(G31)+SUM(G8)-SUM(G30)) -> 1.8189894e-12 | H52: =IF(OR(H31="NA",H8="NA",H30="NA"),"NA",-SUM(H31)+SUM(H8)-SUM(H30)) -> 0 | I52: =IF(OR(I31="NA",I8="NA",I30="NA"),"NA",-SUM(I31)+SUM(I8)-SUM(I30)) -> 0 | J52: =IF(OR(J31="NA",J8="NA",J30="NA"),"NA",-SUM(J31)+SUM(J8)-SUM(J30)) -> 0 | K52: =IF(OR(K31="NA",K8="NA",K30="NA"),"NA",-SUM(K31)+SUM(K8)-SUM(K30)) -> 0 | ... M52: =IF(OR(M31="NA",M8="NA",M30="NA"),"NA",-SUM(M31)+SUM(M8)-SUM(M30)) -> 0
B53: Oбщая сумма=0=1-2-31-32+33+NLBz | D53: =IF(OR(D13="NA",D8="NA",D36="NA",D39="NA",D25="NA",D33="NA"),"NA",-SUM(D13)+SUM(D8)+SUM(D36)+SUM(D39)-SUM(D25)-SUM(D33)) -> 2.2737368e-13 | E53: =IF(OR(E13="NA",E8="NA",E36="NA",E39="NA",E25="NA",E33="NA"),"NA",-SUM(E13)+SUM(E8)+SUM(E36)+SUM(E39)-SUM(E25)-SUM(E33)) -> -1.7763568e-15 | F53: =IF(OR(F13="NA",F8="NA",F36="NA",F39="NA",F25="NA",F33="NA"),"NA",-SUM(F13)+SUM(F8)+SUM(F36)+SUM(F39)-SUM(F25)-SUM(F33)) -> 0 | G53: =IF(OR(G13="NA",G8="NA",G36="NA",G39="NA",G25="NA",G33="NA"),"NA",-SUM(G13)+SUM(G8)+SUM(G36)+SUM(G39)-SUM(G25)-SUM(G33)) -> 2.2737368e-13 | H53: =IF(OR(H13="NA",H8="NA",H36="NA",H39="NA",H25="NA",H33="NA"),"NA",-SUM(H13)+SUM(H8)+SUM(H36)+SUM(H39)-SUM(H25)-SUM(H33)) -> 2.8421709e-14 | I53: =IF(OR(I13="NA",I8="NA",I36="NA",I39="NA",I25="NA",I33="NA"),"NA",-SUM(I13)+SUM(I8)+SUM(I36)+SUM(I39)-SUM(I25)-SUM(I33)) -> 0 | J53: =IF(OR(J13="NA",J8="NA",J36="NA",J39="NA",J25="NA",J33="NA"),"NA",-SUM(J13)+SUM(J8)+SUM(J36)+SUM(J39)-SUM(J25)-SUM(J33)) -> -7.1054274e-15 | K53: =IF(OR(K13="NA",K8="NA",K36="NA",K39="NA",K25="NA",K33="NA"),"NA",-SUM(K13)+SUM(K8)+SUM(K36)+SUM(K39)-SUM(K25)-SUM(K33)) -> 0 | ... M53: =IF(OR(M13="NA",M8="NA",M36="NA",M39="NA",M25="NA",M33="NA"),"NA",-SUM(M13)+SUM(M8)+SUM(M36)+SUM(M39)-SUM(M25)-SUM(M33)) -> 0
B54: Oбщая сумма=0=1-2M-32+33+NLBz | D54: =IF(OR(D30="NA",D8="NA",D36="NA",D39="NA",D33="NA"),"NA",-SUM(D30)+SUM(D8)+SUM(D36)+SUM(D39)-SUM(D33)) -> 0 | E54: =IF(OR(E30="NA",E8="NA",E36="NA",E39="NA",E33="NA"),"NA",-SUM(E30)+SUM(E8)+SUM(E36)+SUM(E39)-SUM(E33)) -> 2.6645353e-14 | F54: =IF(OR(F30="NA",F8="NA",F36="NA",F39="NA",F33="NA"),"NA",-SUM(F30)+SUM(F8)+SUM(F36)+SUM(F39)-SUM(F33)) -> 0 | G54: =IF(OR(G30="NA",G8="NA",G36="NA",G39="NA",G33="NA"),"NA",-SUM(G30)+SUM(G8)+SUM(G36)+SUM(G39)-SUM(G33)) -> 9.094947e-13 | H54: =IF(OR(H30="NA",H8="NA",H36="NA",H39="NA",H33="NA"),"NA",-SUM(H30)+SUM(H8)+SUM(H36)+SUM(H39)-SUM(H33)) -> 1.7053026e-13 | I54: =IF(OR(I30="NA",I8="NA",I36="NA",I39="NA",I33="NA"),"NA",-SUM(I30)+SUM(I8)+SUM(I36)+SUM(I39)-SUM(I33)) -> -4.5474735e-13 | J54: =IF(OR(J30="NA",J8="NA",J36="NA",J39="NA",J33="NA"),"NA",-SUM(J30)+SUM(J8)+SUM(J36)+SUM(J39)-SUM(J33)) -> 1.7053026e-13 | K54: =IF(OR(K30="NA",K8="NA",K36="NA",K39="NA",K33="NA"),"NA",-SUM(K30)+SUM(K8)+SUM(K36)+SUM(K39)-SUM(K33)) -> 0 | ... M54: =IF(OR(M30="NA",M8="NA",M36="NA",M39="NA",M33="NA"),"NA",-SUM(M30)+SUM(M8)+SUM(M36)+SUM(M39)-SUM(M33)) -> -9.094947e-13
B55: PB=NLB+24 | D55: =IF(OR(D44="NA",D31="NA",D17="NA"),"NA",-SUM(D44)+SUM(D31)+SUM(D17)) -> 0 | E55: =IF(OR(E44="NA",E31="NA",E17="NA"),"NA",-SUM(E44)+SUM(E31)+SUM(E17)) -> 0 | F55: =IF(OR(F44="NA",F31="NA",F17="NA"),"NA",-SUM(F44)+SUM(F31)+SUM(F17)) -> 0 | G55: =IF(OR(G44="NA",G31="NA",G17="NA"),"NA",-SUM(G44)+SUM(G31)+SUM(G17)) -> -1.1368684e-13 | H55: =IF(OR(H44="NA",H31="NA",H17="NA"),"NA",-SUM(H44)+SUM(H31)+SUM(H17)) -> 0 | I55: =IF(OR(I44="NA",I31="NA",I17="NA"),"NA",-SUM(I44)+SUM(I31)+SUM(I17)) -> -5.6843419e-14 | J55: =IF(OR(J44="NA",J31="NA",J17="NA"),"NA",-SUM(J44)+SUM(J31)+SUM(J17)) -> -7.1054274e-15 | K55: =IF(OR(K44="NA",K31="NA",K17="NA"),"NA",-SUM(K44)+SUM(K31)+SUM(K17)) -> 0 | ... M55: =IF(OR(M44="NA",M31="NA",M17="NA"),"NA",-SUM(M44)+SUM(M31)+SUM(M17)) -> -1.1368684e-13
A56: Компоненты:
B57: 1=11+12+13+14 | D57: =IF(OR(D8="NA",D9="NA",D10="NA",D11="NA",D12="NA"),"NA",-SUM(D8)+SUM(D9)+SUM(D10)+SUM(D11)+SUM(D12)) -> 0 | E57: =IF(OR(E8="NA",E9="NA",E10="NA",E11="NA",E12="NA"),"NA",-SUM(E8)+SUM(E9)+SUM(E10)+SUM(E11)+SUM(E12)) -> -1.1368684e-13 | F57: =IF(OR(F8="NA",F9="NA",F10="NA",F11="NA",F12="NA"),"NA",-SUM(F8)+SUM(F9)+SUM(F10)+SUM(F11)+SUM(F12)) -> 0 | G57: =IF(OR(G8="NA",G9="NA",G10="NA",G11="NA",G12="NA"),"NA",-SUM(G8)+SUM(G9)+SUM(G10)+SUM(G11)+SUM(G12)) -> 0 | H57: =IF(OR(H8="NA",H9="NA",H10="NA",H11="NA",H12="NA"),"NA",-SUM(H8)+SUM(H9)+SUM(H10)+SUM(H11)+SUM(H12)) -> -5.1159077e-13 | I57: =IF(OR(I8="NA",I9="NA",I10="NA",I11="NA",I12="NA"),"NA",-SUM(I8)+SUM(I9)+SUM(I10)+SUM(I11)+SUM(I12)) -> 6.8212103e-13 | J57: =IF(OR(J8="NA",J9="NA",J10="NA",J11="NA",J12="NA"),"NA",-SUM(J8)+SUM(J9)+SUM(J10)+SUM(J11)+SUM(J12)) -> 2.2737368e-13 | K57: =IF(OR(K8="NA",K9="NA",K10="NA",K11="NA",K12="NA"),"NA",-SUM(K8)+SUM(K9)+SUM(K10)+SUM(K11)+SUM(K12)) -> 3.0553338e-13 | ... M57: =IF(OR(M8="NA",M9="NA",M10="NA",M11="NA",M12="NA"),"NA",-SUM(M8)+SUM(M9)+SUM(M10)+SUM(M11)+SUM(M12)) -> 1.8189894e-12
B58: 2=21+22+23+24+25+26+27+28 | D58: =IF(OR(D13="NA",D14="NA",D15="NA",D16="NA",D17="NA",D18="NA",D19="NA",D20="NA",D21="NA"),"NA",-SUM(D13)+SUM(D14)+SUM(D15)+SUM(D16)+SUM(D17)+SUM(D18)+SUM(D19)+SUM(D20)+SUM(D21)) -> 1.1368684e-13 | E58: =IF(OR(E13="NA",E14="NA",E15="NA",E16="NA",E17="NA",E18="NA",E19="NA",E20="NA",E21="NA"),"NA",-SUM(E13)+SUM(E14)+SUM(E15)+SUM(E16)+SUM(E17)+SUM(E18)+SUM(E19)+SUM(E20)+SUM(E21)) -> 2.2737368e-13 | F58: =IF(OR(F13="NA",F14="NA",F15="NA",F16="NA",F17="NA",F18="NA",F19="NA",F20="NA",F21="NA"),"NA",-SUM(F13)+SUM(F14)+SUM(F15)+SUM(F16)+SUM(F17)+SUM(F18)+SUM(F19)+SUM(F20)+SUM(F21)) -> 0 | G58: =IF(OR(G13="NA",G14="NA",G15="NA",G16="NA",G17="NA",G18="NA",G19="NA",G20="NA",G21="NA"),"NA",-SUM(G13)+SUM(G14)+SUM(G15)+SUM(G16)+SUM(G17)+SUM(G18)+SUM(G19)+SUM(G20)+SUM(G21)) -> 2.6147973e-12 | H58: =IF(OR(H13="NA",H14="NA",H15="NA",H16="NA",H17="NA",H18="NA",H19="NA",H20="NA",H21="NA"),"NA",-SUM(H13)+SUM(H14)+SUM(H15)+SUM(H16)+SUM(H17)+SUM(H18)+SUM(H19)+SUM(H20)+SUM(H21)) -> 1.5347723e-12 | I58: =IF(OR(I13="NA",I14="NA",I15="NA",I16="NA",I17="NA",I18="NA",I19="NA",I20="NA",I21="NA"),"NA",-SUM(I13)+SUM(I14)+SUM(I15)+SUM(I16)+SUM(I17)+SUM(I18)+SUM(I19)+SUM(I20)+SUM(I21)) -> 1.9042545e-12 | J58: =IF(OR(J13="NA",J14="NA",J15="NA",J16="NA",J17="NA",J18="NA",J19="NA",J20="NA",J21="NA"),"NA",-SUM(J13)+SUM(J14)+SUM(J15)+SUM(J16)+SUM(J17)+SUM(J18)+SUM(J19)+SUM(J20)+SUM(J21)) -> 1.2647661e-12 | K58: =IF(OR(K13="NA",K14="NA",K15="NA",K16="NA",K17="NA",K18="NA",K19="NA",K20="NA",K21="NA"),"NA",-SUM(K13)+SUM(K14)+SUM(K15)+SUM(K16)+SUM(K17)+SUM(K18)+SUM(K19)+SUM(K20)+SUM(K21)) -> 0 | ... M58: =IF(OR(M13="NA",M14="NA",M15="NA",M16="NA",M17="NA",M18="NA",M19="NA",M20="NA",M21="NA"),"NA",-SUM(M13)+SUM(M14)+SUM(M15)+SUM(M16)+SUM(M17)+SUM(M18)+SUM(M19)+SUM(M20)+SUM(M21)) -> -2.7284841e-12
B59: 31=311+312+313+314 | D59: =IF(OR(D25="NA",D26="NA",D27="NA",D28="NA",D29="NA"),"NA",-SUM(D25)+SUM(D26)+SUM(D27)+SUM(D28)+SUM(D29)) -> -2.9559688e-14 | E59: =IF(OR(E25="NA",E26="NA",E27="NA",E28="NA",E29="NA"),"NA",-SUM(E25)+SUM(E26)+SUM(E27)+SUM(E28)+SUM(E29)) -> -3.5527137e-15 | F59: =IF(OR(F25="NA",F26="NA",F27="NA",F28="NA",F29="NA"),"NA",-SUM(F25)+SUM(F26)+SUM(F27)+SUM(F28)+SUM(F29)) -> 0 | G59: =IF(OR(G25="NA",G26="NA",G27="NA",G28="NA",G29="NA"),"NA",-SUM(G25)+SUM(G26)+SUM(G27)+SUM(G28)+SUM(G29)) -> 8.412715e-14 | H59: =IF(OR(H25="NA",H26="NA",H27="NA",H28="NA",H29="NA"),"NA",-SUM(H25)+SUM(H26)+SUM(H27)+SUM(H28)+SUM(H29)) -> -5.5511151e-17 | I59: =IF(OR(I25="NA",I26="NA",I27="NA",I28="NA",I29="NA"),"NA",-SUM(I25)+SUM(I26)+SUM(I27)+SUM(I28)+SUM(I29)) -> -7.7732959e-15 | J59: =IF(OR(J25="NA",J26="NA",J27="NA",J28="NA",J29="NA"),"NA",-SUM(J25)+SUM(J26)+SUM(J27)+SUM(J28)+SUM(J29)) -> 1.7763568e-14 | K59: =IF(OR(K25="NA",K26="NA",K27="NA",K28="NA",K29="NA"),"NA",-SUM(K25)+SUM(K26)+SUM(K27)+SUM(K28)+SUM(K29)) -> 0 | ... M59: =IF(OR(M25="NA",M26="NA",M27="NA",M28="NA",M29="NA"),"NA",-SUM(M25)+SUM(M26)+SUM(M27)+SUM(M28)+SUM(M29)) -> 6.1617378e-14
B60: 32=321+322 | D60: =IF(OR(D33="NA",D34="NA",D35="NA"),"NA",-SUM(D33)+SUM(D34)+SUM(D35)) -> 0.0004 | E60: =IF(OR(E33="NA",E34="NA",E35="NA"),"NA",-SUM(E33)+SUM(E34)+SUM(E35)) -> 0 | F60: =IF(OR(F33="NA",F34="NA",F35="NA"),"NA",-SUM(F33)+SUM(F34)+SUM(F35)) -> 0 | G60: =IF(OR(G33="NA",G34="NA",G35="NA"),"NA",-SUM(G33)+SUM(G34)+SUM(G35)) -> 0.0004 | H60: =IF(OR(H33="NA",H34="NA",H35="NA"),"NA",-SUM(H33)+SUM(H34)+SUM(H35)) -> 0 | I60: =IF(OR(I33="NA",I34="NA",I35="NA"),"NA",-SUM(I33)+SUM(I34)+SUM(I35)) -> 0 | J60: =IF(OR(J33="NA",J34="NA",J35="NA"),"NA",-SUM(J33)+SUM(J34)+SUM(J35)) -> 0 | K60: =IF(OR(K33="NA",K34="NA",K35="NA"),"NA",-SUM(K33)+SUM(K34)+SUM(K35)) -> 0 | ... M60: =IF(OR(M33="NA",M34="NA",M35="NA"),"NA",-SUM(M33)+SUM(M34)+SUM(M35)) -> 0.0004
B61: 33=331+332 | D61: =IF(OR(D36="NA",D37="NA",D38="NA"),"NA",-SUM(D36)+SUM(D37)+SUM(D38)) -> -2.8421709e-13 | E61: =IF(OR(E36="NA",E37="NA",E38="NA"),"NA",-SUM(E36)+SUM(E37)+SUM(E38)) -> 0 | F61: =IF(OR(F36="NA",F37="NA",F38="NA"),"NA",-SUM(F36)+SUM(F37)+SUM(F38)) -> 0 | G61: =IF(OR(G36="NA",G37="NA",G38="NA"),"NA",-SUM(G36)+SUM(G37)+SUM(G38)) -> -5.6843419e-14 | H61: =IF(OR(H36="NA",H37="NA",H38="NA"),"NA",-SUM(H36)+SUM(H37)+SUM(H38)) -> 0 | I61: =IF(OR(I36="NA",I37="NA",I38="NA"),"NA",-SUM(I36)+SUM(I37)+SUM(I38)) -> 0 | J61: =IF(OR(J36="NA",J37="NA",J38="NA"),"NA",-SUM(J36)+SUM(J37)+SUM(J38)) -> 1.7763568e-15 | K61: =IF(OR(K36="NA",K37="NA",K38="NA"),"NA",-SUM(K36)+SUM(K37)+SUM(K38)) -> 0 | ... M61: =IF(OR(M36="NA",M37="NA",M38="NA"),"NA",-SUM(M36)+SUM(M37)+SUM(M38)) -> -2.8421709e-13
A62: Консолидация:
B63: Консолидация не должна влиять на сальдо
B64: GOB=0 для CC и CT? | F64: =IF(OR(F22="NA"),"NA",IF(ROUND(SUM(F22),1)=0,"yes","check!")) -> yes | K64: =IF(OR(K22="NA"),"NA",IF(ROUND(SUM(K22),1)=0,"yes","check!")) -> yes
B65: NOB=0 для CC и CT? | F65: =IF(OR(F23="NA"),"NA",IF(ROUND(SUM(F23),1)=0,"yes","check!")) -> yes | K65: =IF(OR(K23="NA"),"NA",IF(ROUND(SUM(K23),1)=0,"yes","check!")) -> yes
B66: 31=0 для CC и CT? | F66: =IF(OR(F25="NA"),"NA",IF(ROUND(SUM(F25),1)=0,"yes","check!")) -> yes | K66: =IF(OR(K25="NA"),"NA",IF(ROUND(SUM(K25),1)=0,"yes","check!")) -> yes
B67: NLB=0 для CC и CT? | F67: =IF(OR(F31="NA"),"NA",IF(ROUND(SUM(F31),1)=0,"yes","check!")) -> yes | K67: =IF(OR(K31="NA"),"NA",IF(ROUND(SUM(K31),1)=0,"yes","check!")) -> yes
B68: (32-33)=0 для CC и CT? | F68: =IF(OR(F33="NA",F36="NA"),"NA",IF(ROUND(SUM(F33)-SUM(F36),1)=0,"yes","check!")) -> yes | K68: =IF(OR(K33="NA",K36="NA"),"NA",IF(ROUND(SUM(K33)-SUM(K36),1)=0,"yes","check!")) -> yes

Sheet StatementII
B1: =+Coverpage!A1 -> GFSM2014_V1.5 | G1: =Reporting_Country_Name -> Russian Federation | N1: =Reporting_Country_Code -> 922 | P1: Укажите "NA" в случае, если "нет данных"
B2: ОТЧЕТ II | F2: ="In "&Coverpage!$I$15&" of "&Coverpage!$I$14&" / Fiscal year ends in "&Coverpage!$I$11&" "&Coverpage!$I$12 -> In Billion of Russian Rubles (RUB) / Fiscal year ends in December 31st | P2: Укажите "NP" в случае, если "не применимо"
G3: Сектор госуд. управления | I3: =Reporting_Period_Code -> 2016 | N3: Для справки: центр. прав-во (вкл. SSF центр.уровня)
B4: ОТЧЕТ ОБ ИСТОЧНИКАХ И ИСПОЛЬЗОВАНИИ ДЕНЕЖНЫХ СРЕДСТВ | E4: Центральное правительство (кроме фондов соц. обеспечения) | I4: Фонды социального обеспечения | J4: Региональные органы управления | K4: Местные органы управления | L4: Столбец консолидации | M4: Сектор государст-венного управления | P4: Горизонтальные проверки
E5: Бюджетные | F5: Внебюджетные | G5: Столбец консолидации | H5: Центральное правительство | P5: Центральное правительство (CG)=(BA) | Q5: Сектор гос. управления (GG)=(CG)+(SSF)
E6: BCG | F6: EBG | G6: CGC | H6: CG | I6: SSG | J6: RG | K6: LG | L6: GGC | M6: GG | N6: CG01
E7: BA=GL1 | F7: EA | G7: CC | H7: CG | I7: SSF | J7: SG | K7: LG | L7: CT | M7: GG=GL3 | N7: GL2 | P7: +(EA)+(CC) | Q7: +(SG)+(LG)+(CT)
B8: x | C8: ПОТОКИ ДЕНЕЖНЫХ СРЕДСТВ В СВЯЗИ С ОПЕРАЦИОННОЙ ДЕЯТЕЛЬНОСТЬЮ:
A9: GR_G14_CA | B9: C1 | C9: Поступления денежных средств в результате операционной деятельности .................................................................................................................................................................................... | E9: 13371.483 | F9: 1783.52 | G9: -1094.457 | H9: 14060.546 | I9: 11540.692 | J9: 11675.087 | K9: 5736.013 | L9: -13860.939 | M9: 29151.399 | N9: 25601.238 | P9: =IF(OR(H9="NA",E9="NA",F9="NA",G9="NA"),"NA",SUM(H9)-SUM(E9:G9)) -> 0 | Q9: =IF(OR(M9="NA",H9="NA",I9="NA",J9="NA",K9="NA",L9="NA"),"NA",SUM(M9)-SUM(H9:L9)) -> 0
A10: GRT_G14_CA | B10: C11 | C10: Налоги ..................................................................................................................................................................................... | E10: 8395.628 | F10: 0 | G10: 0 | H10: 8395.628 | I10: 0 | J10: 6435.68 | K10: 1035.297 | L10: 0 | M10: 15866.605 | N10: 8395.628 | P10: =IF(OR(H10="NA",E10="NA",F10="NA",G10="NA"),"NA",SUM(H10)-SUM(E10:G10)) -> 0 | Q10: =IF(OR(M10="NA",H10="NA",I10="NA",J10="NA",K10="NA",L10="NA"),"NA",SUM(M10)-SUM(H10:L10)) -> 0
A11: GRS_G14_CA | B11: C12 | C11: Взносы/отчисления на социальные нужды ..................................................................................................................................................... | E11: 0.493 | F11: 0 | G11: 0 | H11: 0.493 | I11: 6329.139 | J11: 0 | K11: 0 | L11: 0 | M11: 6329.632 | N11: 6329.632 | P11: =IF(OR(H11="NA",E11="NA",F11="NA",G11="NA"),"NA",SUM(H11)-SUM(E11:G11)) -> 0 | Q11: =IF(OR(M11="NA",H11="NA",I11="NA",J11="NA",K11="NA",L11="NA"),"NA",SUM(M11)-SUM(H11:L11)) -> 0
A12: GRG_G14_CA | B12: C13 | C12: Гранты ................................................................................................................................................................................ | E12: 217.863 | F12: 1094.457 | G12: -1094.457 | H12: 217.863 | I12: 5058.553 | J12: 4393.387 | K12: 4186.956 | L12: -13856.76 | M12: -0.001 | N12: 5276.416 | P12: =IF(OR(H12="NA",E12="NA",F12="NA",G12="NA"),"NA",SUM(H12)-SUM(E12:G12)) -> 0 | Q12: =IF(OR(M12="NA",H12="NA",I12="NA",J12="NA",K12="NA",L12="NA"),"NA",SUM(M12)-SUM(H12:L12)) -> -2.2737368e-13
A13: GRO_G14_CA | B13: C14 | C13: Другие поступления ................................................................................................................................................................. | E13: 4757.499 | F13: 689.064 | G13: 0 | H13: 5446.563 | I13: 153 | J13: 846.019 | K13: 513.76 | L13: -4.179 | M13: 6955.163 | N13: 5599.563 | P13: =IF(OR(H13="NA",E13="NA",F13="NA",G13="NA"),"NA",SUM(H13)-SUM(E13:G13)) -> 0 | Q13: =IF(OR(M13="NA",H13="NA",I13="NA",J13="NA",K13="NA",L13="NA"),"NA",SUM(M13)-SUM(H13:L13)) -> 0
A14: GE_G14_CA | B14: C2 | C14: Выплаты денежных средств для проведения операционной деятельности ...................................................................................................................................................................................... | E14: 13273.941 | F14: 1524.588 | G14: -1094.457 | H14: 13704.072 | I14: 11701.514 | J14: 10192.927 | K14: 5038.245 | L14: -13860.939 | M14: 26775.819 | N14: 25405.586 | P14: =IF(OR(H14="NA",E14="NA",F14="NA",G14="NA"),"NA",SUM(H14)-SUM(E14:G14)) -> 0 | Q14: =IF(OR(M14="NA",H14="NA",I14="NA",J14="NA",K14="NA",L14="NA"),"NA",SUM(M14)-SUM(H14:L14)) -> -3.6379788e-12
A15: GECE_G14_CA | B15: C21 | C15: Оплата труда работников ........................................................................................................................................... | E15: 2511.391 | F15: 900.154 | G15: 0 | H15: 3411.545 | I15: 100.159 | J15: 2487.558 | K15: 1928.694 | L15: 0 | M15: 7927.956 | N15: 3511.704 | P15: =IF(OR(H15="NA",E15="NA",F15="NA",G15="NA"),"NA",SUM(H15)-SUM(E15:G15)) -> 0 | Q15: =IF(OR(M15="NA",H15="NA",I15="NA",J15="NA",K15="NA",L15="NA"),"NA",SUM(M15)-SUM(H15:L15)) -> 0
A16: GEGS_G14_CA | B16: C22 | C16: Покупка товаров и услуг ................................................................................................................................................. | E16: 1896.14 | F16: 322.694 | G16: 0 | H16: 2218.834 | I16: 75 | J16: 1107.439 | K16: 800.146 | L16: 0 | M16: 4201.419 | N16: 2293.834 | P16: =IF(OR(H16="NA",E16="NA",F16="NA",G16="NA"),"NA",SUM(H16)-SUM(E16:G16)) -> 0 | Q16: =IF(OR(M16="NA",H16="NA",I16="NA",J16="NA",K16="NA",L16="NA"),"NA",SUM(M16)-SUM(H16:L16)) -> 0
A17: GEI_G14_CA | B17: C24 | C17: Проценты ......................................................................................................................................................................................... | E17: 628.843 | F17: 15.94 | G17: 0 | H17: 644.783 | I17: 0 | J17: 128.51 | K17: 26.356 | L17: -4.179 | M17: 795.47 | N17: 644.783 | P17: =IF(OR(H17="NA",E17="NA",F17="NA",G17="NA"),"NA",SUM(H17)-SUM(E17:G17)) -> 0 | Q17: =IF(OR(M17="NA",H17="NA",I17="NA",J17="NA",K17="NA",L17="NA"),"NA",SUM(M17)-SUM(H17:L17)) -> 0
A18: GEST_G14_CA | B18: C25 | C18: Субсидии ........................................................................................................................................................................................ | E18: 865.675 | F18: 6.056 | G18: 0 | H18: 871.731 | I18: 0.5 | J18: 813.129 | K18: 167.295 | L18: 0 | M18: 1852.655 | N18: 872.231 | P18: =IF(OR(H18="NA",E18="NA",F18="NA",G18="NA"),"NA",SUM(H18)-SUM(E18:G18)) -> 0 | Q18: =IF(OR(M18="NA",H18="NA",I18="NA",J18="NA",K18="NA",L18="NA"),"NA",SUM(M18)-SUM(H18:L18)) -> -2.2737368e-13
A19: GEG_G14_CA | B19: C26 | C19: Гранты ................................................................................................................................................................................ | E19: 6219.188 | F19: 65.375 | G19: -1094.457 | H19: 5190.106 | I19: 3116.873 | J19: 3905.468 | K19: 1798.9 | L19: -13856.76 | M19: 154.587 | N19: 8306.979 | P19: =IF(OR(H19="NA",E19="NA",F19="NA",G19="NA"),"NA",SUM(H19)-SUM(E19:G19)) -> 0 | Q19: =IF(OR(M19="NA",H19="NA",I19="NA",J19="NA",K19="NA",L19="NA"),"NA",SUM(M19)-SUM(H19:L19)) -> 0
A20: GES_G14_CA | B20: C27 | C20: Социальные пособия ..................................................................................................................................................... | E20: 931.64 | F20: 2.587 | G20: 0 | H20: 934.227 | I20: 7692.738 | J20: 1609.922 | K20: 228.84 | L20: 0 | M20: 10465.727 | N20: 8626.965 | P20: =IF(OR(H20="NA",E20="NA",F20="NA",G20="NA"),"NA",SUM(H20)-SUM(E20:G20)) -> 0 | Q20: =IF(OR(M20="NA",H20="NA",I20="NA",J20="NA",K20="NA",L20="NA"),"NA",SUM(M20)-SUM(H20:L20)) -> 0
... A22: GXCBN_G14_CA | B22: CIO | C22: Чистый приток денежных средств в результате операционной деятельности (1-2)............................................................................................................................................... | E22: 97.542 | F22: 258.932 | G22: 0 | H22: 356.474 | I22: -160.822 | J22: 1482.16 | K22: 697.768 | L22: 0 | M22: 2375.58 | N22: 195.652 | P22: =IF(OR(H22="NA",E22="NA",F22="NA",G22="NA"),"NA",SUM(H22)-SUM(E22:G22)) -> 0 | Q22: =IF(OR(M22="NA",H22="NA",I22="NA",J22="NA",K22="NA",L22="NA"),"NA",SUM(M22)-SUM(H22:L22)) -> 0
B23: x | C23: ПОТОКИ ДЕНЕЖНЫХ СРЕДСТВ В СВЯЗИ С ОПЕРАЦИЯМИ С НЕФИНАНСОВЫМИ АКТИВАМИ:
A24: GADAN_T_G14_CA | B24: C31 | C24: Чистый отток денежных средств в связи с инвестициями в нефинансовые активы ....................................................................................................................... | E24: 2876.758 | F24: 274.344 | G24: 0 | H24: 3151.102 | I24: 12.142 | J24: 1115.577 | K24: 671.774 | L24: 0 | M24: 4950.595 | N24: 3163.244 | P24: =IF(OR(H24="NA",E24="NA",F24="NA",G24="NA"),"NA",SUM(H24)-SUM(E24:G24)) -> 0 | Q24: =IF(OR(M24="NA",H24="NA",I24="NA",J24="NA",K24="NA",L24="NA"),"NA",SUM(M24)-SUM(H24:L24)) -> 0
A25: GADANF_T_G14_CA | B25: C311 | C25: Основные фонды ............................................................................................................................................................................. | E25: 2328.429 | F25: 114.901 | G25: 0 | H25: 2443.33 | I25: 8.032 | J25: 666.29 | K25: 395.537 | L25: 0 | M25: 3513.189 | N25: 2451.362 | P25: =IF(OR(H25="NA",E25="NA",F25="NA",G25="NA"),"NA",SUM(H25)-SUM(E25:G25)) -> 0 | Q25: =IF(OR(M25="NA",H25="NA",I25="NA",J25="NA",K25="NA",L25="NA"),"NA",SUM(M25)-SUM(H25:L25)) -> 0
A26: GADANI_T_G14_CA | B26: C312 | C26: Запасы материальных оборотных средств ............................................................................................................................................................. | E26: 549.82 | F26: 159.364 | G26: 0 | H26: 709.184 | I26: 3.252 | J26: 453.885 | K26: 303.092 | L26: 0 | M26: 1469.413 | N26: 712.436 | P26: =IF(OR(H26="NA",E26="NA",F26="NA",G26="NA"),"NA",SUM(H26)-SUM(E26:G26)) -> 0 | Q26: =IF(OR(M26="NA",H26="NA",I26="NA",J26="NA",K26="NA",L26="NA"),"NA",SUM(M26)-SUM(H26:L26)) -> 0
A27: GADANV_T_G14_CA | B27: C313 | C27: Ценности .................................................................................................................................................................................... | E27: 0 | F27: 0 | G27: 0 | H27: 0 | I27: 0 | J27: 0 | K27: 0 | L27: 0 | M27: 0 | N27: 0 | P27: =IF(OR(H27="NA",E27="NA",F27="NA",G27="NA"),"NA",SUM(H27)-SUM(E27:G27)) -> 0 | Q27: =IF(OR(M27="NA",H27="NA",I27="NA",J27="NA",K27="NA",L27="NA"),"NA",SUM(M27)-SUM(H27:L27)) -> 0
A28: GADANN_T_G14_CA | B28: C314 | C28: Непроизведенные активы ............................................................................................................................................................ | E28: -1.49 | F28: 0.079 | G28: 0 | H28: -1.411 | I28: 0.858 | J28: -4.598 | K28: -26.854 | L28: 0 | M28: -32.005 | N28: -0.553 | P28: =IF(OR(H28="NA",E28="NA",F28="NA",G28="NA"),"NA",SUM(H28)-SUM(E28:G28)) -> 0 | Q28: =IF(OR(M28="NA",H28="NA",I28="NA",J28="NA",K28="NA",L28="NA"),"NA",SUM(M28)-SUM(H28:L28)) -> 0
A29: GX_G14_CA | B29: C2M | C29: Потоки денежных средств в связи с расходами (2+31) ......................................................................................................................................... | E29: 16150.7 | F29: 1798.932 | G29: -1094.457 | H29: 16855.175 | I29: 11713.656 | J29: 11308.504 | K29: 5710.019 | L29: -13860.939 | M29: 31726.415 | N29: 28568.831 | P29: =IF(OR(H29="NA",E29="NA",F29="NA",G29="NA"),"NA",SUM(H29)-SUM(E29:G29)) -> 0 | Q29: =IF(OR(M29="NA",H29="NA",I29="NA",J29="NA",K29="NA",L29="NA"),"NA",SUM(M29)-SUM(H29:L29)) -> -3.6379788e-12
A30: GXOB_G14_CA | B30: CSD | C30: Профицит (+) / дефицит денежных средств (-) (1-2-31) ......................................................................................................................................... | E30: -2779.217 | F30: -15.412 | G30: 0 | H30: -2794.629 | I30: -172.964 | J30: 366.583 | K30: 25.994 | L30: 0 | M30: -2575.016 | N30: -2967.593 | P30: =IF(OR(H30="NA",E30="NA",F30="NA",G30="NA"),"NA",SUM(H30)-SUM(E30:G30)) -> 0 | Q30: =IF(OR(M30="NA",H30="NA",I30="NA",J30="NA",K30="NA",L30="NA"),"NA",SUM(M30)-SUM(H30:L30)) -> -4.5474735e-13
B31: x | C31: ПОТОКИ ДЕНЕЖНЫХ СРЕДСТВ В СВЯЗИ С ОПЕРАЦИЯМИ С ФИНАНСОВЫМИ АКТИВАМИ И ОБЯЗАТЕЛЬСТВАМИ (ФИНАНСИРОВАНИЕ):
A32: GADAFX_T_G14_CA | B32: C32x | C32: Чистое приобретение финансовых активов, помимо денежных средств ............................................................................................................................... | E32: =E33+E34 -> 45.939 | F32: =F33+F34 -> -17.967 | G32: =G33+G34 -> 0 | H32: =H33+H34 -> 27.972 | I32: =I33+I34 -> -241.589 | J32: =J33+J34 -> 345.711 | K32: =K33+K34 -> 22.292 | L32: =L33+L34 -> 0 | ... N32: =N33+N34 -> -213.617 | P32: =IF(OR(H32="NA",E32="NA",F32="NA",G32="NA"),"NA",SUM(H32)-SUM(E32:G32)) -> 0 | Q32: =IF(OR(M32="NA",H32="NA",I32="NA",J32="NA",K32="NA",L32="NA"),"NA",SUM(M32)-SUM(H32:L32)) -> 0
A33: GADAFXD_T_G14_CA | B33: C321x | C33: Внутренние дебиторы ................................................................................................................................................................................... | E33: -4.271 | F33: -17.967 | G33: 0 | H33: =E33+F33+G33 -> -22.238 | I33: -241.589 | J33: 345.711 | K33: 22.292 | L33: 0 | M33: =H33+I33+J33+K33+L33 -> 104.176 | N33: =H33+I33 -> -263.827 | P33: =IF(OR(H33="NA",E33="NA",F33="NA",G33="NA"),"NA",SUM(H33)-SUM(E33:G33)) -> 0 | Q33: =IF(OR(M33="NA",H33="NA",I33="NA",J33="NA",K33="NA",L33="NA"),"NA",SUM(M33)-SUM(H33:L33)) -> 0
A34: GADAFXF_T_G14_CA | B34: C322x | C34: Внешние дебиторы ........................................................................................................................................................................................ | E34: 50.21 | F34: 0 | G34: 0 | H34: 50.21 | I34: 0 | J34: 0 | K34: 0 | L34: 0 | M34: 50.21 | N34: 50.21 | P34: =IF(OR(H34="NA",E34="NA",F34="NA",G34="NA"),"NA",SUM(H34)-SUM(E34:G34)) -> 0 | Q34: =IF(OR(M34="NA",H34="NA",I34="NA",J34="NA",K34="NA",L34="NA"),"NA",SUM(M34)-SUM(H34:L34)) -> 0
A35: GADL_T_G14_CA | B35: C33 | C35: Чистое принятие обязательств ................................................................................................................................................. | E35: 579.816 | F35: -15.408 | G35: 0 | H35: 564.408 | I35: 0 | J35: 55.608 | K35: 27.611 | L35: 0 | M35: 647.627 | N35: 564.408 | P35: =IF(OR(H35="NA",E35="NA",F35="NA",G35="NA"),"NA",SUM(H35)-SUM(E35:G35)) -> 0 | Q35: =IF(OR(M35="NA",H35="NA",I35="NA",J35="NA",K35="NA",L35="NA"),"NA",SUM(M35)-SUM(H35:L35)) -> 0
A36: GADLD_T_G14_CA | B36: C331 | C36: Внутренние кредиторы ................................................................................................................................................................................... | E36: 486.807 | F36: -15.408 | G36: 0 | H36: 471.399 | I36: 0 | J36: 83.837 | K36: 27.611 | L36: 0 | M36: 582.847 | N36: 471.399 | P36: =IF(OR(H36="NA",E36="NA",F36="NA",G36="NA"),"NA",SUM(H36)-SUM(E36:G36)) -> 0 | Q36: =IF(OR(M36="NA",H36="NA",I36="NA",J36="NA",K36="NA",L36="NA"),"NA",SUM(M36)-SUM(H36:L36)) -> 0
A37: GADLF_T_G14_CA | B37: C332 | C37: Внешние кредиторы ........................................................................................................................................................................................ | E37: 93.009 | F37: 0 | G37: 0 | H37: 93.009 | I37: 0 | J37: -28.229 | K37: 0 | L37: 0 | M37: 64.78 | N37: 93.009 | P37: =IF(OR(H37="NA",E37="NA",F37="NA",G37="NA"),"NA",SUM(H37)-SUM(E37:G37)) -> 0 | Q37: =IF(OR(M37="NA",H37="NA",I37="NA",J37="NA",K37="NA",L37="NA"),"NA",SUM(M37)-SUM(H37:L37)) -> 0
A38: GXCCF_G14_CA | B38: NFB | C38: Чистый приток денежных средств в связи с операциями по финансированию (33-32x) ......................................................................................................................................... | E38: =E35-E32 -> 533.877 | F38: =F35-F32 -> 2.559 | G38: =G35-G32 -> 0 | H38: =H35-H32 -> 536.436 | I38: =I35-I32 -> 241.589 | J38: =J35-J32 -> -290.103 | K38: =K35-K32 -> 5.319 | L38: =L35-L32 -> 0 | ... N38: =N35-N32 -> 778.025 | P38: =IF(OR(H38="NA",E38="NA",F38="NA",G38="NA"),"NA",SUM(H38)-SUM(E38:G38)) -> 0 | Q38: =IF(OR(M38="NA",H38="NA",I38="NA",J38="NA",K38="NA",L38="NA"),"NA",SUM(M38)-SUM(H38:L38)) -> -1.7053026e-13
A39: GXCNC_G14_CA | B39: NCB | C39: Чистое изменение в запасах денежных средств (CSD+NFB=3202=3212+3222) ............................................................................................... | E39: -2245.327 | F39: -12.864 | G39: 0 | H39: =E39+F39+G39 -> -2258.191 | I39: 68.626 | J39: 76.496 | K39: 31.315 | L39: 0 | M39: =H39+I39+J39+K39+L39 -> -2081.754 | N39: =H39+I39 -> -2189.565 | P39: =IF(OR(H39="NA",E39="NA",F39="NA",G39="NA"),"NA",SUM(H39)-SUM(E39:G39)) -> 0 | Q39: =IF(OR(M39="NA",H39="NA",I39="NA",J39="NA",K39="NA",L39="NA"),"NA",SUM(M39)-SUM(H39:L39)) -> 0
A40: GXCNLA_G14_CA | B40: CSDz | C40: Oбщее статистическое расхождение: CSD и финансирование (C32x+NCB-C33-CSD) .................................................................................................................. | E40: =E32+E39-E35-E30 -> 0.013 | F40: =F32+F39-F35-F30 -> -0.011 | G40: =G32+G39-G35-G30 -> 0 | H40: =H32+H39-H35-H30 -> 0.002 | I40: =I32+I39-I35-I30 -> 0.001 | J40: =J32+J39-J35-J30 -> 0.016 | K40: =K32+K39-K35-K30 -> 0.002 | L40: =L32+L39-L35-L30 -> 0 | ... N40: =N32+N39-N35-N30 -> 0.003 | P40: =IF(OR(H40="NA",E40="NA",F40="NA",G40="NA"),"NA",SUM(H40)-SUM(E40:G40)) -> 4.8672177e-13 | Q40: =IF(OR(M40="NA",H40="NA",I40="NA",J40="NA",K40="NA",L40="NA"),"NA",SUM(M40)-SUM(H40:L40)) -> 2.6645353e-13
B41: x | C41: Справочные статьи:
A42: GXOPB_G14_CA | B42: CPB | C42: Первичный профицит/дефицит денежных средств (CSD+24) ................................................................................................................................................................................... | E42: -2150.373 | F42: 0.528 | G42: 0 | H42: -2149.845 | I42: -172.964 | J42: 495.093 | K42: 52.35 | L42: -4.179 | M42: -1779.545 | N42: -2322.809 | P42: =IF(OR(H42="NA",E42="NA",F42="NA",G42="NA"),"NA",SUM(H42)-SUM(E42:G42)) -> 0 | Q42: =IF(OR(M42="NA",H42="NA",I42="NA",J42="NA",K42="NA",L42="NA"),"NA",SUM(M42)-SUM(H42:L42)) -> 0
A43: GB_PR_G14_CA | B43: GB | C43: Сальдо государственных финансов согласно национальному определению ............................................................................................... | E43: 0 | F43: 0 | G43: 0 | H43: 0 | I43: 0 | J43: 0 | K43: 0 | L43: 0 | M43: 0 | N43: 0 | P43: =IF(OR(H43="NA",E43="NA",F43="NA",G43="NA"),"NA",SUM(H43)-SUM(E43:G43)) -> 0 | Q43: =IF(OR(M43="NA",H43="NA",I43="NA",J43="NA",K43="NA",L43="NA"),"NA",SUM(M43)-SUM(H43:L43)) -> 0
B45: ВЕРТИКАЛЬНЫЕ ПРОВЕРКИ ДЛЯ ОТЧЕТА II
B46: Балансирующие статьи:
C47: CIO=C1-C2 | E47: =IF(OR(E22="NA",E9="NA",E14="NA"),"NA",-SUM(E22)+SUM(E9)-SUM(E14)) -> 0 | F47: =IF(OR(F22="NA",F9="NA",F14="NA"),"NA",-SUM(F22)+SUM(F9)-SUM(F14)) -> 0 | G47: =IF(OR(G22="NA",G9="NA",G14="NA"),"NA",-SUM(G22)+SUM(G9)-SUM(G14)) -> 0 | H47: =IF(OR(H22="NA",H9="NA",H14="NA"),"NA",-SUM(H22)+SUM(H9)-SUM(H14)) -> 0 | I47: =IF(OR(I22="NA",I9="NA",I14="NA"),"NA",-SUM(I22)+SUM(I9)-SUM(I14)) -> 0 | J47: =IF(OR(J22="NA",J9="NA",J14="NA"),"NA",-SUM(J22)+SUM(J9)-SUM(J14)) -> 0 | K47: =IF(OR(K22="NA",K9="NA",K14="NA"),"NA",-SUM(K22)+SUM(K9)-SUM(K14)) -> 0 | L47: =IF(OR(L22="NA",L9="NA",L14="NA"),"NA",-SUM(L22)+SUM(L9)-SUM(L14)) -> 0 | ... N47: =IF(OR(N22="NA",N9="NA",N14="NA"),"NA",-SUM(N22)+SUM(N9)-SUM(N14)) -> -3.6379788e-12
C48: CSD=C1-C2-C31 | E48: =IF(OR(E30="NA",E9="NA",E14="NA",E24="NA"),"NA",-SUM(E30)+SUM(E9)-SUM(E14)-SUM(E24)) -> 0.001 | F48: =IF(OR(F30="NA",F9="NA",F14="NA",F24="NA"),"NA",-SUM(F30)+SUM(F9)-SUM(F14)-SUM(F24)) -> 5.6843419e-14 | G48: =IF(OR(G30="NA",G9="NA",G14="NA",G24="NA"),"NA",-SUM(G30)+SUM(G9)-SUM(G14)-SUM(G24)) -> 0 | H48: =IF(OR(H30="NA",H9="NA",H14="NA",H24="NA"),"NA",-SUM(H30)+SUM(H9)-SUM(H14)-SUM(H24)) -> 0.001 | I48: =IF(OR(I30="NA",I9="NA",I14="NA",I24="NA"),"NA",-SUM(I30)+SUM(I9)-SUM(I14)-SUM(I24)) -> -1.7408297e-13 | J48: =IF(OR(J30="NA",J9="NA",J14="NA",J24="NA"),"NA",-SUM(J30)+SUM(J9)-SUM(J14)-SUM(J24)) -> -6.8212103e-13 | K48: =IF(OR(K30="NA",K9="NA",K14="NA",K24="NA"),"NA",-SUM(K30)+SUM(K9)-SUM(K14)-SUM(K24)) -> 3.4106051e-13 | L48: =IF(OR(L30="NA",L9="NA",L14="NA",L24="NA"),"NA",-SUM(L30)+SUM(L9)-SUM(L14)-SUM(L24)) -> 0 | ... N48: =IF(OR(N30="NA",N9="NA",N14="NA",N24="NA"),"NA",-SUM(N30)+SUM(N9)-SUM(N14)-SUM(N24)) -> 0.001
C49: CSD=C1-C2M | E49: =IF(OR(E30="NA",E9="NA",E29="NA"),"NA",-SUM(E30)+SUM(E9)-SUM(E29)) -> 0 | F49: =IF(OR(F30="NA",F9="NA",F29="NA"),"NA",-SUM(F30)+SUM(F9)-SUM(F29)) -> 0 | G49: =IF(OR(G30="NA",G9="NA",G29="NA"),"NA",-SUM(G30)+SUM(G9)-SUM(G29)) -> 0 | H49: =IF(OR(H30="NA",H9="NA",H29="NA"),"NA",-SUM(H30)+SUM(H9)-SUM(H29)) -> -3.6379788e-12 | I49: =IF(OR(I30="NA",I9="NA",I29="NA"),"NA",-SUM(I30)+SUM(I9)-SUM(I29)) -> -1.8189894e-12 | J49: =IF(OR(J30="NA",J9="NA",J29="NA"),"NA",-SUM(J30)+SUM(J9)-SUM(J29)) -> -1.8189894e-12 | K49: =IF(OR(K30="NA",K9="NA",K29="NA"),"NA",-SUM(K30)+SUM(K9)-SUM(K29)) -> 0 | L49: =IF(OR(L30="NA",L9="NA",L29="NA"),"NA",-SUM(L30)+SUM(L9)-SUM(L29)) -> 0 | ... N49: =IF(OR(N30="NA",N9="NA",N29="NA"),"NA",-SUM(N30)+SUM(N9)-SUM(N29)) -> -7.2759576e-12
C50: NFB=-C32x+C33 | E50: =IF(OR(E38="NA",E35="NA",E32="NA"),"NA",-SUM(E38)+SUM(E35)-SUM(E32)) -> -3.5527137e-14 | F50: =IF(OR(F38="NA",F35="NA",F32="NA"),"NA",-SUM(F38)+SUM(F35)-SUM(F32)) -> 0 | G50: =IF(OR(G38="NA",G35="NA",G32="NA"),"NA",-SUM(G38)+SUM(G35)-SUM(G32)) -> 0 | H50: =IF(OR(H38="NA",H35="NA",H32="NA"),"NA",-SUM(H38)+SUM(H35)-SUM(H32)) -> -2.1316282e-14 | I50: =IF(OR(I38="NA",I35="NA",I32="NA"),"NA",-SUM(I38)+SUM(I35)-SUM(I32)) -> 0 | J50: =IF(OR(J38="NA",J35="NA",J32="NA"),"NA",-SUM(J38)+SUM(J35)-SUM(J32)) -> 0 | K50: =IF(OR(K38="NA",K35="NA",K32="NA"),"NA",-SUM(K38)+SUM(K35)-SUM(K32)) -> 0 | L50: =IF(OR(L38="NA",L35="NA",L32="NA"),"NA",-SUM(L38)+SUM(L35)-SUM(L32)) -> 0 | ... N50: =IF(OR(N38="NA",N35="NA",N32="NA"),"NA",-SUM(N38)+SUM(N35)-SUM(N32)) -> 2.8421709e-14
C51: NCB=CSD+NFB+CSDz | E51: =IF(OR(E39="NA",E30="NA",E38="NA",E40="NA"),"NA",-SUM(E39)+SUM(E30)+SUM(E38)+SUM(E40)) -> -3.4106051e-13 | F51: =IF(OR(F39="NA",F30="NA",F38="NA",F40="NA"),"NA",-SUM(F39)+SUM(F30)+SUM(F38)+SUM(F40)) -> 0 | G51: =IF(OR(G39="NA",G30="NA",G38="NA",G40="NA"),"NA",-SUM(G39)+SUM(G30)+SUM(G38)+SUM(G40)) -> 0 | H51: =IF(OR(H39="NA",H30="NA",H38="NA",H40="NA"),"NA",-SUM(H39)+SUM(H30)+SUM(H38)+SUM(H40)) -> 3.4106051e-13 | I51: =IF(OR(I39="NA",I30="NA",I38="NA",I40="NA"),"NA",-SUM(I39)+SUM(I30)+SUM(I38)+SUM(I40)) -> 0 | J51: =IF(OR(J39="NA",J30="NA",J38="NA",J40="NA"),"NA",-SUM(J39)+SUM(J30)+SUM(J38)+SUM(J40)) -> 0 | K51: =IF(OR(K39="NA",K30="NA",K38="NA",K40="NA"),"NA",-SUM(K39)+SUM(K30)+SUM(K38)+SUM(K40)) -> -3.5527137e-15 | L51: =IF(OR(L39="NA",L30="NA",L38="NA",L40="NA"),"NA",-SUM(L39)+SUM(L30)+SUM(L38)+SUM(L40)) -> 0 | ... N51: =IF(OR(N39="NA",N30="NA",N38="NA",N40="NA"),"NA",-SUM(N39)+SUM(N30)+SUM(N38)+SUM(N40)) -> -1.1368684e-13
C52: Overall=0=C1-C2-C31+CSDz+NFB-NCB | E52: =IF(OR(E14="NA",E9="NA",E40="NA",E38="NA",E39="NA",E24="NA"),"NA",-SUM(E14)+SUM(E9)+SUM(E40)+SUM(E38)-SUM(E39)-SUM(E24)) -> 0.001 | F52: =IF(OR(F14="NA",F9="NA",F40="NA",F38="NA",F39="NA",F24="NA"),"NA",-SUM(F14)+SUM(F9)+SUM(F40)+SUM(F38)-SUM(F39)-SUM(F24)) -> 0 | G52: =IF(OR(G14="NA",G9="NA",G40="NA",G38="NA",G39="NA",G24="NA"),"NA",-SUM(G14)+SUM(G9)+SUM(G40)+SUM(G38)-SUM(G39)-SUM(G24)) -> 0 | H52: =IF(OR(H14="NA",H9="NA",H40="NA",H38="NA",H39="NA",H24="NA"),"NA",-SUM(H14)+SUM(H9)+SUM(H40)+SUM(H38)-SUM(H39)-SUM(H24)) -> 0.001 | I52: =IF(OR(I14="NA",I9="NA",I40="NA",I38="NA",I39="NA",I24="NA"),"NA",-SUM(I14)+SUM(I9)+SUM(I40)+SUM(I38)-SUM(I39)-SUM(I24)) -> -1.1723955e-13 | J52: =IF(OR(J14="NA",J9="NA",J40="NA",J38="NA",J39="NA",J24="NA"),"NA",-SUM(J14)+SUM(J9)+SUM(J40)+SUM(J38)-SUM(J39)-SUM(J24)) -> -2.2737368e-13 | K52: =IF(OR(K14="NA",K9="NA",K40="NA",K38="NA",K39="NA",K24="NA"),"NA",-SUM(K14)+SUM(K9)+SUM(K40)+SUM(K38)-SUM(K39)-SUM(K24)) -> -1.1368684e-13 | L52: =IF(OR(L14="NA",L9="NA",L40="NA",L38="NA",L39="NA",L24="NA"),"NA",-SUM(L14)+SUM(L9)+SUM(L40)+SUM(L38)-SUM(L39)-SUM(L24)) -> 0 | ... N52: =IF(OR(N14="NA",N9="NA",N40="NA",N38="NA",N39="NA",N24="NA"),"NA",-SUM(N14)+SUM(N9)+SUM(N40)+SUM(N38)-SUM(N39)-SUM(N24)) -> 0.001
C53: Overall=0=C1-C2M+CSDz+NFB-NCB | E53: =IF(OR(E29="NA",E9="NA",E40="NA",E38="NA",E39="NA"),"NA",-SUM(E29)+SUM(E9)+SUM(E40)+SUM(E38)-SUM(E39)) -> -9.094947e-13 | F53: =IF(OR(F29="NA",F9="NA",F40="NA",F38="NA",F39="NA"),"NA",-SUM(F29)+SUM(F9)+SUM(F40)+SUM(F38)-SUM(F39)) -> -3.375078e-14 | G53: =IF(OR(G29="NA",G9="NA",G40="NA",G38="NA",G39="NA"),"NA",-SUM(G29)+SUM(G9)+SUM(G40)+SUM(G38)-SUM(G39)) -> 0 | H53: =IF(OR(H29="NA",H9="NA",H40="NA",H38="NA",H39="NA"),"NA",-SUM(H29)+SUM(H9)+SUM(H40)+SUM(H38)-SUM(H39)) -> -2.2737368e-12 | I53: =IF(OR(I29="NA",I9="NA",I40="NA",I38="NA",I39="NA"),"NA",-SUM(I29)+SUM(I9)+SUM(I40)+SUM(I38)-SUM(I39)) -> -1.762146e-12 | J53: =IF(OR(J29="NA",J9="NA",J40="NA",J38="NA",J39="NA"),"NA",-SUM(J29)+SUM(J9)+SUM(J40)+SUM(J38)-SUM(J39)) -> -1.3216095e-12 | K53: =IF(OR(K29="NA",K9="NA",K40="NA",K38="NA",K39="NA"),"NA",-SUM(K29)+SUM(K9)+SUM(K40)+SUM(K38)-SUM(K39)) -> -3.1619152e-13 | L53: =IF(OR(L29="NA",L9="NA",L40="NA",L38="NA",L39="NA"),"NA",-SUM(L29)+SUM(L9)+SUM(L40)+SUM(L38)-SUM(L39)) -> 0 | ... N53: =IF(OR(N29="NA",N9="NA",N40="NA",N38="NA",N39="NA"),"NA",-SUM(N29)+SUM(N9)+SUM(N40)+SUM(N38)-SUM(N39)) -> -8.1854523e-12
B54: Компоненты:
C55: C1=C11+C12+C13+C14 | E55: =IF(OR(E9="NA",E10="NA",E11="NA",E12="NA",E13="NA"),"NA",-SUM(E9)+SUM(E10)+SUM(E11)+SUM(E12)+SUM(E13)) -> 9.094947e-13 | F55: =IF(OR(F9="NA",F10="NA",F11="NA",F12="NA",F13="NA"),"NA",-SUM(F9)+SUM(F10)+SUM(F11)+SUM(F12)+SUM(F13)) -> 0.001 | G55: =IF(OR(G9="NA",G10="NA",G11="NA",G12="NA",G13="NA"),"NA",-SUM(G9)+SUM(G10)+SUM(G11)+SUM(G12)+SUM(G13)) -> 0 | H55: =IF(OR(H9="NA",H10="NA",H11="NA",H12="NA",H13="NA"),"NA",-SUM(H9)+SUM(H10)+SUM(H11)+SUM(H12)+SUM(H13)) -> 0.001 | I55: =IF(OR(I9="NA",I10="NA",I11="NA",I12="NA",I13="NA"),"NA",-SUM(I9)+SUM(I10)+SUM(I11)+SUM(I12)+SUM(I13)) -> 9.094947e-13 | J55: =IF(OR(J9="NA",J10="NA",J11="NA",J12="NA",J13="NA"),"NA",-SUM(J9)+SUM(J10)+SUM(J11)+SUM(J12)+SUM(J13)) -> -0.001 | K55: =IF(OR(K9="NA",K10="NA",K11="NA",K12="NA",K13="NA"),"NA",-SUM(K9)+SUM(K10)+SUM(K11)+SUM(K12)+SUM(K13)) -> -2.2737368e-13 | L55: =IF(OR(L9="NA",L10="NA",L11="NA",L12="NA",L13="NA"),"NA",-SUM(L9)+SUM(L10)+SUM(L11)+SUM(L12)+SUM(L13)) -> 8.7041485e-14 | ... N55: =IF(OR(N9="NA",N10="NA",N11="NA",N12="NA",N13="NA"),"NA",-SUM(N9)+SUM(N10)+SUM(N11)+SUM(N12)+SUM(N13)) -> 0.001
C56: C2=C21+C22+C23+C24+C25+C26+C27+C28 | E56: =IF(OR(E15="NA",E16="NA",E17="NA",E18="NA",E19="NA",E20="NA",E21="NA"),"NA",-SUM(E14)+SUM(E15)+SUM(E16)+SUM(E17)+SUM(E18)+SUM(E19)+SUM(E20)+SUM(E21)) -> -6.5369932e-13 | F56: =IF(OR(F15="NA",F16="NA",F17="NA",F18="NA",F19="NA",F20="NA",F21="NA"),"NA",-SUM(F14)+SUM(F15)+SUM(F16)+SUM(F17)+SUM(F18)+SUM(F19)+SUM(F20)+SUM(F21)) -> 2.8421709e-14 | G56: =IF(OR(G15="NA",G16="NA",G17="NA",G18="NA",G19="NA",G20="NA",G21="NA"),"NA",-SUM(G14)+SUM(G15)+SUM(G16)+SUM(G17)+SUM(G18)+SUM(G19)+SUM(G20)+SUM(G21)) -> 0 | H56: =IF(OR(H15="NA",H16="NA",H17="NA",H18="NA",H19="NA",H20="NA",H21="NA"),"NA",-SUM(H14)+SUM(H15)+SUM(H16)+SUM(H17)+SUM(H18)+SUM(H19)+SUM(H20)+SUM(H21)) -> 5.6843419e-13 | I56: =IF(OR(I15="NA",I16="NA",I17="NA",I18="NA",I19="NA",I20="NA",I21="NA"),"NA",-SUM(I14)+SUM(I15)+SUM(I16)+SUM(I17)+SUM(I18)+SUM(I19)+SUM(I20)+SUM(I21)) -> 3.4106051e-13 | J56: =IF(OR(J15="NA",J16="NA",J17="NA",J18="NA",J19="NA",J20="NA",J21="NA"),"NA",-SUM(J14)+SUM(J15)+SUM(J16)+SUM(J17)+SUM(J18)+SUM(J19)+SUM(J20)+SUM(J21)) -> 6.2527761e-13 | K56: =IF(OR(K15="NA",K16="NA",K17="NA",K18="NA",K19="NA",K20="NA",K21="NA"),"NA",-SUM(K14)+SUM(K15)+SUM(K16)+SUM(K17)+SUM(K18)+SUM(K19)+SUM(K20)+SUM(K21)) -> -0.001 | L56: =IF(OR(L15="NA",L16="NA",L17="NA",L18="NA",L19="NA",L20="NA",L21="NA"),"NA",-SUM(L14)+SUM(L15)+SUM(L16)+SUM(L17)+SUM(L18)+SUM(L19)+SUM(L20)+SUM(L21)) -> 0 | ... N56: =IF(OR(N15="NA",N16="NA",N17="NA",N18="NA",N19="NA",N20="NA",N21="NA"),"NA",-SUM(N14)+SUM(N15)+SUM(N16)+SUM(N17)+SUM(N18)+SUM(N19)+SUM(N20)+SUM(N21)) -> 0
C57: C31=C311+C312+C313+C314 | E57: =IF(OR(E25="NA",E26="NA",E27="NA",E28="NA"),"NA",-SUM(E24)+SUM(E25)+SUM(E26)+SUM(E27)+SUM(E28)) -> 0.001 | F57: =IF(OR(F25="NA",F26="NA",F27="NA",F28="NA"),"NA",-SUM(F24)+SUM(F25)+SUM(F26)+SUM(F27)+SUM(F28)) -> 2.0691782e-14 | G57: =IF(OR(G25="NA",G26="NA",G27="NA",G28="NA"),"NA",-SUM(G24)+SUM(G25)+SUM(G26)+SUM(G27)+SUM(G28)) -> 0 | H57: =IF(OR(H25="NA",H26="NA",H27="NA",H28="NA"),"NA",-SUM(H24)+SUM(H25)+SUM(H26)+SUM(H27)+SUM(H28)) -> 0.001 | I57: =IF(OR(I25="NA",I26="NA",I27="NA",I28="NA"),"NA",-SUM(I24)+SUM(I25)+SUM(I26)+SUM(I27)+SUM(I28)) -> 3.3306691e-16 | J57: =IF(OR(J25="NA",J26="NA",J27="NA",J28="NA"),"NA",-SUM(J24)+SUM(J25)+SUM(J26)+SUM(J27)+SUM(J28)) -> -4.3520743e-14 | K57: =IF(OR(K25="NA",K26="NA",K27="NA",K28="NA"),"NA",-SUM(K24)+SUM(K25)+SUM(K26)+SUM(K27)+SUM(K28)) -> 0.001 | L57: =IF(OR(L25="NA",L26="NA",L27="NA",L28="NA"),"NA",-SUM(L24)+SUM(L25)+SUM(L26)+SUM(L27)+SUM(L28)) -> 0 | ... N57: =IF(OR(N25="NA",N26="NA",N27="NA",N28="NA"),"NA",-SUM(N24)+SUM(N25)+SUM(N26)+SUM(N27)+SUM(N28)) -> 0.001
C58: C32x=C321x+C322x | E58: =IF(OR(E32="NA",E33="NA",E34="NA"),"NA",-SUM(E32)+SUM(E33)+SUM(E34)) -> 0 | F58: =IF(OR(F32="NA",F33="NA",F34="NA"),"NA",-SUM(F32)+SUM(F33)+SUM(F34)) -> 0 | G58: =IF(OR(G32="NA",G33="NA",G34="NA"),"NA",-SUM(G32)+SUM(G33)+SUM(G34)) -> 0 | H58: =IF(OR(H32="NA",H33="NA",H34="NA"),"NA",-SUM(H32)+SUM(H33)+SUM(H34)) -> 0 | I58: =IF(OR(I32="NA",I33="NA",I34="NA"),"NA",-SUM(I32)+SUM(I33)+SUM(I34)) -> 0 | J58: =IF(OR(J32="NA",J33="NA",J34="NA"),"NA",-SUM(J32)+SUM(J33)+SUM(J34)) -> 0 | K58: =IF(OR(K32="NA",K33="NA",K34="NA"),"NA",-SUM(K32)+SUM(K33)+SUM(K34)) -> 0 | L58: =IF(OR(L32="NA",L33="NA",L34="NA"),"NA",-SUM(L32)+SUM(L33)+SUM(L34)) -> 0 | ... N58: =IF(OR(N32="NA",N33="NA",N34="NA"),"NA",-SUM(N32)+SUM(N33)+SUM(N34)) -> -7.1054274e-15
C59: C33=C331+C332 | E59: =IF(OR(E35="NA",E36="NA",E37="NA"),"NA",-SUM(E35)+SUM(E36)+SUM(E37)) -> -1.4210855e-14 | F59: =IF(OR(F35="NA",F36="NA",F37="NA"),"NA",-SUM(F35)+SUM(F36)+SUM(F37)) -> 0 | G59: =IF(OR(G35="NA",G36="NA",G37="NA"),"NA",-SUM(G35)+SUM(G36)+SUM(G37)) -> 0 | H59: =IF(OR(H35="NA",H36="NA",H37="NA"),"NA",-SUM(H35)+SUM(H36)+SUM(H37)) -> -1.4210855e-14 | I59: =IF(OR(I35="NA",I36="NA",I37="NA"),"NA",-SUM(I35)+SUM(I36)+SUM(I37)) -> 0 | J59: =IF(OR(J35="NA",J36="NA",J37="NA"),"NA",-SUM(J35)+SUM(J36)+SUM(J37)) -> 7.1054274e-15 | K59: =IF(OR(K35="NA",K36="NA",K37="NA"),"NA",-SUM(K35)+SUM(K36)+SUM(K37)) -> 0 | L59: =IF(OR(L35="NA",L36="NA",L37="NA"),"NA",-SUM(L35)+SUM(L36)+SUM(L37)) -> 0 | ... N59: =IF(OR(N35="NA",N36="NA",N37="NA"),"NA",-SUM(N35)+SUM(N36)+SUM(N37)) -> -1.4210855e-14
B60: Отчет II в сравнении с детализированными таблицами (только для стран, представляющих отчетность на кассовой основе):
C61: C1=таблица1:1 | E61: =IF(OR(E9="NA",Table1!E8="NA"),"NA",-SUM(E9)+SUM(Table1!E8)) -> -408.084 | F61: =IF(OR(F9="NA",Table1!F8="NA"),"NA",-SUM(F9)+SUM(Table1!F8)) -> 141.775 | G61: =IF(OR(G9="NA",Table1!G8="NA"),"NA",-SUM(G9)+SUM(Table1!G8)) -> 37.012 | H61: =IF(OR(H9="NA",Table1!H8="NA"),"NA",-SUM(H9)+SUM(Table1!H8)) -> -229.298 | I61: =IF(OR(I9="NA",Table1!I8="NA"),"NA",-SUM(I9)+SUM(Table1!I8)) -> 638.44 | J61: =IF(OR(J9="NA",Table1!J8="NA"),"NA",-SUM(J9)+SUM(Table1!J8)) -> 1221.488 | K61: =IF(OR(K9="NA",Table1!K8="NA"),"NA",-SUM(K9)+SUM(Table1!K8)) -> 980.372 | L61: =IF(OR(L9="NA",Table1!L8="NA"),"NA",-SUM(L9)+SUM(Table1!L8)) -> -586.844 | ... N61: =IF(OR(N9="NA",Table1!N8="NA"),"NA",-SUM(N9)+SUM(Table1!N8)) -> 409.142
C62: C11=таблица1:11 | E62: =IF(OR(E10="NA",Table1!E9="NA"),"NA",-SUM(E10)+SUM(Table1!E9)) -> -533.41 | F62: =IF(OR(F10="NA",Table1!F9="NA"),"NA",-SUM(F10)+SUM(Table1!F9)) -> 0 | G62: =IF(OR(G10="NA",Table1!G9="NA"),"NA",-SUM(G10)+SUM(Table1!G9)) -> 0 | H62: =IF(OR(H10="NA",Table1!H9="NA"),"NA",-SUM(H10)+SUM(Table1!H9)) -> -533.411 | I62: =IF(OR(I10="NA",Table1!I9="NA"),"NA",-SUM(I10)+SUM(Table1!I9)) -> 0.014 | J62: =IF(OR(J10="NA",Table1!J9="NA"),"NA",-SUM(J10)+SUM(Table1!J9)) -> 120.047 | K62: =IF(OR(K10="NA",Table1!K9="NA"),"NA",-SUM(K10)+SUM(Table1!K9)) -> -6.508 | L62: =IF(OR(L10="NA",Table1!L9="NA"),"NA",-SUM(L10)+SUM(Table1!L9)) -> 0 | ... N62: =IF(OR(N10="NA",Table1!N9="NA"),"NA",-SUM(N10)+SUM(Table1!N9)) -> -533.397
C63: C12=таблица1:12 | E63: =IF(OR(E11="NA",Table1!E42="NA"),"NA",-SUM(E11)+SUM(Table1!E42)) -> 1.954 | F63: =IF(OR(F11="NA",Table1!F42="NA"),"NA",-SUM(F11)+SUM(Table1!F42)) -> 0 | G63: =IF(OR(G11="NA",Table1!G42="NA"),"NA",-SUM(G11)+SUM(Table1!G42)) -> 0 | H63: =IF(OR(H11="NA",Table1!H42="NA"),"NA",-SUM(H11)+SUM(Table1!H42)) -> 1.954 | I63: =IF(OR(I11="NA",Table1!I42="NA"),"NA",-SUM(I11)+SUM(Table1!I42)) -> 555.428 | J63: =IF(OR(J11="NA",Table1!J42="NA"),"NA",-SUM(J11)+SUM(Table1!J42)) -> 0 | K63: =IF(OR(K11="NA",Table1!K42="NA"),"NA",-SUM(K11)+SUM(Table1!K42)) -> 0 | L63: =IF(OR(L11="NA",Table1!L42="NA"),"NA",-SUM(L11)+SUM(Table1!L42)) -> 0 | ... N63: =IF(OR(N11="NA",Table1!N42="NA"),"NA",-SUM(N11)+SUM(Table1!N42)) -> 557.382
C64: C13=таблица1:13 | E64: =IF(OR(E12="NA",Table1!E52="NA"),"NA",-SUM(E12)+SUM(Table1!E52)) -> -100.778 | F64: =IF(OR(F12="NA",Table1!F52="NA"),"NA",-SUM(F12)+SUM(Table1!F52)) -> 36.671 | G64: =IF(OR(G12="NA",Table1!G52="NA"),"NA",-SUM(G12)+SUM(Table1!G52)) -> 37.012 | H64: =IF(OR(H12="NA",Table1!H52="NA"),"NA",-SUM(H12)+SUM(Table1!H52)) -> -27.095 | I64: =IF(OR(I12="NA",Table1!I52="NA"),"NA",-SUM(I12)+SUM(Table1!I52)) -> -16.625 | J64: =IF(OR(J12="NA",Table1!J52="NA"),"NA",-SUM(J12)+SUM(Table1!J52)) -> 66.115 | K64: =IF(OR(K12="NA",Table1!K52="NA"),"NA",-SUM(K12)+SUM(Table1!K52)) -> 563.324 | L64: =IF(OR(L12="NA",Table1!L52="NA"),"NA",-SUM(L12)+SUM(Table1!L52)) -> -585.709 | ... N64: =IF(OR(N12="NA",Table1!N52="NA"),"NA",-SUM(N12)+SUM(Table1!N52)) -> -43.72
C65: C14=таблица1:14 | E65: =IF(OR(E13="NA",Table1!E62="NA"),"NA",-SUM(E13)+SUM(Table1!E62)) -> 224.15 | F65: =IF(OR(F13="NA",Table1!F62="NA"),"NA",-SUM(F13)+SUM(Table1!F62)) -> 105.103 | G65: =IF(OR(G13="NA",Table1!G62="NA"),"NA",-SUM(G13)+SUM(Table1!G62)) -> 0 | H65: =IF(OR(H13="NA",Table1!H62="NA"),"NA",-SUM(H13)+SUM(Table1!H62)) -> 329.253 | I65: =IF(OR(I13="NA",Table1!I62="NA"),"NA",-SUM(I13)+SUM(Table1!I62)) -> 99.623 | J65: =IF(OR(J13="NA",Table1!J62="NA"),"NA",-SUM(J13)+SUM(Table1!J62)) -> 1035.327 | K65: =IF(OR(K13="NA",Table1!K62="NA"),"NA",-SUM(K13)+SUM(Table1!K62)) -> 423.556 | L65: =IF(OR(L13="NA",Table1!L62="NA"),"NA",-SUM(L13)+SUM(Table1!L62)) -> -1.135 | ... N65: =IF(OR(N13="NA",Table1!N62="NA"),"NA",-SUM(N13)+SUM(Table1!N62)) -> 428.876
C66: C2=таблица2:2 | E66: =IF(OR(E14="NA",Table2!E8="NA"),"NA",-SUM(E14)+SUM(Table2!E8)) -> 751.138 | F66: =IF(OR(F14="NA",Table2!F8="NA"),"NA",-SUM(F14)+SUM(Table2!F8)) -> 358.49 | G66: =IF(OR(G14="NA",Table2!G8="NA"),"NA",-SUM(G14)+SUM(Table2!G8)) -> 37.012 | H66: =IF(OR(H14="NA",Table2!H8="NA"),"NA",-SUM(H14)+SUM(Table2!H8)) -> 1146.64 | I66: =IF(OR(I14="NA",Table2!I8="NA"),"NA",-SUM(I14)+SUM(Table2!I8)) -> 13.12 | J66: =IF(OR(J14="NA",Table2!J8="NA"),"NA",-SUM(J14)+SUM(Table2!J8)) -> 2031.26 | K66: =IF(OR(K14="NA",Table2!K8="NA"),"NA",-SUM(K14)+SUM(Table2!K8)) -> 1386.779 | L66: =IF(OR(L14="NA",Table2!L8="NA"),"NA",-SUM(L14)+SUM(Table2!L8)) -> -586.844 | ... N66: =IF(OR(N14="NA",Table2!N8="NA"),"NA",-SUM(N14)+SUM(Table2!N8)) -> 1159.76
C67: C21=таблица2:21 | E67: =IF(OR(E15="NA",Table2!E9="NA"),"NA",-SUM(E15)+SUM(Table2!E9)) -> -16.998 | F67: =IF(OR(F15="NA",Table2!F9="NA"),"NA",-SUM(F15)+SUM(Table2!F9)) -> -12.834 | G67: =IF(OR(G15="NA",Table2!G9="NA"),"NA",-SUM(G15)+SUM(Table2!G9)) -> 0 | H67: =IF(OR(H15="NA",Table2!H9="NA"),"NA",-SUM(H15)+SUM(Table2!H9)) -> -29.832 | I67: =IF(OR(I15="NA",Table2!I9="NA"),"NA",-SUM(I15)+SUM(Table2!I9)) -> 0.199 | J67: =IF(OR(J15="NA",Table2!J9="NA"),"NA",-SUM(J15)+SUM(Table2!J9)) -> 3.927 | K67: =IF(OR(K15="NA",Table2!K9="NA"),"NA",-SUM(K15)+SUM(Table2!K9)) -> 0.38 | L67: =IF(OR(L15="NA",Table2!L9="NA"),"NA",-SUM(L15)+SUM(Table2!L9)) -> 0 | ... N67: =IF(OR(N15="NA",Table2!N9="NA"),"NA",-SUM(N15)+SUM(Table2!N9)) -> -29.633
C68: C22=таблица2:22 | E68: =IF(OR(E16="NA",Table2!E14="NA"),"NA",-SUM(E16)+SUM(Table2!E14)) -> -690.439 | F68: =IF(OR(F16="NA",Table2!F14="NA"),"NA",-SUM(F16)+SUM(Table2!F14)) -> 187.948 | G68: =IF(OR(G16="NA",Table2!G14="NA"),"NA",-SUM(G16)+SUM(Table2!G14)) -> 0 | H68: =IF(OR(H16="NA",Table2!H14="NA"),"NA",-SUM(H16)+SUM(Table2!H14)) -> -502.491 | I68: =IF(OR(I16="NA",Table2!I14="NA"),"NA",-SUM(I16)+SUM(Table2!I14)) -> 3.324 | J68: =IF(OR(J16="NA",Table2!J14="NA"),"NA",-SUM(J16)+SUM(Table2!J14)) -> 487.15 | K68: =IF(OR(K16="NA",Table2!K14="NA"),"NA",-SUM(K16)+SUM(Table2!K14)) -> 359.502 | L68: =IF(OR(L16="NA",Table2!L14="NA"),"NA",-SUM(L16)+SUM(Table2!L14)) -> 0 | ... N68: =IF(OR(N16="NA",Table2!N14="NA"),"NA",-SUM(N16)+SUM(Table2!N14)) -> -499.167
C69: C24=таблица2:24 | E69: =IF(OR(E17="NA",Table2!E16="NA"),"NA",-SUM(E17)+SUM(Table2!E16)) -> 25.853 | F69: =IF(OR(F17="NA",Table2!F16="NA"),"NA",-SUM(F17)+SUM(Table2!F16)) -> -0.803 | G69: =IF(OR(G17="NA",Table2!G16="NA"),"NA",-SUM(G17)+SUM(Table2!G16)) -> 0 | H69: =IF(OR(H17="NA",Table2!H16="NA"),"NA",-SUM(H17)+SUM(Table2!H16)) -> 25.05 | I69: =IF(OR(I17="NA",Table2!I16="NA"),"NA",-SUM(I17)+SUM(Table2!I16)) -> 0 | J69: =IF(OR(J17="NA",Table2!J16="NA"),"NA",-SUM(J17)+SUM(Table2!J16)) -> 4.103 | K69: =IF(OR(K17="NA",Table2!K16="NA"),"NA",-SUM(K17)+SUM(Table2!K16)) -> -0.247 | L69: =IF(OR(L17="NA",Table2!L16="NA"),"NA",-SUM(L17)+SUM(Table2!L16)) -> -1.135 | ... N69: =IF(OR(N17="NA",Table2!N16="NA"),"NA",-SUM(N17)+SUM(Table2!N16)) -> 25.05
C70: C25=таблица2:25 | E70: =IF(OR(E18="NA",Table2!E20="NA"),"NA",-SUM(E18)+SUM(Table2!E20)) -> 507.363 | F70: =IF(OR(F18="NA",Table2!F20="NA"),"NA",-SUM(F18)+SUM(Table2!F20)) -> 55.264 | G70: =IF(OR(G18="NA",Table2!G20="NA"),"NA",-SUM(G18)+SUM(Table2!G20)) -> 0 | H70: =IF(OR(H18="NA",Table2!H20="NA"),"NA",-SUM(H18)+SUM(Table2!H20)) -> 562.627 | I70: =IF(OR(I18="NA",Table2!I20="NA"),"NA",-SUM(I18)+SUM(Table2!I20)) -> 0.021 | J70: =IF(OR(J18="NA",Table2!J20="NA"),"NA",-SUM(J18)+SUM(Table2!J20)) -> 954.469 | K70: =IF(OR(K18="NA",Table2!K20="NA"),"NA",-SUM(K18)+SUM(Table2!K20)) -> 661.33 | L70: =IF(OR(L18="NA",Table2!L20="NA"),"NA",-SUM(L18)+SUM(Table2!L20)) -> 0 | ... N70: =IF(OR(N18="NA",Table2!N20="NA"),"NA",-SUM(N18)+SUM(Table2!N20)) -> 562.648
C71: C26=таблица2:26 | E71: =IF(OR(E19="NA",Table2!E24="NA"),"NA",-SUM(E19)+SUM(Table2!E24)) -> 227.896 | F71: =IF(OR(F19="NA",Table2!F24="NA"),"NA",-SUM(F19)+SUM(Table2!F24)) -> -7.313 | G71: =IF(OR(G19="NA",Table2!G24="NA"),"NA",-SUM(G19)+SUM(Table2!G24)) -> 37.012 | H71: =IF(OR(H19="NA",Table2!H24="NA"),"NA",-SUM(H19)+SUM(Table2!H24)) -> 257.595 | I71: =IF(OR(I19="NA",Table2!I24="NA"),"NA",-SUM(I19)+SUM(Table2!I24)) -> -1.574 | J71: =IF(OR(J19="NA",Table2!J24="NA"),"NA",-SUM(J19)+SUM(Table2!J24)) -> 304.955 | K71: =IF(OR(K19="NA",Table2!K24="NA"),"NA",-SUM(K19)+SUM(Table2!K24)) -> 122.952 | L71: =IF(OR(L19="NA",Table2!L24="NA"),"NA",-SUM(L19)+SUM(Table2!L24)) -> -585.709 | ... N71: =IF(OR(N19="NA",Table2!N24="NA"),"NA",-SUM(N19)+SUM(Table2!N24)) -> 256.021
C72: C27=таблица2:27 | E72: =IF(OR(E20="NA",Table2!E34="NA"),"NA",-SUM(E20)+SUM(Table2!E34)) -> -142.739 | F72: =IF(OR(F20="NA",Table2!F34="NA"),"NA",-SUM(F20)+SUM(Table2!F34)) -> 0.009 | G72: =IF(OR(G20="NA",Table2!G34="NA"),"NA",-SUM(G20)+SUM(Table2!G34)) -> 0 | H72: =IF(OR(H20="NA",Table2!H34="NA"),"NA",-SUM(H20)+SUM(Table2!H34)) -> -142.73 | I72: =IF(OR(I20="NA",Table2!I34="NA"),"NA",-SUM(I20)+SUM(Table2!I34)) -> 435.056 | J72: =IF(OR(J20="NA",Table2!J34="NA"),"NA",-SUM(J20)+SUM(Table2!J34)) -> -47.692 | K72: =IF(OR(K20="NA",Table2!K34="NA"),"NA",-SUM(K20)+SUM(Table2!K34)) -> -25.952 | L72: =IF(OR(L20="NA",Table2!L34="NA"),"NA",-SUM(L20)+SUM(Table2!L34)) -> 0 | ... N72: =IF(OR(N20="NA",Table2!N34="NA"),"NA",-SUM(N20)+SUM(Table2!N34)) -> 292.326
C73: C28=таблица2:28 | E73: =IF(OR(E21="NA",Table2!E38="NA"),"NA",-SUM(E21)+SUM(Table2!E38)) -> 178.543 | F73: =IF(OR(F21="NA",Table2!F38="NA"),"NA",-SUM(F21)+SUM(Table2!F38)) -> -14.176 | G73: =IF(OR(G21="NA",Table2!G38="NA"),"NA",-SUM(G21)+SUM(Table2!G38)) -> 0 | H73: =IF(OR(H21="NA",Table2!H38="NA"),"NA",-SUM(H21)+SUM(Table2!H38)) -> 164.367 | I73: =IF(OR(I21="NA",Table2!I38="NA"),"NA",-SUM(I21)+SUM(Table2!I38)) -> -434.774 | J73: =IF(OR(J21="NA",Table2!J38="NA"),"NA",-SUM(J21)+SUM(Table2!J38)) -> -16.628 | K73: =IF(OR(K21="NA",Table2!K38="NA"),"NA",-SUM(K21)+SUM(Table2!K38)) -> 8.71 | L73: =IF(OR(L21="NA",Table2!L38="NA"),"NA",-SUM(L21)+SUM(Table2!L38)) -> 0 | ... N73: =IF(OR(N21="NA",Table2!N38="NA"),"NA",-SUM(N21)+SUM(Table2!N38)) -> -270.407
C74: C31=таблица3:31 | E74: =IF(OR(E24="NA",Table3!E9="NA"),"NA",-SUM(E24)+SUM(Table3!E9)) -> -1593.578 | F74: =IF(OR(F24="NA",Table3!F9="NA"),"NA",-SUM(F24)+SUM(Table3!F9)) -> -206.073 | G74: =IF(OR(G24="NA",Table3!G9="NA"),"NA",-SUM(G24)+SUM(Table3!G9)) -> 0 | H74: =IF(OR(H24="NA",Table3!H9="NA"),"NA",-SUM(H24)+SUM(Table3!H9)) -> -1799.651 | I74: =IF(OR(I24="NA",Table3!I9="NA"),"NA",-SUM(I24)+SUM(Table3!I9)) -> -12.982 | J74: =IF(OR(J24="NA",Table3!J9="NA"),"NA",-SUM(J24)+SUM(Table3!J9)) -> -1248.173 | K74: =IF(OR(K24="NA",Table3!K9="NA"),"NA",-SUM(K24)+SUM(Table3!K9)) -> -276.315 | L74: =IF(OR(L24="NA",Table3!L9="NA"),"NA",-SUM(L24)+SUM(Table3!L9)) -> 0 | ... N74: =IF(OR(N24="NA",Table3!N9="NA"),"NA",-SUM(N24)+SUM(Table3!N9)) -> -1812.633
C75: C311=таблица3:311 | E75: =IF(OR(E25="NA",Table3!E10="NA"),"NA",-SUM(E25)+SUM(Table3!E10)) -> -1222.584 | F75: =IF(OR(F25="NA",Table3!F10="NA"),"NA",-SUM(F25)+SUM(Table3!F10)) -> -58.702 | G75: =IF(OR(G25="NA",Table3!G10="NA"),"NA",-SUM(G25)+SUM(Table3!G10)) -> 0 | H75: =IF(OR(H25="NA",Table3!H10="NA"),"NA",-SUM(H25)+SUM(Table3!H10)) -> -1281.286 | I75: =IF(OR(I25="NA",Table3!I10="NA"),"NA",-SUM(I25)+SUM(Table3!I10)) -> -9.285 | J75: =IF(OR(J25="NA",Table3!J10="NA"),"NA",-SUM(J25)+SUM(Table3!J10)) -> -804.477 | K75: =IF(OR(K25="NA",Table3!K10="NA"),"NA",-SUM(K25)+SUM(Table3!K10)) -> -15.497 | L75: =IF(OR(L25="NA",Table3!L10="NA"),"NA",-SUM(L25)+SUM(Table3!L10)) -> 0 | ... N75: =IF(OR(N25="NA",Table3!N10="NA"),"NA",-SUM(N25)+SUM(Table3!N10)) -> -1290.571
C76: C312=таблица3:312 | E76: =IF(OR(E26="NA",Table3!E15="NA"),"NA",-SUM(E26)+SUM(Table3!E15)) -> -372.515 | F76: =IF(OR(F26="NA",Table3!F15="NA"),"NA",-SUM(F26)+SUM(Table3!F15)) -> -147.292 | G76: =IF(OR(G26="NA",Table3!G15="NA"),"NA",-SUM(G26)+SUM(Table3!G15)) -> 0 | H76: =IF(OR(H26="NA",Table3!H15="NA"),"NA",-SUM(H26)+SUM(Table3!H15)) -> -519.807 | I76: =IF(OR(I26="NA",Table3!I15="NA"),"NA",-SUM(I26)+SUM(Table3!I15)) -> -3.183 | J76: =IF(OR(J26="NA",Table3!J15="NA"),"NA",-SUM(J26)+SUM(Table3!J15)) -> -448.296 | K76: =IF(OR(K26="NA",Table3!K15="NA"),"NA",-SUM(K26)+SUM(Table3!K15)) -> -287.673 | L76: =IF(OR(L26="NA",Table3!L15="NA"),"NA",-SUM(L26)+SUM(Table3!L15)) -> 0 | ... N76: =IF(OR(N26="NA",Table3!N15="NA"),"NA",-SUM(N26)+SUM(Table3!N15)) -> -522.99
C77: C313=таблица3:313 | E77: =IF(OR(E27="NA",Table3!E16="NA"),"NA",-SUM(E27)+SUM(Table3!E16)) -> 0 | F77: =IF(OR(F27="NA",Table3!F16="NA"),"NA",-SUM(F27)+SUM(Table3!F16)) -> 0 | G77: =IF(OR(G27="NA",Table3!G16="NA"),"NA",-SUM(G27)+SUM(Table3!G16)) -> 0 | H77: =IF(OR(H27="NA",Table3!H16="NA"),"NA",-SUM(H27)+SUM(Table3!H16)) -> 0 | I77: =IF(OR(I27="NA",Table3!I16="NA"),"NA",-SUM(I27)+SUM(Table3!I16)) -> 0 | J77: =IF(OR(J27="NA",Table3!J16="NA"),"NA",-SUM(J27)+SUM(Table3!J16)) -> 0 | K77: =IF(OR(K27="NA",Table3!K16="NA"),"NA",-SUM(K27)+SUM(Table3!K16)) -> 0 | L77: =IF(OR(L27="NA",Table3!L16="NA"),"NA",-SUM(L27)+SUM(Table3!L16)) -> 0 | ... N77: =IF(OR(N27="NA",Table3!N16="NA"),"NA",-SUM(N27)+SUM(Table3!N16)) -> 0
C78: C314=таблица3:314 | E78: =IF(OR(E28="NA",Table3!E17="NA"),"NA",-SUM(E28)+SUM(Table3!E17)) -> 1.52 | F78: =IF(OR(F28="NA",Table3!F17="NA"),"NA",-SUM(F28)+SUM(Table3!F17)) -> -0.079 | G78: =IF(OR(G28="NA",Table3!G17="NA"),"NA",-SUM(G28)+SUM(Table3!G17)) -> 0 | H78: =IF(OR(H28="NA",Table3!H17="NA"),"NA",-SUM(H28)+SUM(Table3!H17)) -> 1.441 | I78: =IF(OR(I28="NA",Table3!I17="NA"),"NA",-SUM(I28)+SUM(Table3!I17)) -> -0.514 | J78: =IF(OR(J28="NA",Table3!J17="NA"),"NA",-SUM(J28)+SUM(Table3!J17)) -> 4.6 | K78: =IF(OR(K28="NA",Table3!K17="NA"),"NA",-SUM(K28)+SUM(Table3!K17)) -> 26.854 | L78: =IF(OR(L28="NA",Table3!L17="NA"),"NA",-SUM(L28)+SUM(Table3!L17)) -> 0 | ... N78: =IF(OR(N28="NA",Table3!N17="NA"),"NA",-SUM(N28)+SUM(Table3!N17)) -> 0.927
C79: CSD=таблица3:3M2-CSDz | E79: =IF(OR(E30="NA",Table3!E95="NA",E40="NA"),"NA",-SUM(E30)+SUM(Table3!E95)-SUM(E40)) -> 434.342 | F79: =IF(OR(F30="NA",Table3!F95="NA",F40="NA"),"NA",-SUM(F30)+SUM(Table3!F95)-SUM(F40)) -> -10.61 | G79: =IF(OR(G30="NA",Table3!G95="NA",G40="NA"),"NA",-SUM(G30)+SUM(Table3!G95)-SUM(G40)) -> 0 | H79: =IF(OR(H30="NA",Table3!H95="NA",H40="NA"),"NA",-SUM(H30)+SUM(Table3!H95)-SUM(H40)) -> 423.732 | I79: =IF(OR(I30="NA",Table3!I95="NA",I40="NA"),"NA",-SUM(I30)+SUM(Table3!I95)-SUM(I40)) -> 638.279 | J79: =IF(OR(J30="NA",Table3!J95="NA",J40="NA"),"NA",-SUM(J30)+SUM(Table3!J95)-SUM(J40)) -> 438.373 | K79: =IF(OR(K30="NA",Table3!K95="NA",K40="NA"),"NA",-SUM(K30)+SUM(Table3!K95)-SUM(K40)) -> -130.048 | L79: =IF(OR(L30="NA",Table3!L95="NA",L40="NA"),"NA",-SUM(L30)+SUM(Table3!L95)-SUM(L40)) -> 0 | ... N79: =IF(OR(N30="NA",Table3!N95="NA",N40="NA"),"NA",-SUM(N30)+SUM(Table3!N95)-SUM(N40)) -> 1062.011
C80: C32x+NCB=таблица 3:32 | E80: =IF(OR(E32="NA",Table3!E22="NA",E39="NA"),"NA",-SUM(E32)+SUM(Table3!E22)-SUM(E39)) -> 1209.009 | F80: =IF(OR(F32="NA",Table3!F22="NA",F39="NA"),"NA",-SUM(F32)+SUM(Table3!F22)-SUM(F39)) -> 37.726 | G80: =IF(OR(G32="NA",Table3!G22="NA",G39="NA"),"NA",-SUM(G32)+SUM(Table3!G22)-SUM(G39)) -> 0 | H80: =IF(OR(H32="NA",Table3!H22="NA",H39="NA"),"NA",-SUM(H32)+SUM(Table3!H22)-SUM(H39)) -> 1246.735 | I80: =IF(OR(I32="NA",Table3!I22="NA",I39="NA"),"NA",-SUM(I32)+SUM(Table3!I22)-SUM(I39)) -> 421.375 | J80: =IF(OR(J32="NA",Table3!J22="NA",J39="NA"),"NA",-SUM(J32)+SUM(Table3!J22)-SUM(J39)) -> 368.577 | K80: =IF(OR(K32="NA",Table3!K22="NA",K39="NA"),"NA",-SUM(K32)+SUM(Table3!K22)-SUM(K39)) -> -112.138 | L80: =IF(OR(L32="NA",Table3!L22="NA",L39="NA"),"NA",-SUM(L32)+SUM(Table3!L22)-SUM(L39)) -> -67.165 | ... N80: =IF(OR(N32="NA",Table3!N22="NA",N39="NA"),"NA",-SUM(N32)+SUM(Table3!N22)-SUM(N39)) -> 1668.11
C81: NCB=3202 | E81: =IF(OR(E39="NA",Table3!E24="NA"),"NA",-SUM(E39)+SUM(Table3!E24)) -> 0 | F81: =IF(OR(F39="NA",Table3!F24="NA"),"NA",-SUM(F39)+SUM(Table3!F24)) -> 0 | G81: =IF(OR(G39="NA",Table3!G24="NA"),"NA",-SUM(G39)+SUM(Table3!G24)) -> 0 | H81: =IF(OR(H39="NA",Table3!H24="NA"),"NA",-SUM(H39)+SUM(Table3!H24)) -> 0 | I81: =IF(OR(I39="NA",Table3!I24="NA"),"NA",-SUM(I39)+SUM(Table3!I24)) -> 0 | J81: =IF(OR(J39="NA",Table3!J24="NA"),"NA",-SUM(J39)+SUM(Table3!J24)) -> 0 | K81: =IF(OR(K39="NA",Table3!K24="NA"),"NA",-SUM(K39)+SUM(Table3!K24)) -> 0 | L81: =IF(OR(L39="NA",Table3!L24="NA"),"NA",-SUM(L39)+SUM(Table3!L24)) -> 0 | ... N81: =IF(OR(N39="NA",Table3!N24="NA"),"NA",-SUM(N39)+SUM(Table3!N24)) -> 0
C82: NCB=3212+3222 | E82: =IF(OR(E39="NA",Table3!E33="NA",E42="NA"),"NA",-SUM(E39)+SUM(Table3!E33)+SUM(Table3!E42)) -> 0 | F82: =IF(OR(F39="NA",Table3!F33="NA",F42="NA"),"NA",-SUM(F39)+SUM(Table3!F33)+SUM(Table3!F42)) -> 0 | G82: =IF(OR(G39="NA",Table3!G33="NA",G42="NA"),"NA",-SUM(G39)+SUM(Table3!G33)+SUM(Table3!G42)) -> 0 | H82: =IF(OR(H39="NA",Table3!H33="NA",H42="NA"),"NA",-SUM(H39)+SUM(Table3!H33)+SUM(Table3!H42)) -> 0 | I82: =IF(OR(I39="NA",Table3!I33="NA",I42="NA"),"NA",-SUM(I39)+SUM(Table3!I33)+SUM(Table3!I42)) -> 0 | J82: =IF(OR(J39="NA",Table3!J33="NA",J42="NA"),"NA",-SUM(J39)+SUM(Table3!J33)+SUM(Table3!J42)) -> 0 | K82: =IF(OR(K39="NA",Table3!K33="NA",K42="NA"),"NA",-SUM(K39)+SUM(Table3!K33)+SUM(Table3!K42)) -> 0 | L82: =IF(OR(L39="NA",Table3!L33="NA",L42="NA"),"NA",-SUM(L39)+SUM(Table3!L33)+SUM(Table3!L42)) -> 0 | ... N82: =IF(OR(N39="NA",Table3!N33="NA",N42="NA"),"NA",-SUM(N39)+SUM(Table3!N33)+SUM(Table3!N42)) -> 0
C83: 33=таблица3:33 | E83: =IF(OR(E35="NA",Table3!E49="NA"),"NA",-SUM(E35)+SUM(Table3!E49)) -> 774.667 | F83: =IF(OR(F35="NA",Table3!F49="NA"),"NA",-SUM(F35)+SUM(Table3!F49)) -> 48.336 | G83: =IF(OR(G35="NA",Table3!G49="NA"),"NA",-SUM(G35)+SUM(Table3!G49)) -> 0 | H83: =IF(OR(H35="NA",Table3!H49="NA"),"NA",-SUM(H35)+SUM(Table3!H49)) -> 823.003 | I83: =IF(OR(I35="NA",Table3!I49="NA"),"NA",-SUM(I35)+SUM(Table3!I49)) -> -216.904 | J83: =IF(OR(J35="NA",Table3!J49="NA"),"NA",-SUM(J35)+SUM(Table3!J49)) -> -69.796 | K83: =IF(OR(K35="NA",Table3!K49="NA"),"NA",-SUM(K35)+SUM(Table3!K49)) -> 17.91 | L83: =IF(OR(L35="NA",Table3!L49="NA"),"NA",-SUM(L35)+SUM(Table3!L49)) -> -67.165 | ... N83: =IF(OR(N35="NA",Table3!N49="NA"),"NA",-SUM(N35)+SUM(Table3!N49)) -> 606.099
C84: 331=таблица3:331 | E84: =IF(OR(E36="NA",Table3!E63="NA"),"NA",-SUM(E36)+SUM(Table3!E63)) -> 780.438 | F84: =IF(OR(F36="NA",Table3!F63="NA"),"NA",-SUM(F36)+SUM(Table3!F63)) -> 48.336 | G84: =IF(OR(G36="NA",Table3!G63="NA"),"NA",-SUM(G36)+SUM(Table3!G63)) -> 0 | H84: =IF(OR(H36="NA",Table3!H63="NA"),"NA",-SUM(H36)+SUM(Table3!H63)) -> 828.774 | I84: =IF(OR(I36="NA",Table3!I63="NA"),"NA",-SUM(I36)+SUM(Table3!I63)) -> -216.904 | J84: =IF(OR(J36="NA",Table3!J63="NA"),"NA",-SUM(J36)+SUM(Table3!J63)) -> -70.253 | K84: =IF(OR(K36="NA",Table3!K63="NA"),"NA",-SUM(K36)+SUM(Table3!K63)) -> 23.092 | L84: =IF(OR(L36="NA",Table3!L63="NA"),"NA",-SUM(L36)+SUM(Table3!L63)) -> -67.165 | ... N84: =IF(OR(N36="NA",Table3!N63="NA"),"NA",-SUM(N36)+SUM(Table3!N63)) -> 611.87
C85: 332=таблица3:332 | E85: =IF(OR(E37="NA",Table3!E71="NA"),"NA",-SUM(E37)+SUM(Table3!E71)) -> -5.771 | F85: =IF(OR(F37="NA",Table3!F71="NA"),"NA",-SUM(F37)+SUM(Table3!F71)) -> 0 | G85: =IF(OR(G37="NA",Table3!G71="NA"),"NA",-SUM(G37)+SUM(Table3!G71)) -> 0 | H85: =IF(OR(H37="NA",Table3!H71="NA"),"NA",-SUM(H37)+SUM(Table3!H71)) -> -5.771 | I85: =IF(OR(I37="NA",Table3!I71="NA"),"NA",-SUM(I37)+SUM(Table3!I71)) -> 0 | J85: =IF(OR(J37="NA",Table3!J71="NA"),"NA",-SUM(J37)+SUM(Table3!J71)) -> 0.457 | K85: =IF(OR(K37="NA",Table3!K71="NA"),"NA",-SUM(K37)+SUM(Table3!K71)) -> -5.182 | L85: =IF(OR(L37="NA",Table3!L71="NA"),"NA",-SUM(L37)+SUM(Table3!L71)) -> 0 | ... N85: =IF(OR(N37="NA",Table3!N71="NA"),"NA",-SUM(N37)+SUM(Table3!N71)) -> -5.771
C86: CPB=CSD+24 | E86: =IF(OR(E42="NA",E30="NA",E17="NA"),"NA",-SUM(E42)+SUM(E30)+SUM(E17)) -> -0.001 | F86: =IF(OR(F42="NA",F30="NA",F17="NA"),"NA",-SUM(F42)+SUM(F30)+SUM(F17)) -> -1.7763568e-15 | G86: =IF(OR(G42="NA",G30="NA",G17="NA"),"NA",-SUM(G42)+SUM(G30)+SUM(G17)) -> 0 | H86: =IF(OR(H42="NA",H30="NA",H17="NA"),"NA",-SUM(H42)+SUM(H30)+SUM(H17)) -> -0.001 | I86: =IF(OR(I42="NA",I30="NA",I17="NA"),"NA",-SUM(I42)+SUM(I30)+SUM(I17)) -> 0 | J86: =IF(OR(J42="NA",J30="NA",J17="NA"),"NA",-SUM(J42)+SUM(J30)+SUM(J17)) -> 0 | K86: =IF(OR(K42="NA",K30="NA",K17="NA"),"NA",-SUM(K42)+SUM(K30)+SUM(K17)) -> 0 | L86: =IF(OR(L42="NA",L30="NA",L17="NA"),"NA",-SUM(L42)+SUM(L30)+SUM(L17)) -> 0 | ... N86: =IF(OR(N42="NA",N30="NA",N17="NA"),"NA",-SUM(N42)+SUM(N30)+SUM(N17)) -> -0.001
B87: Консолидация:
C88: Консолидация не должна влиять на сальдо
C89: CIO=0 для CC и CT? | G89: =IF(OR(G22="NA"),"NA",IF(ROUND(G22,1)=0,"yes","check!")) -> yes | L89: =IF(OR(L22="NA"),"NA",IF(ROUND(L22,1)=0,"yes","check!")) -> yes
C90: C31=0 для CC и CT? | G90: =IF(OR(G24="NA"),"NA",IF(ROUND(G24,1)=0,"yes","check!")) -> yes | L90: =IF(OR(L24="NA"),"NA",IF(ROUND(L24,1)=0,"yes","check!")) -> yes
C91: CSD=0 для CC и CT? | G91: =IF(OR(G30="NA"),"NA",IF(ROUND(G30,1)=0,"yes","check!")) -> yes | L91: =IF(OR(L30="NA"),"NA",IF(ROUND(L30,1)=0,"yes","check!")) -> yes
C92: (C32x-C33+NCB)=0 для CC и CT? | G92: =IF(OR(G32="NA",G35="NA",G39="NA"),"NA",IF(ROUND(SUM(G32)-SUM(G35)+SUM(G39),1)=0,"yes","check!")) -> yes | L92: =IF(OR(L32="NA",L35="NA",L39="NA"),"NA",IF(ROUND(SUM(L32)-SUM(L35)+SUM(L39),1)=0,"yes","check!")) -> yes
C93: Статьи, относящиеся исключительно к отношениям с негосударственными единицами, не подлежат консолидации
C94: C12=0 для CC и CT? | G94: =IF(OR(G11="NA"),"NA",IF(ROUND(G11,1)=0,"yes","check!")) -> yes | L94: =IF(OR(L11="NA"),"NA",IF(ROUND(L11,1)=0,"yes","check!")) -> yes
C95: C21=0 для CC и CT? | G95: =IF(OR(G15="NA"),"NA",IF(ROUND(G15,1)=0,"yes","check!")) -> yes | L95: =IF(OR(L15="NA"),"NA",IF(ROUND(L15,1)=0,"yes","check!")) -> yes
C96: C27=0 для CC и CT? | G96: =IF(OR(G20="NA"),"NA",IF(ROUND(G20,1)=0,"yes","check!")) -> yes | L96: =IF(OR(L20="NA"),"NA",IF(ROUND(L20,1)=0,"yes","check!")) -> yes
C97: C322x=0 для CC и CT? | G97: =IF(OR(G34="NA"),"NA",IF(ROUND(G34,1)=0,"yes","check!")) -> yes | L97: =IF(OR(L34="NA"),"NA",IF(ROUND(L34,1)=0,"yes","check!")) -> yes
C98: C332=0 для CC и CT? | G98: =IF(OR(G37="NA"),"NA",IF(ROUND(G37,1)=0,"yes","check!")) -> yes | L98: =IF(OR(L37="NA"),"NA",IF(ROUND(L37,1)=0,"yes","check!")) -> yes

Sheet StatementIII
A1: =+Coverpage!A1 -> GFSM2014_V1.5 | F1: =Reporting_Country_Name -> Russian Federation | M1: =Reporting_Country_Code -> 922 | O1: Укажите "NA" в случае, если "нет данных"
A2: ОТЧЕТ III | E2: ="In "&Coverpage!$I$15&" of "&Coverpage!$I$14&" / Fiscal year ends in "&Coverpage!$I$11&" "&Coverpage!$I$12 -> In Billion of Russian Rubles (RUB) / Fiscal year ends in December 31st | O2: Укажите "NP" в случае, если "не применимо"
F3: Сектор госуд. управления | H3: =Reporting_Period_Code -> 2016 | M3: Для справки: центр. прав-во (вкл. SSF центр.уровня)
A4: СВОДНЫЙ ОТЧЕТ О ПОТОКАХ И ЗАПАСАХ | D4: Центральное правительство (кроме фондов соц. обеспечения) | H4: Фонды социального обеспечения | I4: Региональные органы управления | J4: Местные органы управления | K4: Столбец консолидации | L4: Сектор государст-венного управления | O4: Горизонтальные проверки
D5: Бюджетные | E5: Внебюджетные | F5: Столбец консолидации | G5: Центральное правительство | O5: Центральное правительство (CG)=(BA) | P5: Сектор гос. управления (GG)=(CG)+(SSF)
D6: BA=GL1 | E6: EA | F6: CC | G6: CG | H6: SSF | I6: SG | J6: LG | K6: CT | L6: GG=GL3 | M6: GL2 | O6: +(EA)+(CC) | P6: +(SG)+(LG)+(CT)
A7: x | B7: НЕФИНАНСОВЫЕ АКТИВЫ
A8: 61t-1 | B8: Начальный баланс .................................................................................................................................................................... | D8: =IF(ISBLANK(Table6!E103),"",Table6!E103) -> 25854.069 | E8: =IF(ISBLANK(Table6!F103),"",Table6!F103) -> 6382.3 | F8: =IF(ISBLANK(Table6!G103),"",Table6!G103) -> 0 | G8: =IF(ISBLANK(Table6!H103),"",Table6!H103) -> 32236.361 | H8: =IF(ISBLANK(Table6!I103),"",Table6!I103) -> 82.066605 | I8: =IF(ISBLANK(Table6!J103),"",Table6!J103) -> 13938.275 | J8: =IF(ISBLANK(Table6!K103),"",Table6!K103) -> 9471.196 | K8: =IF(ISBLANK(Table6!L103),"",Table6!L103) -> 0 | ... M8: =IF(ISBLANK(Table6!N103),"",Table6!N103) -> 32318.428 | O8: =IF(OR(G8="NA",D8="NA",E8="NA",F8="NA"),"NA",SUM(G8)-SUM(D8:F8)) -> -0.0077902765 | P8: =IF(OR(L8="NA",G8="NA",H8="NA",I8="NA",J8="NA",K8="NA"),"NA",SUM(L8)-SUM(G8:K8)) -> 0.0044346811
A9: 31 | B9: Операции (чистые) .................................................................................................................................................... | D9: =IF(ISBLANK(Table3!E9),"",Table3!E9) -> 1283.18 | E9: =IF(ISBLANK(Table3!F9),"",Table3!F9) -> 68.271 | F9: =IF(ISBLANK(Table3!G9),"",Table3!G9) -> 0 | G9: =IF(ISBLANK(Table3!H9),"",Table3!H9) -> 1351.451 | H9: =IF(ISBLANK(Table3!I9),"",Table3!I9) -> -0.84 | I9: =IF(ISBLANK(Table3!J9),"",Table3!J9) -> -132.596 | J9: =IF(ISBLANK(Table3!K9),"",Table3!K9) -> 395.459 | K9: =IF(ISBLANK(Table3!L9),"",Table3!L9) -> 0 | ... M9: =IF(ISBLANK(Table3!N9),"",Table3!N9) -> 1350.611 | O9: =IF(OR(G9="NA",D9="NA",E9="NA",F9="NA"),"NA",SUM(G9)-SUM(D9:F9)) -> -2.2737368e-13 | P9: =IF(OR(L9="NA",G9="NA",H9="NA",I9="NA",J9="NA",K9="NA"),"NA",SUM(L9)-SUM(G9:K9)) -> 0
A10: 91 | B10: Общая сумма других экономических потоков .................................................................................................................................................................. | D10: =IF(ISBLANK(Table9!E9),"",Table9!E9) -> 1996.367 | E10: =IF(ISBLANK(Table9!F9),"",Table9!F9) -> -568.94 | F10: =IF(ISBLANK(Table9!G9),"",Table9!G9) -> 0 | G10: =IF(ISBLANK(Table9!H9),"",Table9!H9) -> 1427.427 | H10: =IF(ISBLANK(Table9!I9),"",Table9!I9) -> 0.153 | I10: =IF(ISBLANK(Table9!J9),"",Table9!J9) -> 457.229 | J10: =IF(ISBLANK(Table9!K9),"",Table9!K9) -> 1340.518 | K10: =IF(ISBLANK(Table9!L9),"",Table9!L9) -> 0 | ... M10: =IF(ISBLANK(Table9!N9),"",Table9!N9) -> 1427.58 | O10: =IF(OR(G10="NA",D10="NA",E10="NA",F10="NA"),"NA",SUM(G10)-SUM(D10:F10)) -> 0 | P10: =IF(OR(L10="NA",G10="NA",H10="NA",I10="NA",J10="NA",K10="NA"),"NA",SUM(L10)-SUM(G10:K10)) -> 0
A11: 61t | B11: Заключительный баланс .................................................................................................................................................... | D11: =IF(ISBLANK(Table6!E9),"",Table6!E9) -> 29133.617 | E11: =IF(ISBLANK(Table6!F9),"",Table6!F9) -> 5881.628 | F11: =IF(ISBLANK(Table6!G9),"",Table6!G9) -> 0 | G11: =IF(ISBLANK(Table6!H9),"",Table6!H9) -> 35015.245 | H11: =IF(ISBLANK(Table6!I9),"",Table6!I9) -> 81.38 | I11: =IF(ISBLANK(Table6!J9),"",Table6!J9) -> 14262.907 | J11: =IF(ISBLANK(Table6!K9),"",Table6!K9) -> 11207.174 | K11: =IF(ISBLANK(Table6!L9),"",Table6!L9) -> 0 | ... M11: =IF(ISBLANK(Table6!N9),"",Table6!N9) -> 35096.625 | O11: =IF(OR(G11="NA",D11="NA",E11="NA",F11="NA"),"NA",SUM(G11)-SUM(D11:F11)) -> 0 | P11: =IF(OR(L11="NA",G11="NA",H11="NA",I11="NA",J11="NA",K11="NA"),"NA",SUM(L11)-SUM(G11:K11)) -> 7.2759576e-12
A12: NFAz | B12: Расхождение между запасами и потоками нефинансовых активов (61t-61t-1-31-91) ................................................................................................... | D12: =IF(AND(D11="NP",D8="NP",D9="NP",D10="NP"),"NP",IF(OR(D11="NA",D8="NA",D9="NA",D10="NA"),"NA",IF(ISNUMBER(D11)*ISNUMBER(D8)*ISNUMBER(D9)*ISNUMBER(D10),SUM(D11)-SUM(D8)-SUM(D9)-SUM(D10),""))) -> 0.0007797805 | E12: =IF(AND(E11="NP",E8="NP",E9="NP",E10="NP"),"NP",IF(OR(E11="NA",E8="NA",E9="NA",E10="NA"),"NA",IF(ISNUMBER(E11)*ISNUMBER(E8)*ISNUMBER(E9)*ISNUMBER(E10),SUM(E11)-SUM(E8)-SUM(E9)-SUM(E10),""))) -> -0.003 | F12: =IF(AND(F11="NP",F8="NP",F9="NP",F10="NP"),"NP",IF(OR(F11="NA",F8="NA",F9="NA",F10="NA"),"NA",IF(ISNUMBER(F11)*ISNUMBER(F8)*ISNUMBER(F9)*ISNUMBER(F10),SUM(F11)-SUM(F8)-SUM(F9)-SUM(F10),""))) -> 0 | G12: =IF(AND(G11="NP",G8="NP",G9="NP",G10="NP"),"NP",IF(OR(G11="NA",G8="NA",G9="NA",G10="NA"),"NA",IF(ISNUMBER(G11)*ISNUMBER(G8)*ISNUMBER(G9)*ISNUMBER(G10),SUM(G11)-SUM(G8)-SUM(G9)-SUM(G10),""))) -> 0.005570057 | H12: =IF(AND(H11="NP",H8="NP",H9="NP",H10="NP"),"NP",IF(OR(H11="NA",H8="NA",H9="NA",H10="NA"),"NA",IF(ISNUMBER(H11)*ISNUMBER(H8)*ISNUMBER(H9)*ISNUMBER(H10),SUM(H11)-SUM(H8)-SUM(H9)-SUM(H10),""))) -> 0.00039462493 | I12: =IF(AND(I11="NP",I8="NP",I9="NP",I10="NP"),"NP",IF(OR(I11="NA",I8="NA",I9="NA",I10="NA"),"NA",IF(ISNUMBER(I11)*ISNUMBER(I8)*ISNUMBER(I9)*ISNUMBER(I10),SUM(I11)-SUM(I8)-SUM(I9)-SUM(I10),""))) -> -0.0005160964 | J12: =IF(AND(J11="NP",J8="NP",J9="NP",J10="NP"),"NP",IF(OR(J11="NA",J8="NA",J9="NA",J10="NA"),"NA",IF(ISNUMBER(J11)*ISNUMBER(J8)*ISNUMBER(J9)*ISNUMBER(J10),SUM(J11)-SUM(J8)-SUM(J9)-SUM(J10),""))) -> 0.00098609561 | K12: =IF(AND(K11="NP",K8="NP",K9="NP",K10="NP"),"NP",IF(OR(K11="NA",K8="NA",K9="NA",K10="NA"),"NA",IF(ISNUMBER(K11)*ISNUMBER(K8)*ISNUMBER(K9)*ISNUMBER(K10),SUM(K11)-SUM(K8)-SUM(K9)-SUM(K10),""))) -> 0 | ... M12: =IF(AND(M11="NP",M8="NP",M9="NP",M10="NP"),"NP",IF(OR(M11="NA",M8="NA",M9="NA",M10="NA"),"NA",IF(ISNUMBER(M11)*ISNUMBER(M8)*ISNUMBER(M9)*ISNUMBER(M10),SUM(M11)-SUM(M8)-SUM(M9)-SUM(M10),""))) -> 0.0059646819 | O12: =IF(OR(G12="NA",D12="NA",E12="NA",F12="NA"),"NA",SUM(G12)-SUM(D12:F12)) -> 0.0077902765 | P12: =IF(OR(L12="NA",G12="NA",H12="NA",I12="NA",J12="NA",K12="NA"),"NA",SUM(L12)-SUM(G12:K12)) -> -0.0044346811
A13: x | B13: ФИНАНСОВЫЕ АКТИВЫ
A14: 62t-1 | B14: Начальный баланс .................................................................................................................................................................... | D14: =IF(ISBLANK(Table6!E104),"",Table6!E104) -> 31916.871 | E14: =IF(ISBLANK(Table6!F104),"",Table6!F104) -> 694.53939 | F14: =IF(ISBLANK(Table6!G104),"",Table6!G104) -> -6857.5715 | G14: =IF(ISBLANK(Table6!H104),"",Table6!H104) -> 25753.839 | H14: =IF(ISBLANK(Table6!I104),"",Table6!I104) -> 2944.4015 | I14: =IF(ISBLANK(Table6!J104),"",Table6!J104) -> 10970.688 | J14: =IF(ISBLANK(Table6!K104),"",Table6!K104) -> 5149.8239 | K14: =IF(ISBLANK(Table6!L104),"",Table6!L104) -> -12371.559 | ... M14: =IF(ISBLANK(Table6!N104),"",Table6!N104) -> 28698.24 | O14: =IF(OR(G14="NA",D14="NA",E14="NA",F14="NA"),"NA",SUM(G14)-SUM(D14:F14)) -> -5.0931703e-11 | P14: =IF(OR(L14="NA",G14="NA",H14="NA",I14="NA",J14="NA",K14="NA"),"NA",SUM(L14)-SUM(G14:K14)) -> 0.011101696
A15: 32 | B15: Операции (чистые) .................................................................................................................................................... | D15: =IF(ISBLANK(Table3!E22),"",Table3!E22) -> -990.379 | E15: =IF(ISBLANK(Table3!F22),"",Table3!F22) -> 6.895 | F15: =IF(ISBLANK(Table3!G22),"",Table3!G22) -> 0 | G15: =IF(ISBLANK(Table3!H22),"",Table3!H22) -> -983.484 | H15: =IF(ISBLANK(Table3!I22),"",Table3!I22) -> 248.412 | I15: =IF(ISBLANK(Table3!J22),"",Table3!J22) -> 790.784 | J15: =IF(ISBLANK(Table3!K22),"",Table3!K22) -> -58.531 | K15: =IF(ISBLANK(Table3!L22),"",Table3!L22) -> -67.165 | ... M15: =IF(ISBLANK(Table3!N22),"",Table3!N22) -> -735.072 | O15: =IF(OR(G15="NA",D15="NA",E15="NA",F15="NA"),"NA",SUM(G15)-SUM(D15:F15)) -> 0 | P15: =IF(OR(L15="NA",G15="NA",H15="NA",I15="NA",J15="NA",K15="NA"),"NA",SUM(L15)-SUM(G15:K15)) -> 1.9895197e-13
A16: 92 | B16: Общая сумма других экономических потоков .................................................................................................................................................................. | D16: =IF(ISBLANK(Table9!E14),"",Table9!E14) -> -2334.2 | E16: =IF(ISBLANK(Table9!F14),"",Table9!F14) -> -50.488 | F16: =IF(ISBLANK(Table9!G14),"",Table9!G14) -> 346.719 | G16: =IF(ISBLANK(Table9!H14),"",Table9!H14) -> -2037.962 | H16: =IF(ISBLANK(Table9!I14),"",Table9!I14) -> 17.985 | I16: =IF(ISBLANK(Table9!J14),"",Table9!J14) -> -70.029 | J16: =IF(ISBLANK(Table9!K14),"",Table9!K14) -> -24.621 | K16: =IF(ISBLANK(Table9!L14),"",Table9!L14) -> -429.136 | ... M16: =IF(ISBLANK(Table9!N14),"",Table9!N14) -> -2019.977 | O16: =IF(OR(G16="NA",D16="NA",E16="NA",F16="NA"),"NA",SUM(G16)-SUM(D16:F16)) -> 0.007 | P16: =IF(OR(L16="NA",G16="NA",H16="NA",I16="NA",J16="NA",K16="NA"),"NA",SUM(L16)-SUM(G16:K16)) -> 0
A17: 62t | B17: Заключительный баланс .................................................................................................................................................... | D17: =IF(ISBLANK(Table6!E22),"",Table6!E22) -> 28592.286 | E17: =IF(ISBLANK(Table6!F22),"",Table6!F22) -> 650.957 | F17: =IF(ISBLANK(Table6!G22),"",Table6!G22) -> -6510.852 | G17: =IF(ISBLANK(Table6!H22),"",Table6!H22) -> 22732.391 | H17: =IF(ISBLANK(Table6!I22),"",Table6!I22) -> 3210.799 | I17: =IF(ISBLANK(Table6!J22),"",Table6!J22) -> 11691.441 | J17: =IF(ISBLANK(Table6!K22),"",Table6!K22) -> 5066.672 | K17: =IF(ISBLANK(Table6!L22),"",Table6!L22) -> -12867.859 | ... M17: =IF(ISBLANK(Table6!N22),"",Table6!N22) -> 25943.19 | O17: =IF(OR(G17="NA",D17="NA",E17="NA",F17="NA"),"NA",SUM(G17)-SUM(D17:F17)) -> 0 | P17: =IF(OR(L17="NA",G17="NA",H17="NA",I17="NA",J17="NA",K17="NA"),"NA",SUM(L17)-SUM(G17:K17)) -> 0
A18: FAz | B18: Расхождение между запасами и потоками финансовых активов (62t-62t-1-32-92) ................................................................................................... | D18: =IF(AND(D17="NP",D14="NP",D15="NP",D16="NP"),"NP",IF(OR(D17="NA",D14="NA",D15="NA",D16="NA"),"NA",IF(ISNUMBER(D17)*ISNUMBER(D14)*ISNUMBER(D15)*ISNUMBER(D16),SUM(D17)-SUM(D14)-SUM(D15)-SUM(D16),""))) -> -0.0061231158 | E18: =IF(AND(E17="NP",E14="NP",E15="NP",E16="NP"),"NP",IF(OR(E17="NA",E14="NA",E15="NA",E16="NA"),"NA",IF(ISNUMBER(E17)*ISNUMBER(E14)*ISNUMBER(E15)*ISNUMBER(E16),SUM(E17)-SUM(E14)-SUM(E15)-SUM(E16),""))) -> 0.010613362 | F18: =IF(AND(F17="NP",F14="NP",F15="NP",F16="NP"),"NP",IF(OR(F17="NA",F14="NA",F15="NA",F16="NA"),"NA",IF(ISNUMBER(F17)*ISNUMBER(F14)*ISNUMBER(F15)*ISNUMBER(F16),SUM(F17)-SUM(F14)-SUM(F15)-SUM(F16),""))) -> 0.0004821186 | G18: =IF(AND(G17="NP",G14="NP",G15="NP",G16="NP"),"NP",IF(OR(G17="NA",G14="NA",G15="NA",G16="NA"),"NA",IF(ISNUMBER(G17)*ISNUMBER(G14)*ISNUMBER(G15)*ISNUMBER(G16),SUM(G17)-SUM(G14)-SUM(G15)-SUM(G16),""))) -> -0.0020276352 | H18: =IF(AND(H17="NP",H14="NP",H15="NP",H16="NP"),"NP",IF(OR(H17="NA",H14="NA",H15="NA",H16="NA"),"NA",IF(ISNUMBER(H17)*ISNUMBER(H14)*ISNUMBER(H15)*ISNUMBER(H16),SUM(H17)-SUM(H14)-SUM(H15)-SUM(H16),""))) -> 0.00054916581 | I18: =IF(AND(I17="NP",I14="NP",I15="NP",I16="NP"),"NP",IF(OR(I17="NA",I14="NA",I15="NA",I16="NA"),"NA",IF(ISNUMBER(I17)*ISNUMBER(I14)*ISNUMBER(I15)*ISNUMBER(I16),SUM(I17)-SUM(I14)-SUM(I15)-SUM(I16),""))) -> -0.0021184489 | J18: =IF(AND(J17="NP",J14="NP",J15="NP",J16="NP"),"NP",IF(OR(J17="NA",J14="NA",J15="NA",J16="NA"),"NA",IF(ISNUMBER(J17)*ISNUMBER(J14)*ISNUMBER(J15)*ISNUMBER(J16),SUM(J17)-SUM(J14)-SUM(J15)-SUM(J16),""))) -> 6.3545201e-05 | K18: =IF(AND(K17="NP",K14="NP",K15="NP",K16="NP"),"NP",IF(OR(K17="NA",K14="NA",K15="NA",K16="NA"),"NA",IF(ISNUMBER(K17)*ISNUMBER(K14)*ISNUMBER(K15)*ISNUMBER(K16),SUM(K17)-SUM(K14)-SUM(K15)-SUM(K16),""))) -> 0.0006350689 | ... M18: =IF(AND(M17="NP",M14="NP",M15="NP",M16="NP"),"NP",IF(OR(M17="NA",M14="NA",M15="NA",M16="NA"),"NA",IF(ISNUMBER(M17)*ISNUMBER(M14)*ISNUMBER(M15)*ISNUMBER(M16),SUM(M17)-SUM(M14)-SUM(M15)-SUM(M16),""))) -> -0.0014784694 | O18: =IF(OR(G18="NA",D18="NA",E18="NA",F18="NA"),"NA",SUM(G18)-SUM(D18:F18)) -> -0.0069999999 | P18: =IF(OR(L18="NA",G18="NA",H18="NA",I18="NA",J18="NA",K18="NA"),"NA",SUM(L18)-SUM(G18:K18)) -> -0.011101696
A19: x | B19: ОБЯЗАТЕЛЬСТВА
A20: 63t-1 | B20: Начальный баланс .................................................................................................................................................................... | D20: =IF(ISBLANK(Table6!E105),"",Table6!E105) -> 9803.1675 | E20: =IF(ISBLANK(Table6!F105),"",Table6!F105) -> 7275.6228 | F20: =IF(ISBLANK(Table6!G105),"",Table6!G105) -> -6857.5715 | G20: =IF(ISBLANK(Table6!H105),"",Table6!H105) -> 10221.258 | H20: =IF(ISBLANK(Table6!I105),"",Table6!I105) -> 1029.4514 | I20: =IF(ISBLANK(Table6!J105),"",Table6!J105) -> 9420.2673 | J20: =IF(ISBLANK(Table6!K105),"",Table6!K105) -> 4879.2414 | K20: =IF(ISBLANK(Table6!L105),"",Table6!L105) -> -12371.559 | ... M20: =IF(ISBLANK(Table6!N105),"",Table6!N105) -> 11250.67 | O20: =IF(OR(G20="NA",D20="NA",E20="NA",F20="NA"),"NA",SUM(G20)-SUM(D20:F20)) -> 0.039609117 | P20: =IF(OR(L20="NA",G20="NA",H20="NA",I20="NA",J20="NA",K20="NA"),"NA",SUM(L20)-SUM(G20:K20)) -> 0.00014198892
A21: 33 | B21: Операции (чистые) .................................................................................................................................................... | D21: =IF(ISBLANK(Table3!E49),"",Table3!E49) -> 1354.483 | E21: =IF(ISBLANK(Table3!F49),"",Table3!F49) -> 32.928 | F21: =IF(ISBLANK(Table3!G49),"",Table3!G49) -> 0 | G21: =IF(ISBLANK(Table3!H49),"",Table3!H49) -> 1387.411 | H21: =IF(ISBLANK(Table3!I49),"",Table3!I49) -> -216.904 | I21: =IF(ISBLANK(Table3!J49),"",Table3!J49) -> -14.188 | J21: =IF(ISBLANK(Table3!K49),"",Table3!K49) -> 45.521 | K21: =IF(ISBLANK(Table3!L49),"",Table3!L49) -> -67.165 | ... M21: =IF(ISBLANK(Table3!N49),"",Table3!N49) -> 1170.507 | O21: =IF(OR(G21="NA",D21="NA",E21="NA",F21="NA"),"NA",SUM(G21)-SUM(D21:F21)) -> 0 | P21: =IF(OR(L21="NA",G21="NA",H21="NA",I21="NA",J21="NA",K21="NA"),"NA",SUM(L21)-SUM(G21:K21)) -> 0
A22: 93 | B22: Общая сумма других экономических потоков .................................................................................................................................................................. | D22: =IF(ISBLANK(Table9!E25),"",Table9!E25) -> -474.513 | E22: =IF(ISBLANK(Table9!F25),"",Table9!F25) -> -352.522 | F22: =IF(ISBLANK(Table9!G25),"",Table9!G25) -> 346.72 | G22: =IF(ISBLANK(Table9!H25),"",Table9!H25) -> -480.315 | H22: =IF(ISBLANK(Table9!I25),"",Table9!I25) -> 252.321 | I22: =IF(ISBLANK(Table9!J25),"",Table9!J25) -> 207.445 | J22: =IF(ISBLANK(Table9!K25),"",Table9!K25) -> 239.215 | K22: =IF(ISBLANK(Table9!L25),"",Table9!L25) -> -429.136 | ... M22: =IF(ISBLANK(Table9!N25),"",Table9!N25) -> -227.994 | O22: =IF(OR(G22="NA",D22="NA",E22="NA",F22="NA"),"NA",SUM(G22)-SUM(D22:F22)) -> 0 | P22: =IF(OR(L22="NA",G22="NA",H22="NA",I22="NA",J22="NA",K22="NA"),"NA",SUM(L22)-SUM(G22:K22)) -> 0
A23: 63t | B23: Заключительный баланс .................................................................................................................................................... | D23: =IF(ISBLANK(Table6!E49),"",Table6!E49) -> 10683.177 | E23: =IF(ISBLANK(Table6!F49),"",Table6!F49) -> 6956.029 | F23: =IF(ISBLANK(Table6!G49),"",Table6!G49) -> -6510.852 | G23: =IF(ISBLANK(Table6!H49),"",Table6!H49) -> 11128.354 | H23: =IF(ISBLANK(Table6!I49),"",Table6!I49) -> 1064.868 | I23: =IF(ISBLANK(Table6!J49),"",Table6!J49) -> 9613.524 | J23: =IF(ISBLANK(Table6!K49),"",Table6!K49) -> 5163.978 | K23: =IF(ISBLANK(Table6!L49),"",Table6!L49) -> -12867.859 | ... M23: =IF(ISBLANK(Table6!N49),"",Table6!N49) -> 12193.222 | O23: =IF(OR(G23="NA",D23="NA",E23="NA",F23="NA"),"NA",SUM(G23)-SUM(D23:F23)) -> -1.8189894e-12 | P23: =IF(OR(L23="NA",G23="NA",H23="NA",I23="NA",J23="NA",K23="NA"),"NA",SUM(L23)-SUM(G23:K23)) -> 0
A24: Lz | B24: Расхождение между запасами и потоками обязательств (63t-63t-1-33-93) ................................................................................................... | D24: =IF(AND(D23="NP",D20="NP",D21="NP",D22="NP"),"NP",IF(OR(D23="NA",D20="NA",D21="NA",D22="NA"),"NA",IF(ISNUMBER(D23)*ISNUMBER(D20)*ISNUMBER(D21)*ISNUMBER(D22),SUM(D23)-SUM(D20)-SUM(D21)-SUM(D22),""))) -> 0.039510924 | E24: =IF(AND(E23="NP",E20="NP",E21="NP",E22="NP"),"NP",IF(OR(E23="NA",E20="NA",E21="NA",E22="NA"),"NA",IF(ISNUMBER(E23)*ISNUMBER(E20)*ISNUMBER(E21)*ISNUMBER(E22),SUM(E23)-SUM(E20)-SUM(E21)-SUM(E22),""))) -> 0.00018776203 | F24: =IF(AND(F23="NP",F20="NP",F21="NP",F22="NP"),"NP",IF(OR(F23="NA",F20="NA",F21="NA",F22="NA"),"NA",IF(ISNUMBER(F23)*ISNUMBER(F20)*ISNUMBER(F21)*ISNUMBER(F22),SUM(F23)-SUM(F20)-SUM(F21)-SUM(F22),""))) -> -0.0005178814 | G24: =IF(AND(G23="NP",G20="NP",G21="NP",G22="NP"),"NP",IF(OR(G23="NA",G20="NA",G21="NA",G22="NA"),"NA",IF(ISNUMBER(G23)*ISNUMBER(G20)*ISNUMBER(G21)*ISNUMBER(G22),SUM(G23)-SUM(G20)-SUM(G21)-SUM(G22),""))) -> -0.0004283125 | H24: =IF(AND(H23="NP",H20="NP",H21="NP",H22="NP"),"NP",IF(OR(H23="NA",H20="NA",H21="NA",H22="NA"),"NA",IF(ISNUMBER(H23)*ISNUMBER(H20)*ISNUMBER(H21)*ISNUMBER(H22),SUM(H23)-SUM(H20)-SUM(H21)-SUM(H22),""))) -> -0.00040488393 | I24: =IF(AND(I23="NP",I20="NP",I21="NP",I22="NP"),"NP",IF(OR(I23="NA",I20="NA",I21="NA",I22="NA"),"NA",IF(ISNUMBER(I23)*ISNUMBER(I20)*ISNUMBER(I21)*ISNUMBER(I22),SUM(I23)-SUM(I20)-SUM(I21)-SUM(I22),""))) -> -0.00025818913 | J24: =IF(AND(J23="NP",J20="NP",J21="NP",J22="NP"),"NP",IF(OR(J23="NA",J20="NA",J21="NA",J22="NA"),"NA",IF(ISNUMBER(J23)*ISNUMBER(J20)*ISNUMBER(J21)*ISNUMBER(J22),SUM(J23)-SUM(J20)-SUM(J21)-SUM(J22),""))) -> 0.00059830558 | K24: =IF(AND(K23="NP",K20="NP",K21="NP",K22="NP"),"NP",IF(OR(K23="NA",K20="NA",K21="NA",K22="NA"),"NA",IF(ISNUMBER(K23)*ISNUMBER(K20)*ISNUMBER(K21)*ISNUMBER(K22),SUM(K23)-SUM(K20)-SUM(K21)-SUM(K22),""))) -> 0.0006350689 | ... M24: =IF(AND(M23="NP",M20="NP",M21="NP",M22="NP"),"NP",IF(OR(M23="NA",M20="NA",M21="NA",M22="NA"),"NA",IF(ISNUMBER(M23)*ISNUMBER(M20)*ISNUMBER(M21)*ISNUMBER(M22),SUM(M23)-SUM(M20)-SUM(M21)-SUM(M22),""))) -> 0.038775921 | O24: =IF(OR(G24="NA",D24="NA",E24="NA",F24="NA"),"NA",SUM(G24)-SUM(D24:F24)) -> -0.039609117 | P24: =IF(OR(L24="NA",G24="NA",H24="NA",I24="NA",J24="NA",K24="NA"),"NA",SUM(L24)-SUM(G24:K24)) -> -0.00014198892
A25: x | B25: Справочные статьи:
A26: x | B26: ЧИСТАЯ СТОИМОСТЬ ФИНАНСОВЫХ АКТИВОВ
A27: 6M2t-1 | B27: Начальный баланс .................................................................................................................................................................... | D27: =IF(OR(D14="NA",D20="NA"),"NA",IF(ISNUMBER(D14)*ISNUMBER(D20),SUM(D14)-SUM(D20),"")) -> 22113.704 | E27: =IF(OR(E14="NA",E20="NA"),"NA",IF(ISNUMBER(E14)*ISNUMBER(E20),SUM(E14)-SUM(E20),"")) -> -6581.0834 | F27: =IF(OR(F14="NA",F20="NA"),"NA",IF(ISNUMBER(F14)*ISNUMBER(F20),SUM(F14)-SUM(F20),"")) -> 0 | G27: =IF(OR(G14="NA",G20="NA"),"NA",IF(ISNUMBER(G14)*ISNUMBER(G20),SUM(G14)-SUM(G20),"")) -> 15532.581 | H27: =IF(OR(H14="NA",H20="NA"),"NA",IF(ISNUMBER(H14)*ISNUMBER(H20),SUM(H14)-SUM(H20),"")) -> 1914.95 | I27: =IF(OR(I14="NA",I20="NA"),"NA",IF(ISNUMBER(I14)*ISNUMBER(I20),SUM(I14)-SUM(I20),"")) -> 1550.4209 | J27: =IF(OR(J14="NA",J20="NA"),"NA",IF(ISNUMBER(J14)*ISNUMBER(J20),SUM(J14)-SUM(J20),"")) -> 270.58253 | K27: =IF(OR(K14="NA",K20="NA"),"NA",IF(ISNUMBER(K14)*ISNUMBER(K20),SUM(K14)-SUM(K20),"")) -> 0 | ... M27: =IF(OR(M14="NA",M20="NA"),"NA",IF(ISNUMBER(M14)*ISNUMBER(M20),SUM(M14)-SUM(M20),"")) -> 17447.57 | O27: =IF(OR(G27="NA",D27="NA",E27="NA",F27="NA"),"NA",SUM(G27)-SUM(D27:F27)) -> -0.039609117 | P27: =IF(OR(L27="NA",G27="NA",H27="NA",I27="NA",J27="NA",K27="NA"),"NA",SUM(L27)-SUM(G27:K27)) -> 0.010959707
A28: 3M2 | B28: Операции (чистые) .................................................................................................................................................... | D28: =IF(ISBLANK(Table3!E95),"",Table3!E95) -> -2344.862 | E28: =IF(ISBLANK(Table3!F95),"",Table3!F95) -> -26.033 | F28: =IF(ISBLANK(Table3!G95),"",Table3!G95) -> 0 | G28: =IF(ISBLANK(Table3!H95),"",Table3!H95) -> -2370.895 | H28: =IF(ISBLANK(Table3!I95),"",Table3!I95) -> 465.316 | I28: =IF(ISBLANK(Table3!J95),"",Table3!J95) -> 804.972 | J28: =IF(ISBLANK(Table3!K95),"",Table3!K95) -> -104.052 | K28: =IF(ISBLANK(Table3!L95),"",Table3!L95) -> 0 | ... M28: =IF(ISBLANK(Table3!N95),"",Table3!N95) -> -1905.579 | O28: =IF(OR(G28="NA",D28="NA",E28="NA",F28="NA"),"NA",SUM(G28)-SUM(D28:F28)) -> -4.5474735e-13 | P28: =IF(OR(L28="NA",G28="NA",H28="NA",I28="NA",J28="NA",K28="NA"),"NA",SUM(L28)-SUM(G28:K28)) -> 4.5474735e-13
A29: 9M2 | B29: Общая сумма других экономических потоков .................................................................................................................................................................. | D29: =IF(ISBLANK(Table9!E37),"",Table9!E37) -> -1859.687 | E29: =IF(ISBLANK(Table9!F37),"",Table9!F37) -> 302.034 | F29: =IF(ISBLANK(Table9!G37),"",Table9!G37) -> -0.001 | G29: =IF(ISBLANK(Table9!H37),"",Table9!H37) -> -1557.647 | H29: =IF(ISBLANK(Table9!I37),"",Table9!I37) -> -234.336 | I29: =IF(ISBLANK(Table9!J37),"",Table9!J37) -> -277.474 | J29: =IF(ISBLANK(Table9!K37),"",Table9!K37) -> -263.836 | K29: =IF(ISBLANK(Table9!L37),"",Table9!L37) -> 0 | ... M29: =IF(ISBLANK(Table9!N37),"",Table9!N37) -> -1791.983 | O29: =IF(OR(G29="NA",D29="NA",E29="NA",F29="NA"),"NA",SUM(G29)-SUM(D29:F29)) -> 0.007 | P29: =IF(OR(L29="NA",G29="NA",H29="NA",I29="NA",J29="NA",K29="NA"),"NA",SUM(L29)-SUM(G29:K29)) -> 0
A30: 6M2t | B30: Заключительный баланс .................................................................................................................................................... | D30: =IF(ISBLANK(Table6!E81),"",Table6!E81) -> 17909.109 | E30: =IF(ISBLANK(Table6!F81),"",Table6!F81) -> -6305.072 | F30: =IF(ISBLANK(Table6!G81),"",Table6!G81) -> 0 | G30: =IF(ISBLANK(Table6!H81),"",Table6!H81) -> 11604.037 | H30: =IF(ISBLANK(Table6!I81),"",Table6!I81) -> 2145.931 | I30: =IF(ISBLANK(Table6!J81),"",Table6!J81) -> 2077.917 | J30: =IF(ISBLANK(Table6!K81),"",Table6!K81) -> -97.306 | K30: =IF(ISBLANK(Table6!L81),"",Table6!L81) -> 0 | ... M30: =IF(ISBLANK(Table6!N81),"",Table6!N81) -> 13749.968 | O30: =IF(OR(G30="NA",D30="NA",E30="NA",F30="NA"),"NA",SUM(G30)-SUM(D30:F30)) -> 1.8189894e-12 | P30: =IF(OR(L30="NA",G30="NA",H30="NA",I30="NA",J30="NA",K30="NA"),"NA",SUM(L30)-SUM(G30:K30)) -> 0
A31: 6M2z | B31: Расхождение между запасами и потоками по чистой стоимости финансовых активов (6M2t-6M2t-1-3M2-9M2) ................................................................................................... | D31: =IF(AND(D30="NP",D27="NP",D28="NP",D29="NP"),"NP",IF(OR(D30="NA",D27="NA",D28="NA",D29="NA"),"NA",IF(ISNUMBER(D30)*ISNUMBER(D27)*ISNUMBER(D28)*ISNUMBER(D29),SUM(D30)-SUM(D27)-SUM(D28)-SUM(D29),""))) -> -0.04563404 | E31: =IF(AND(E30="NP",E27="NP",E28="NP",E29="NP"),"NP",IF(OR(E30="NA",E27="NA",E28="NA",E29="NA"),"NA",IF(ISNUMBER(E30)*ISNUMBER(E27)*ISNUMBER(E28)*ISNUMBER(E29),SUM(E30)-SUM(E27)-SUM(E28)-SUM(E29),""))) -> 0.0104256 | F31: =IF(AND(F30="NP",F27="NP",F28="NP",F29="NP"),"NP",IF(OR(F30="NA",F27="NA",F28="NA",F29="NA"),"NA",IF(ISNUMBER(F30)*ISNUMBER(F27)*ISNUMBER(F28)*ISNUMBER(F29),SUM(F30)-SUM(F27)-SUM(F28)-SUM(F29),""))) -> 0.001 | G31: =IF(AND(G30="NP",G27="NP",G28="NP",G29="NP"),"NP",IF(OR(G30="NA",G27="NA",G28="NA",G29="NA"),"NA",IF(ISNUMBER(G30)*ISNUMBER(G27)*ISNUMBER(G28)*ISNUMBER(G29),SUM(G30)-SUM(G27)-SUM(G28)-SUM(G29),""))) -> -0.0015993227 | H31: =IF(AND(H30="NP",H27="NP",H28="NP",H29="NP"),"NP",IF(OR(H30="NA",H27="NA",H28="NA",H29="NA"),"NA",IF(ISNUMBER(H30)*ISNUMBER(H27)*ISNUMBER(H28)*ISNUMBER(H29),SUM(H30)-SUM(H27)-SUM(H28)-SUM(H29),""))) -> 0.00095404974 | I31: =IF(AND(I30="NP",I27="NP",I28="NP",I29="NP"),"NP",IF(OR(I30="NA",I27="NA",I28="NA",I29="NA"),"NA",IF(ISNUMBER(I30)*ISNUMBER(I27)*ISNUMBER(I28)*ISNUMBER(I29),SUM(I30)-SUM(I27)-SUM(I28)-SUM(I29),""))) -> -0.0018602598 | J31: =IF(AND(J30="NP",J27="NP",J28="NP",J29="NP"),"NP",IF(OR(J30="NA",J27="NA",J28="NA",J29="NA"),"NA",IF(ISNUMBER(J30)*ISNUMBER(J27)*ISNUMBER(J28)*ISNUMBER(J29),SUM(J30)-SUM(J27)-SUM(J28)-SUM(J29),""))) -> -0.00053476038 | K31: =IF(AND(K30="NP",K27="NP",K28="NP",K29="NP"),"NP",IF(OR(K30="NA",K27="NA",K28="NA",K29="NA"),"NA",IF(ISNUMBER(K30)*ISNUMBER(K27)*ISNUMBER(K28)*ISNUMBER(K29),SUM(K30)-SUM(K27)-SUM(K28)-SUM(K29),""))) -> 0 | ... M31: =IF(AND(M30="NP",M27="NP",M28="NP",M29="NP"),"NP",IF(OR(M30="NA",M27="NA",M28="NA",M29="NA"),"NA",IF(ISNUMBER(M30)*ISNUMBER(M27)*ISNUMBER(M28)*ISNUMBER(M29),SUM(M30)-SUM(M27)-SUM(M28)-SUM(M29),""))) -> -0.04025439 | O31: =IF(OR(G31="NA",D31="NA",E31="NA",F31="NA"),"NA",SUM(G31)-SUM(D31:F31)) -> 0.032609117 | P31: =IF(OR(L31="NA",G31="NA",H31="NA",I31="NA",J31="NA",K31="NA"),"NA",SUM(L31)-SUM(G31:K31)) -> -0.010959707
A32: x | B32: D1 DEBT LIABILITIES
A33: 6M3D1t-1 | B33: Opening stock position .................................................................................................................................................................... | D33: =IF(ISBLANK(Table6!E106),"",Table6!E106) -> 164.67653 | E33: =IF(ISBLANK(Table6!F106),"",Table6!F106) -> 86.322076 | F33: =IF(ISBLANK(Table6!G106),"",Table6!G106) -> 0 | G33: =IF(ISBLANK(Table6!H106),"",Table6!H106) -> 250.9986 | H33: =IF(ISBLANK(Table6!I106),"",Table6!I106) -> 0 | I33: =IF(ISBLANK(Table6!J106),"",Table6!J106) -> 1854.8351 | J33: =IF(ISBLANK(Table6!K106),"",Table6!K106) -> 259.14724 | K33: =IF(ISBLANK(Table6!L106),"",Table6!L106) -> -912.12784 | ... M33: =IF(ISBLANK(Table6!N106),"",Table6!N106) -> 250.9986 | O33: =IF(OR(G33="NA",D33="NA",E33="NA",F33="NA"),"NA",SUM(G33)-SUM(D33:F33)) -> 0 | P33: =IF(OR(L33="NA",G33="NA",H33="NA",I33="NA",J33="NA",K33="NA"),"NA",SUM(L33)-SUM(G33:K33)) -> 5.9117156e-12
A34: 3M3D1 | B34: Transactions (net) .................................................................................................................................................... | D34: =IF(ISBLANK(Table3!E99),"",Table3!E99) -> 615.397 | E34: =IF(ISBLANK(Table3!F99),"",Table3!F99) -> -1.235 | F34: =IF(ISBLANK(Table3!G99),"",Table3!G99) -> 0 | G34: =IF(ISBLANK(Table3!H99),"",Table3!H99) -> 614.162 | H34: =IF(ISBLANK(Table3!I99),"",Table3!I99) -> 0.046 | I34: =IF(ISBLANK(Table3!J99),"",Table3!J99) -> 55.648 | J34: =IF(ISBLANK(Table3!K99),"",Table3!K99) -> 27.332 | K34: =IF(ISBLANK(Table3!L99),"",Table3!L99) -> -67.165 | ... M34: =IF(ISBLANK(Table3!N99),"",Table3!N99) -> 614.208 | O34: =IF(OR(G34="NA",D34="NA",E34="NA",F34="NA"),"NA",SUM(G34)-SUM(D34:F34)) -> -1.1368684e-13 | P34: =IF(OR(L34="NA",G34="NA",H34="NA",I34="NA",J34="NA",K34="NA"),"NA",SUM(L34)-SUM(G34:K34)) -> 0
A35: 9M3D1 | B35: Total other economic flows .................................................................................................................................................................. | O35: =IF(OR(G35="NA",D35="NA",E35="NA",F35="NA"),"NA",SUM(G35)-SUM(D35:F35)) -> 0 | P35: =IF(OR(L35="NA",G35="NA",H35="NA",I35="NA",J35="NA",K35="NA"),"NA",SUM(L35)-SUM(G35:K35)) -> 0
A36: 6M3D1t | B36: Closing stock position .................................................................................................................................................... | D36: =IF(ISBLANK(Table6!E86),"",Table6!E86) -> 116.49 | E36: =IF(ISBLANK(Table6!F86),"",Table6!F86) -> 74.79 | F36: =IF(ISBLANK(Table6!G86),"",Table6!G86) -> NA | G36: =IF(ISBLANK(Table6!H86),"",Table6!H86) -> 191.28 | H36: =IF(ISBLANK(Table6!I86),"",Table6!I86) -> 0.046 | I36: =IF(ISBLANK(Table6!J86),"",Table6!J86) -> 2003.95 | J36: =IF(ISBLANK(Table6!K86),"",Table6!K86) -> 151.189 | K36: =IF(ISBLANK(Table6!L86),"",Table6!L86) -> -1094.981 | ... M36: =IF(ISBLANK(Table6!N86),"",Table6!N86) -> 191.326 | O36: =IF(OR(G36="NA",D36="NA",E36="NA",F36="NA"),"NA",SUM(G36)-SUM(D36:F36)) -> NA | P36: =IF(OR(L36="NA",G36="NA",H36="NA",I36="NA",J36="NA",K36="NA"),"NA",SUM(L36)-SUM(G36:K36)) -> 0
A37: 6M3D1z | B37: Stock-Flow discrepancy in D1 debt liabilities (6MD1t-6MD1t-1-3MD1-9MD1) ................................................................................................... | D37: =IF(AND(D36="NP",D33="NP",D34="NP",D35="NP"),"NP",IF(OR(D36="NA",D33="NA",D34="NA",D35="NA"),"NA",IF(ISNUMBER(D36)*ISNUMBER(D33)*ISNUMBER(D34)*ISNUMBER(D35),SUM(D36)-SUM(D33)-SUM(D34)-SUM(D35),""))) | E37: =IF(AND(E36="NP",E33="NP",E34="NP",E35="NP"),"NP",IF(OR(E36="NA",E33="NA",E34="NA",E35="NA"),"NA",IF(ISNUMBER(E36)*ISNUMBER(E33)*ISNUMBER(E34)*ISNUMBER(E35),SUM(E36)-SUM(E33)-SUM(E34)-SUM(E35),""))) | F37: =IF(AND(F36="NP",F33="NP",F34="NP",F35="NP"),"NP",IF(OR(F36="NA",F33="NA",F34="NA",F35="NA"),"NA",IF(ISNUMBER(F36)*ISNUMBER(F33)*ISNUMBER(F34)*ISNUMBER(F35),SUM(F36)-SUM(F33)-SUM(F34)-SUM(F35),""))) -> NA | G37: =IF(AND(G36="NP",G33="NP",G34="NP",G35="NP"),"NP",IF(OR(G36="NA",G33="NA",G34="NA",G35="NA"),"NA",IF(ISNUMBER(G36)*ISNUMBER(G33)*ISNUMBER(G34)*ISNUMBER(G35),SUM(G36)-SUM(G33)-SUM(G34)-SUM(G35),""))) | H37: =IF(AND(H36="NP",H33="NP",H34="NP",H35="NP"),"NP",IF(OR(H36="NA",H33="NA",H34="NA",H35="NA"),"NA",IF(ISNUMBER(H36)*ISNUMBER(H33)*ISNUMBER(H34)*ISNUMBER(H35),SUM(H36)-SUM(H33)-SUM(H34)-SUM(H35),""))) | I37: =IF(AND(I36="NP",I33="NP",I34="NP",I35="NP"),"NP",IF(OR(I36="NA",I33="NA",I34="NA",I35="NA"),"NA",IF(ISNUMBER(I36)*ISNUMBER(I33)*ISNUMBER(I34)*ISNUMBER(I35),SUM(I36)-SUM(I33)-SUM(I34)-SUM(I35),""))) | J37: =IF(AND(J36="NP",J33="NP",J34="NP",J35="NP"),"NP",IF(OR(J36="NA",J33="NA",J34="NA",J35="NA"),"NA",IF(ISNUMBER(J36)*ISNUMBER(J33)*ISNUMBER(J34)*ISNUMBER(J35),SUM(J36)-SUM(J33)-SUM(J34)-SUM(J35),""))) | K37: =IF(AND(K36="NP",K33="NP",K34="NP",K35="NP"),"NP",IF(OR(K36="NA",K33="NA",K34="NA",K35="NA"),"NA",IF(ISNUMBER(K36)*ISNUMBER(K33)*ISNUMBER(K34)*ISNUMBER(K35),SUM(K36)-SUM(K33)-SUM(K34)-SUM(K35),""))) | ... M37: =IF(AND(M36="NP",M33="NP",M34="NP",M35="NP"),"NP",IF(OR(M36="NA",M33="NA",M34="NA",M35="NA"),"NA",IF(ISNUMBER(M36)*ISNUMBER(M33)*ISNUMBER(M34)*ISNUMBER(M35),SUM(M36)-SUM(M33)-SUM(M34)-SUM(M35),""))) | O37: =IF(OR(G37="NA",D37="NA",E37="NA",F37="NA"),"NA",SUM(G37)-SUM(D37:F37)) -> NA | P37: =IF(OR(L37="NA",G37="NA",H37="NA",I37="NA",J37="NA",K37="NA"),"NA",SUM(L37)-SUM(G37:K37)) -> 0
A39: ВЕРТИКАЛЬНЫЕ ПРОВЕРКИ ДЛЯ ОТЧЕТА III
A40: Компоненты:
B41: NFA=общая сумма=61t-61t-1-31-91-NFAz | D41: =IF(OR(D11="NA",D8="NA",D9="NA",D10="NA",D12="NA"),"NA",SUM(D11)-SUM(D8)-SUM(D9)-SUM(D10)-SUM(D12)) -> 0 | E41: =IF(OR(E11="NA",E8="NA",E9="NA",E10="NA",E12="NA"),"NA",SUM(E11)-SUM(E8)-SUM(E9)-SUM(E10)-SUM(E12)) -> 0 | F41: =IF(OR(F11="NA",F8="NA",F9="NA",F10="NA",F12="NA"),"NA",SUM(F11)-SUM(F8)-SUM(F9)-SUM(F10)-SUM(F12)) -> 0 | G41: =IF(OR(G11="NA",G8="NA",G9="NA",G10="NA",G12="NA"),"NA",SUM(G11)-SUM(G8)-SUM(G9)-SUM(G10)-SUM(G12)) -> 0 | H41: =IF(OR(H11="NA",H8="NA",H9="NA",H10="NA",H12="NA"),"NA",SUM(H11)-SUM(H8)-SUM(H9)-SUM(H10)-SUM(H12)) -> 0 | I41: =IF(OR(I11="NA",I8="NA",I9="NA",I10="NA",I12="NA"),"NA",SUM(I11)-SUM(I8)-SUM(I9)-SUM(I10)-SUM(I12)) -> 0 | J41: =IF(OR(J11="NA",J8="NA",J9="NA",J10="NA",J12="NA"),"NA",SUM(J11)-SUM(J8)-SUM(J9)-SUM(J10)-SUM(J12)) -> 0 | K41: =IF(OR(K11="NA",K8="NA",K9="NA",K10="NA",K12="NA"),"NA",SUM(K11)-SUM(K8)-SUM(K9)-SUM(K10)-SUM(K12)) -> 0 | ... M41: =IF(OR(M11="NA",M8="NA",M9="NA",M10="NA",M12="NA"),"NA",SUM(M11)-SUM(M8)-SUM(M9)-SUM(M10)-SUM(M12)) -> 0
B42: FA=общая сумма=62t-62t-1-32-92-FAz | D42: =IF(OR(D17="NA",D14="NA",D15="NA",D16="NA",D18="NA"),"NA",SUM(D17)-SUM(D14)-SUM(D15)-SUM(D16)-SUM(D18)) -> 0 | E42: =IF(OR(E17="NA",E14="NA",E15="NA",E16="NA",E18="NA"),"NA",SUM(E17)-SUM(E14)-SUM(E15)-SUM(E16)-SUM(E18)) -> 0 | F42: =IF(OR(F17="NA",F14="NA",F15="NA",F16="NA",F18="NA"),"NA",SUM(F17)-SUM(F14)-SUM(F15)-SUM(F16)-SUM(F18)) -> 0 | G42: =IF(OR(G17="NA",G14="NA",G15="NA",G16="NA",G18="NA"),"NA",SUM(G17)-SUM(G14)-SUM(G15)-SUM(G16)-SUM(G18)) -> 0 | H42: =IF(OR(H17="NA",H14="NA",H15="NA",H16="NA",H18="NA"),"NA",SUM(H17)-SUM(H14)-SUM(H15)-SUM(H16)-SUM(H18)) -> 0 | I42: =IF(OR(I17="NA",I14="NA",I15="NA",I16="NA",I18="NA"),"NA",SUM(I17)-SUM(I14)-SUM(I15)-SUM(I16)-SUM(I18)) -> 0 | J42: =IF(OR(J17="NA",J14="NA",J15="NA",J16="NA",J18="NA"),"NA",SUM(J17)-SUM(J14)-SUM(J15)-SUM(J16)-SUM(J18)) -> 0 | K42: =IF(OR(K17="NA",K14="NA",K15="NA",K16="NA",K18="NA"),"NA",SUM(K17)-SUM(K14)-SUM(K15)-SUM(K16)-SUM(K18)) -> 0 | ... M42: =IF(OR(M17="NA",M14="NA",M15="NA",M16="NA",M18="NA"),"NA",SUM(M17)-SUM(M14)-SUM(M15)-SUM(M16)-SUM(M18)) -> 0
B43: L=общая сумма=63t-63t-1-33-93-Lz | D43: =IF(OR(D23="NA",D20="NA",D21="NA",D22="NA",D24="NA"),"NA",SUM(D23)-SUM(D20)-SUM(D21)-SUM(D22)-SUM(D24)) -> 0 | E43: =IF(OR(E23="NA",E20="NA",E21="NA",E22="NA",E24="NA"),"NA",SUM(E23)-SUM(E20)-SUM(E21)-SUM(E22)-SUM(E24)) -> 0 | F43: =IF(OR(F23="NA",F20="NA",F21="NA",F22="NA",F24="NA"),"NA",SUM(F23)-SUM(F20)-SUM(F21)-SUM(F22)-SUM(F24)) -> 0 | G43: =IF(OR(G23="NA",G20="NA",G21="NA",G22="NA",G24="NA"),"NA",SUM(G23)-SUM(G20)-SUM(G21)-SUM(G22)-SUM(G24)) -> 0 | H43: =IF(OR(H23="NA",H20="NA",H21="NA",H22="NA",H24="NA"),"NA",SUM(H23)-SUM(H20)-SUM(H21)-SUM(H22)-SUM(H24)) -> 0 | I43: =IF(OR(I23="NA",I20="NA",I21="NA",I22="NA",I24="NA"),"NA",SUM(I23)-SUM(I20)-SUM(I21)-SUM(I22)-SUM(I24)) -> 0 | J43: =IF(OR(J23="NA",J20="NA",J21="NA",J22="NA",J24="NA"),"NA",SUM(J23)-SUM(J20)-SUM(J21)-SUM(J22)-SUM(J24)) -> 0 | K43: =IF(OR(K23="NA",K20="NA",K21="NA",K22="NA",K24="NA"),"NA",SUM(K23)-SUM(K20)-SUM(K21)-SUM(K22)-SUM(K24)) -> 0 | ... M43: =IF(OR(M23="NA",M20="NA",M21="NA",M22="NA",M24="NA"),"NA",SUM(M23)-SUM(M20)-SUM(M21)-SUM(M22)-SUM(M24)) -> 0
B44: NFW=общая сумма=6M2t-6M2t-1-3M2-9M2-6M2z | D44: =IF(OR(D30="NA",D27="NA",D28="NA",D29="NA",D31="NA"),"NA",SUM(D30)-SUM(D27)-SUM(D28)-SUM(D29)-SUM(D31)) -> 0 | E44: =IF(OR(E30="NA",E27="NA",E28="NA",E29="NA",E31="NA"),"NA",SUM(E30)-SUM(E27)-SUM(E28)-SUM(E29)-SUM(E31)) -> 0 | F44: =IF(OR(F30="NA",F27="NA",F28="NA",F29="NA",F31="NA"),"NA",SUM(F30)-SUM(F27)-SUM(F28)-SUM(F29)-SUM(F31)) -> 0 | G44: =IF(OR(G30="NA",G27="NA",G28="NA",G29="NA",G31="NA"),"NA",SUM(G30)-SUM(G27)-SUM(G28)-SUM(G29)-SUM(G31)) -> 0 | H44: =IF(OR(H30="NA",H27="NA",H28="NA",H29="NA",H31="NA"),"NA",SUM(H30)-SUM(H27)-SUM(H28)-SUM(H29)-SUM(H31)) -> 0 | I44: =IF(OR(I30="NA",I27="NA",I28="NA",I29="NA",I31="NA"),"NA",SUM(I30)-SUM(I27)-SUM(I28)-SUM(I29)-SUM(I31)) -> 0 | J44: =IF(OR(J30="NA",J27="NA",J28="NA",J29="NA",J31="NA"),"NA",SUM(J30)-SUM(J27)-SUM(J28)-SUM(J29)-SUM(J31)) -> 0 | K44: =IF(OR(K30="NA",K27="NA",K28="NA",K29="NA",K31="NA"),"NA",SUM(K30)-SUM(K27)-SUM(K28)-SUM(K29)-SUM(K31)) -> 0 | ... M44: =IF(OR(M30="NA",M27="NA",M28="NA",M29="NA",M31="NA"),"NA",SUM(M30)-SUM(M27)-SUM(M28)-SUM(M29)-SUM(M31)) -> 0
B45: D1=общая сумма=6MD1t-6MD1t-1-3MD1-9MD1-6MD1z | D45: =IF(OR(D36="NA",D33="NA",D34="NA",D35="NA",D37="NA"),"NA",SUM(D36)-SUM(D33)-SUM(D34)-SUM(D35)-SUM(D37)) -> -663.58353 | E45: =IF(OR(E36="NA",E33="NA",E34="NA",E35="NA",E37="NA"),"NA",SUM(E36)-SUM(E33)-SUM(E34)-SUM(E35)-SUM(E37)) -> -10.297076 | F45: =IF(OR(F36="NA",F33="NA",F34="NA",F35="NA",F37="NA"),"NA",SUM(F36)-SUM(F33)-SUM(F34)-SUM(F35)-SUM(F37)) -> NA | G45: =IF(OR(G36="NA",G33="NA",G34="NA",G35="NA",G37="NA"),"NA",SUM(G36)-SUM(G33)-SUM(G34)-SUM(G35)-SUM(G37)) -> -673.8806 | H45: =IF(OR(H36="NA",H33="NA",H34="NA",H35="NA",H37="NA"),"NA",SUM(H36)-SUM(H33)-SUM(H34)-SUM(H35)-SUM(H37)) -> 0 | I45: =IF(OR(I36="NA",I33="NA",I34="NA",I35="NA",I37="NA"),"NA",SUM(I36)-SUM(I33)-SUM(I34)-SUM(I35)-SUM(I37)) -> 93.466942 | J45: =IF(OR(J36="NA",J33="NA",J34="NA",J35="NA",J37="NA"),"NA",SUM(J36)-SUM(J33)-SUM(J34)-SUM(J35)-SUM(J37)) -> -135.29024 | K45: =IF(OR(K36="NA",K33="NA",K34="NA",K35="NA",K37="NA"),"NA",SUM(K36)-SUM(K33)-SUM(K34)-SUM(K35)-SUM(K37)) -> -115.68816 | ... M45: =IF(OR(M36="NA",M33="NA",M34="NA",M35="NA",M37="NA"),"NA",SUM(M36)-SUM(M33)-SUM(M34)-SUM(M35)-SUM(M37)) -> -673.8806
A46: Statement III vs Tables 3-9
B47: 31=Table3:31 | D47: =IF(OR(D9="NA",Table3!E9="NA"),"NA",-SUM(D9)+SUM(Table3!E9)) -> 0 | E47: =IF(OR(E9="NA",Table3!F9="NA"),"NA",-SUM(E9)+SUM(Table3!F9)) -> 0 | F47: =IF(OR(F9="NA",Table3!G9="NA"),"NA",-SUM(F9)+SUM(Table3!G9)) -> 0 | G47: =IF(OR(G9="NA",Table3!H9="NA"),"NA",-SUM(G9)+SUM(Table3!H9)) -> 0 | H47: =IF(OR(H9="NA",Table3!I9="NA"),"NA",-SUM(H9)+SUM(Table3!I9)) -> 0 | I47: =IF(OR(I9="NA",Table3!J9="NA"),"NA",-SUM(I9)+SUM(Table3!J9)) -> 0 | J47: =IF(OR(J9="NA",Table3!K9="NA"),"NA",-SUM(J9)+SUM(Table3!K9)) -> 0 | K47: =IF(OR(K9="NA",Table3!L9="NA"),"NA",-SUM(K9)+SUM(Table3!L9)) -> 0 | ... M47: =IF(OR(M9="NA",Table3!N9="NA"),"NA",-SUM(M9)+SUM(Table3!N9)) -> 0
B48: 32=Table3:32 | D48: =IF(OR(D15="NA",Table3!E22="NA"),"NA",-SUM(D15)+SUM(Table3!E22)) -> 0 | E48: =IF(OR(E15="NA",Table3!F22="NA"),"NA",-SUM(E15)+SUM(Table3!F22)) -> 0 | F48: =IF(OR(F15="NA",Table3!G22="NA"),"NA",-SUM(F15)+SUM(Table3!G22)) -> 0 | G48: =IF(OR(G15="NA",Table3!H22="NA"),"NA",-SUM(G15)+SUM(Table3!H22)) -> 0 | H48: =IF(OR(H15="NA",Table3!I22="NA"),"NA",-SUM(H15)+SUM(Table3!I22)) -> 0 | I48: =IF(OR(I15="NA",Table3!J22="NA"),"NA",-SUM(I15)+SUM(Table3!J22)) -> 0 | J48: =IF(OR(J15="NA",Table3!K22="NA"),"NA",-SUM(J15)+SUM(Table3!K22)) -> 0 | K48: =IF(OR(K15="NA",Table3!L22="NA"),"NA",-SUM(K15)+SUM(Table3!L22)) -> 0 | ... M48: =IF(OR(M15="NA",Table3!N22="NA"),"NA",-SUM(M15)+SUM(Table3!N22)) -> 0
B49: 33=Table3:33 | D49: =IF(OR(D21="NA",Table3!E49="NA"),"NA",-SUM(D21)+SUM(Table3!E49)) -> 0 | E49: =IF(OR(E21="NA",Table3!F49="NA"),"NA",-SUM(E21)+SUM(Table3!F49)) -> 0 | F49: =IF(OR(F21="NA",Table3!G49="NA"),"NA",-SUM(F21)+SUM(Table3!G49)) -> 0 | G49: =IF(OR(G21="NA",Table3!H49="NA"),"NA",-SUM(G21)+SUM(Table3!H49)) -> 0 | H49: =IF(OR(H21="NA",Table3!I49="NA"),"NA",-SUM(H21)+SUM(Table3!I49)) -> 0 | I49: =IF(OR(I21="NA",Table3!J49="NA"),"NA",-SUM(I21)+SUM(Table3!J49)) -> 0 | J49: =IF(OR(J21="NA",Table3!K49="NA"),"NA",-SUM(J21)+SUM(Table3!K49)) -> 0 | K49: =IF(OR(K21="NA",Table3!L49="NA"),"NA",-SUM(K21)+SUM(Table3!L49)) -> 0 | ... M49: =IF(OR(M21="NA",Table3!N49="NA"),"NA",-SUM(M21)+SUM(Table3!N49)) -> 0
B50: 61=Table6:61 | D50: =IF(OR(D11="NA",Table6!E9="NA"),"NA",-SUM(D11)+SUM(Table6!E9)) -> 0 | E50: =IF(OR(E11="NA",Table6!F9="NA"),"NA",-SUM(E11)+SUM(Table6!F9)) -> 0 | F50: =IF(OR(F11="NA",Table6!G9="NA"),"NA",-SUM(F11)+SUM(Table6!G9)) -> 0 | G50: =IF(OR(G11="NA",Table6!H9="NA"),"NA",-SUM(G11)+SUM(Table6!H9)) -> 0 | H50: =IF(OR(H11="NA",Table6!I9="NA"),"NA",-SUM(H11)+SUM(Table6!I9)) -> 0 | I50: =IF(OR(I11="NA",Table6!J9="NA"),"NA",-SUM(I11)+SUM(Table6!J9)) -> 0 | J50: =IF(OR(J11="NA",Table6!K9="NA"),"NA",-SUM(J11)+SUM(Table6!K9)) -> 0 | K50: =IF(OR(K11="NA",Table6!L9="NA"),"NA",-SUM(K11)+SUM(Table6!L9)) -> 0 | ... M50: =IF(OR(M11="NA",Table6!N9="NA"),"NA",-SUM(M11)+SUM(Table6!N9)) -> 0
B51: 62=Table6:62 | D51: =IF(OR(D17="NA",Table6!E22="NA"),"NA",-SUM(D17)+SUM(Table6!E22)) -> 0 | E51: =IF(OR(E17="NA",Table6!F22="NA"),"NA",-SUM(E17)+SUM(Table6!F22)) -> 0 | F51: =IF(OR(F17="NA",Table6!G22="NA"),"NA",-SUM(F17)+SUM(Table6!G22)) -> 0 | G51: =IF(OR(G17="NA",Table6!H22="NA"),"NA",-SUM(G17)+SUM(Table6!H22)) -> 0 | H51: =IF(OR(H17="NA",Table6!I22="NA"),"NA",-SUM(H17)+SUM(Table6!I22)) -> 0 | I51: =IF(OR(I17="NA",Table6!J22="NA"),"NA",-SUM(I17)+SUM(Table6!J22)) -> 0 | J51: =IF(OR(J17="NA",Table6!K22="NA"),"NA",-SUM(J17)+SUM(Table6!K22)) -> 0 | K51: =IF(OR(K17="NA",Table6!L22="NA"),"NA",-SUM(K17)+SUM(Table6!L22)) -> 0 | ... M51: =IF(OR(M17="NA",Table6!N22="NA"),"NA",-SUM(M17)+SUM(Table6!N22)) -> 0
B52: 63=Table6:63 | D52: =IF(OR(D23="NA",Table6!E49="NA"),"NA",-SUM(D23)+SUM(Table6!E49)) -> 0 | E52: =IF(OR(E23="NA",Table6!F49="NA"),"NA",-SUM(E23)+SUM(Table6!F49)) -> 0 | F52: =IF(OR(F23="NA",Table6!G49="NA"),"NA",-SUM(F23)+SUM(Table6!G49)) -> 0 | G52: =IF(OR(G23="NA",Table6!H49="NA"),"NA",-SUM(G23)+SUM(Table6!H49)) -> 0 | H52: =IF(OR(H23="NA",Table6!I49="NA"),"NA",-SUM(H23)+SUM(Table6!I49)) -> 0 | I52: =IF(OR(I23="NA",Table6!J49="NA"),"NA",-SUM(I23)+SUM(Table6!J49)) -> 0 | J52: =IF(OR(J23="NA",Table6!K49="NA"),"NA",-SUM(J23)+SUM(Table6!K49)) -> 0 | K52: =IF(OR(K23="NA",Table6!L49="NA"),"NA",-SUM(K23)+SUM(Table6!L49)) -> 0 | ... M52: =IF(OR(M23="NA",Table6!N49="NA"),"NA",-SUM(M23)+SUM(Table6!N49)) -> 0
B53: 91=Table9:91 | D53: =IF(OR(D10="NA",Table9!E9="NA"),"NA",-SUM(D10)+SUM(Table9!E9)) -> 0 | E53: =IF(OR(E10="NA",Table9!F9="NA"),"NA",-SUM(E10)+SUM(Table9!F9)) -> 0 | F53: =IF(OR(F10="NA",Table9!G9="NA"),"NA",-SUM(F10)+SUM(Table9!G9)) -> 0 | G53: =IF(OR(G10="NA",Table9!H9="NA"),"NA",-SUM(G10)+SUM(Table9!H9)) -> 0 | H53: =IF(OR(H10="NA",Table9!I9="NA"),"NA",-SUM(H10)+SUM(Table9!I9)) -> 0 | I53: =IF(OR(I10="NA",Table9!J9="NA"),"NA",-SUM(I10)+SUM(Table9!J9)) -> 0 | J53: =IF(OR(J10="NA",Table9!K9="NA"),"NA",-SUM(J10)+SUM(Table9!K9)) -> 0 | K53: =IF(OR(K10="NA",Table9!L9="NA"),"NA",-SUM(K10)+SUM(Table9!L9)) -> 0 | ... M53: =IF(OR(M10="NA",Table9!N9="NA"),"NA",-SUM(M10)+SUM(Table9!N9)) -> 0
B54: 92=Table9:92 | D54: =IF(OR(D16="NA",Table9!E14="NA"),"NA",-SUM(D16)+SUM(Table9!E14)) -> 0 | E54: =IF(OR(E16="NA",Table9!F14="NA"),"NA",-SUM(E16)+SUM(Table9!F14)) -> 0 | F54: =IF(OR(F16="NA",Table9!G14="NA"),"NA",-SUM(F16)+SUM(Table9!G14)) -> 0 | G54: =IF(OR(G16="NA",Table9!H14="NA"),"NA",-SUM(G16)+SUM(Table9!H14)) -> 0 | H54: =IF(OR(H16="NA",Table9!I14="NA"),"NA",-SUM(H16)+SUM(Table9!I14)) -> 0 | I54: =IF(OR(I16="NA",Table9!J14="NA"),"NA",-SUM(I16)+SUM(Table9!J14)) -> 0 | J54: =IF(OR(J16="NA",Table9!K14="NA"),"NA",-SUM(J16)+SUM(Table9!K14)) -> 0 | K54: =IF(OR(K16="NA",Table9!L14="NA"),"NA",-SUM(K16)+SUM(Table9!L14)) -> 0 | ... M54: =IF(OR(M16="NA",Table9!N14="NA"),"NA",-SUM(M16)+SUM(Table9!N14)) -> 0
B55: 93=Table9:93 | D55: =IF(OR(D22="NA",Table9!E25="NA"),"NA",-SUM(D22)+SUM(Table9!E25)) -> 0 | E55: =IF(OR(E22="NA",Table9!F25="NA"),"NA",-SUM(E22)+SUM(Table9!F25)) -> 0 | F55: =IF(OR(F22="NA",Table9!G25="NA"),"NA",-SUM(F22)+SUM(Table9!G25)) -> 0 | G55: =IF(OR(G22="NA",Table9!H25="NA"),"NA",-SUM(G22)+SUM(Table9!H25)) -> 0 | H55: =IF(OR(H22="NA",Table9!I25="NA"),"NA",-SUM(H22)+SUM(Table9!I25)) -> 0 | I55: =IF(OR(I22="NA",Table9!J25="NA"),"NA",-SUM(I22)+SUM(Table9!J25)) -> 0 | J55: =IF(OR(J22="NA",Table9!K25="NA"),"NA",-SUM(J22)+SUM(Table9!K25)) -> 0 | K55: =IF(OR(K22="NA",Table9!L25="NA"),"NA",-SUM(K22)+SUM(Table9!L25)) -> 0 | ... M55: =IF(OR(M22="NA",Table9!N25="NA"),"NA",-SUM(M22)+SUM(Table9!N25)) -> 0
B56: 3M2=Table3:3M2 | D56: =IF(OR(D28="NA",Table3!E95="NA"),"NA",-SUM(D28)+SUM(Table3!E95)) -> 0 | E56: =IF(OR(E28="NA",Table3!F95="NA"),"NA",-SUM(E28)+SUM(Table3!F95)) -> 0 | F56: =IF(OR(F28="NA",Table3!G95="NA"),"NA",-SUM(F28)+SUM(Table3!G95)) -> 0 | G56: =IF(OR(G28="NA",Table3!H95="NA"),"NA",-SUM(G28)+SUM(Table3!H95)) -> 0 | H56: =IF(OR(H28="NA",Table3!I95="NA"),"NA",-SUM(H28)+SUM(Table3!I95)) -> 0 | I56: =IF(OR(I28="NA",Table3!J95="NA"),"NA",-SUM(I28)+SUM(Table3!J95)) -> 0 | J56: =IF(OR(J28="NA",Table3!K95="NA"),"NA",-SUM(J28)+SUM(Table3!K95)) -> 0 | K56: =IF(OR(K28="NA",Table3!L95="NA"),"NA",-SUM(K28)+SUM(Table3!L95)) -> 0 | ... M56: =IF(OR(M28="NA",Table3!N95="NA"),"NA",-SUM(M28)+SUM(Table3!N95)) -> 0
B57: 9M2=Table9:9M2 | D57: =IF(OR(D29="NA",Table9!E37="NA"),"NA",-SUM(D29)+SUM(Table9!E37)) -> 0 | E57: =IF(OR(E29="NA",Table9!F37="NA"),"NA",-SUM(E29)+SUM(Table9!F37)) -> 0 | F57: =IF(OR(F29="NA",Table9!G37="NA"),"NA",-SUM(F29)+SUM(Table9!G37)) -> 0 | G57: =IF(OR(G29="NA",Table9!H37="NA"),"NA",-SUM(G29)+SUM(Table9!H37)) -> 0 | H57: =IF(OR(H29="NA",Table9!I37="NA"),"NA",-SUM(H29)+SUM(Table9!I37)) -> 0 | I57: =IF(OR(I29="NA",Table9!J37="NA"),"NA",-SUM(I29)+SUM(Table9!J37)) -> 0 | J57: =IF(OR(J29="NA",Table9!K37="NA"),"NA",-SUM(J29)+SUM(Table9!K37)) -> 0 | K57: =IF(OR(K29="NA",Table9!L37="NA"),"NA",-SUM(K29)+SUM(Table9!L37)) -> 0 | ... M57: =IF(OR(M29="NA",Table9!N37="NA"),"NA",-SUM(M29)+SUM(Table9!N37)) -> 0
B58: 6M2=Table6:6M2 | D58: =IF(OR(D30="NA",Table6!E81="NA"),"NA",-SUM(D30)+SUM(Table6!E81)) -> 0 | E58: =IF(OR(E30="NA",Table6!F81="NA"),"NA",-SUM(E30)+SUM(Table6!F81)) -> 0 | F58: =IF(OR(F30="NA",Table6!G81="NA"),"NA",-SUM(F30)+SUM(Table6!G81)) -> 0 | G58: =IF(OR(G30="NA",Table6!H81="NA"),"NA",-SUM(G30)+SUM(Table6!H81)) -> 0 | H58: =IF(OR(H30="NA",Table6!I81="NA"),"NA",-SUM(H30)+SUM(Table6!I81)) -> 0 | I58: =IF(OR(I30="NA",Table6!J81="NA"),"NA",-SUM(I30)+SUM(Table6!J81)) -> 0 | J58: =IF(OR(J30="NA",Table6!K81="NA"),"NA",-SUM(J30)+SUM(Table6!K81)) -> 0 | K58: =IF(OR(K30="NA",Table6!L81="NA"),"NA",-SUM(K30)+SUM(Table6!L81)) -> 0 | ... M58: =IF(OR(M30="NA",Table6!N81="NA"),"NA",-SUM(M30)+SUM(Table6!N81)) -> 0
B59: 3M3D1=Table3:3M3D1 | D59: =IF(OR(D34="NA",Table3!E99="NA"),"NA",-SUM(D34)+SUM(Table3!E99)) -> 0 | E59: =IF(OR(E34="NA",Table3!F99="NA"),"NA",-SUM(E34)+SUM(Table3!F99)) -> 0 | F59: =IF(OR(F34="NA",Table3!G99="NA"),"NA",-SUM(F34)+SUM(Table3!G99)) -> 0 | G59: =IF(OR(G34="NA",Table3!H99="NA"),"NA",-SUM(G34)+SUM(Table3!H99)) -> 0 | H59: =IF(OR(H34="NA",Table3!I99="NA"),"NA",-SUM(H34)+SUM(Table3!I99)) -> 0 | I59: =IF(OR(I34="NA",Table3!J99="NA"),"NA",-SUM(I34)+SUM(Table3!J99)) -> 0 | J59: =IF(OR(J34="NA",Table3!K99="NA"),"NA",-SUM(J34)+SUM(Table3!K99)) -> 0 | K59: =IF(OR(K34="NA",Table3!L99="NA"),"NA",-SUM(K34)+SUM(Table3!L99)) -> 0 | ... M59: =IF(OR(M34="NA",Table3!N99="NA"),"NA",-SUM(M34)+SUM(Table3!N99)) -> 0
B60: 9M3D1=Table9:9M3D1 | D60: =IF(OR(D35="NA",Table9!E41="NA"),"NA",-SUM(D35)+SUM(Table9!E41)) -> NA | E60: =IF(OR(E35="NA",Table9!F41="NA"),"NA",-SUM(E35)+SUM(Table9!F41)) -> NA | F60: =IF(OR(F35="NA",Table9!G41="NA"),"NA",-SUM(F35)+SUM(Table9!G41)) -> NA | G60: =IF(OR(G35="NA",Table9!H41="NA"),"NA",-SUM(G35)+SUM(Table9!H41)) -> NA | H60: =IF(OR(H35="NA",Table9!I41="NA"),"NA",-SUM(H35)+SUM(Table9!I41)) -> NA | I60: =IF(OR(I35="NA",Table9!J41="NA"),"NA",-SUM(I35)+SUM(Table9!J41)) -> NA | J60: =IF(OR(J35="NA",Table9!K41="NA"),"NA",-SUM(J35)+SUM(Table9!K41)) -> NA | K60: =IF(OR(K35="NA",Table9!L41="NA"),"NA",-SUM(K35)+SUM(Table9!L41)) -> NA | ... M60: =IF(OR(M35="NA",Table9!N41="NA"),"NA",-SUM(M35)+SUM(Table9!N41)) -> NA
B61: 6M3D1=Table6:6M3D1 | D61: =IF(OR(D36="NA",Table6!E86="NA"),"NA",-SUM(D36)+SUM(Table6!E86)) -> 0 | E61: =IF(OR(E36="NA",Table6!F86="NA"),"NA",-SUM(E36)+SUM(Table6!F86)) -> 0 | F61: =IF(OR(F36="NA",Table6!G86="NA"),"NA",-SUM(F36)+SUM(Table6!G86)) -> NA | G61: =IF(OR(G36="NA",Table6!H86="NA"),"NA",-SUM(G36)+SUM(Table6!H86)) -> 0 | H61: =IF(OR(H36="NA",Table6!I86="NA"),"NA",-SUM(H36)+SUM(Table6!I86)) -> 0 | I61: =IF(OR(I36="NA",Table6!J86="NA"),"NA",-SUM(I36)+SUM(Table6!J86)) -> 0 | J61: =IF(OR(J36="NA",Table6!K86="NA"),"NA",-SUM(J36)+SUM(Table6!K86)) -> 0 | K61: =IF(OR(K36="NA",Table6!L86="NA"),"NA",-SUM(K36)+SUM(Table6!L86)) -> 0 | ... M61: =IF(OR(M36="NA",Table6!N86="NA"),"NA",-SUM(M36)+SUM(Table6!N86)) -> 0

Sheet StatementIV
A1: =+Coverpage!A1 -> GFSM2014_V1.5 | F1: =Reporting_Country_Name -> Russian Federation | M1: =Reporting_Country_Code -> 922 | O1: Укажите "NA" в случае, если "нет данных"
A2: ОТЧЕТ IV | E2: ="In "&Coverpage!$I$15&" of "&Coverpage!$I$14&" / Fiscal year ends in "&Coverpage!$I$11&" "&Coverpage!$I$12 -> In Billion of Russian Rubles (RUB) / Fiscal year ends in December 31st | O2: Укажите "NP" в случае, если "не применимо"
F3: Сектор госуд. управления | H3: =Reporting_Period_Code -> 2016 | M3: Для справки: центр. прав-во (вкл. SSF центр.уровня)
A4: ОТЧЕТ ОБ ОБЩИХ ИЗМЕНЕНИЯХ ЧИСТОЙ СТОИМОСТИ АКТИВОВ | D4: Центральное правительство (кроме фондов соц. обеспечения) | H4: Фонды социального обеспечения | I4: Региональные органы управления | J4: Местные органы управления | K4: Столбец консолидации | L4: Сектор государст-венного управления | O4: Горизонтальные проверки
D5: Бюджетные | E5: Внебюджетные | F5: Столбец консолидации | G5: Центральное правительство | O5: Центральное правительство (CG)=(BA) | P5: Сектор гос. управления (GG)=(CG)+(SSF)
D6: BA=GL1 | E6: EA | F6: CC | G6: CG | H6: SSF | I6: SG | J6: LG | K6: CT | L6: GG=GL3 | M6: GL2 | O6: +(EA)+(CC) | P6: +(SG)+(LG)+(CT)
A7: 6t-1 | B7: ЧИСТАЯ СТОИМОСТЬ АКТИВОВ НА НАЧАЛО ПЕРИОДА ......................................................................................................................................... | D7: =IF(AND(Table6!E103="NP",Table6!E104="NP",Table6!E105="NP"),"NP",IF(OR(Table6!E103="NA",Table6!E104="NA",Table6!E105="NA"),"NA",IF(ISNUMBER(Table6!E103)*ISNUMBER(Table6!E104)*ISNUMBER(Table6!E105),Table6!E103+Table6!E104-Table6!E105,""))) -> 47967.773 | E7: =IF(AND(Table6!F103="NP",Table6!F104="NP",Table6!F105="NP"),"NP",IF(OR(Table6!F103="NA",Table6!F104="NA",Table6!F105="NA"),"NA",IF(ISNUMBER(Table6!F103)*ISNUMBER(Table6!F104)*ISNUMBER(Table6!F105),Table6!F103+Table6!F104-Table6!F105,""))) -> -198.78343 | F7: =IF(AND(Table6!G103="NP",Table6!G104="NP",Table6!G105="NP"),"NP",IF(OR(Table6!G103="NA",Table6!G104="NA",Table6!G105="NA"),"NA",IF(ISNUMBER(Table6!G103)*ISNUMBER(Table6!G104)*ISNUMBER(Table6!G105),Table6!G103+Table6!G104-Table6!G105,""))) -> 0 | G7: =IF(AND(Table6!H103="NP",Table6!H104="NP",Table6!H105="NP"),"NP",IF(OR(Table6!H103="NA",Table6!H104="NA",Table6!H105="NA"),"NA",IF(ISNUMBER(Table6!H103)*ISNUMBER(Table6!H104)*ISNUMBER(Table6!H105),Table6!H103+Table6!H104-Table6!H105,""))) -> 47768.942 | H7: =IF(AND(Table6!I103="NP",Table6!I104="NP",Table6!I105="NP"),"NP",IF(OR(Table6!I103="NA",Table6!I104="NA",Table6!I105="NA"),"NA",IF(ISNUMBER(Table6!I103)*ISNUMBER(Table6!I104)*ISNUMBER(Table6!I105),Table6!I103+Table6!I104-Table6!I105,""))) -> 1997.0167 | I7: =IF(AND(Table6!J103="NP",Table6!J104="NP",Table6!J105="NP"),"NP",IF(OR(Table6!J103="NA",Table6!J104="NA",Table6!J105="NA"),"NA",IF(ISNUMBER(Table6!J103)*ISNUMBER(Table6!J104)*ISNUMBER(Table6!J105),Table6!J103+Table6!J104-Table6!J105,""))) -> 15488.695 | J7: =IF(AND(Table6!K103="NP",Table6!K104="NP",Table6!K105="NP"),"NP",IF(OR(Table6!K103="NA",Table6!K104="NA",Table6!K105="NA"),"NA",IF(ISNUMBER(Table6!K103)*ISNUMBER(Table6!K104)*ISNUMBER(Table6!K105),Table6!K103+Table6!K104-Table6!K105,""))) -> 9741.7785 | K7: =IF(AND(Table6!L103="NP",Table6!L104="NP",Table6!L105="NP"),"NP",IF(OR(Table6!L103="NA",Table6!L104="NA",Table6!L105="NA"),"NA",IF(ISNUMBER(Table6!L103)*ISNUMBER(Table6!L104)*ISNUMBER(Table6!L105),Table6!L103+Table6!L104-Table6!L105,""))) -> 0 | ... M7: =IF(AND(Table6!N103="NP",Table6!N104="NP",Table6!N105="NP"),"NP",IF(OR(Table6!N103="NA",Table6!N104="NA",Table6!N105="NA"),"NA",IF(ISNUMBER(Table6!N103)*ISNUMBER(Table6!N104)*ISNUMBER(Table6!N105),Table6!N103+Table6!N104-Table6!N105,""))) -> 49765.998 | O7: =IF(OR(G7="NA",D7="NA",E7="NA",F7="NA"),"NA",SUM(G7)-SUM(D7:F7)) -> -0.047399394 | P7: =IF(OR(L7="NA",G7="NA",H7="NA",I7="NA",J7="NA",K7="NA"),"NA",SUM(L7)-SUM(G7:K7)) -> 0.015394388
A8: x | B8: ОПЕРАЦИИ, ВЛИЯЮЩИЕ НА ЧИСТУЮ СТОИМОСТЬ АКТИВОВ:
A9: 1 | B9: Доходы .................................................................................................................................................................................... | D9: =+IF(ISBLANK(Table1!E8),"",Table1!E8) -> 12963.399 | E9: =+IF(ISBLANK(Table1!F8),"",Table1!F8) -> 1925.295 | F9: =+IF(ISBLANK(Table1!G8),"",Table1!G8) -> -1057.445 | G9: =+IF(ISBLANK(Table1!H8),"",Table1!H8) -> 13831.248 | H9: =+IF(ISBLANK(Table1!I8),"",Table1!I8) -> 12179.132 | I9: =+IF(ISBLANK(Table1!J8),"",Table1!J8) -> 12896.575 | J9: =+IF(ISBLANK(Table1!K8),"",Table1!K8) -> 6716.385 | K9: =+IF(ISBLANK(Table1!L8),"",Table1!L8) -> -14447.783 | ... M9: =+IF(ISBLANK(Table1!N8),"",Table1!N8) -> 26010.38 | O9: =IF(OR(G9="NA",D9="NA",E9="NA",F9="NA"),"NA",SUM(G9)-SUM(D9:F9)) -> -0.001 | P9: =IF(OR(L9="NA",G9="NA",H9="NA",I9="NA",J9="NA",K9="NA"),"NA",SUM(L9)-SUM(G9:K9)) -> 3.6379788e-12
A10: 2 | B10: Расходы ...................................................................................................................................................................................... | D10: =+IF(ISBLANK(Table2!E8),"",Table2!E8) -> 14025.079 | E10: =+IF(ISBLANK(Table2!F8),"",Table2!F8) -> 1883.078 | F10: =+IF(ISBLANK(Table2!G8),"",Table2!G8) -> -1057.445 | G10: =+IF(ISBLANK(Table2!H8),"",Table2!H8) -> 14850.712 | H10: =+IF(ISBLANK(Table2!I8),"",Table2!I8) -> 11714.634 | I10: =+IF(ISBLANK(Table2!J8),"",Table2!J8) -> 12224.187 | J10: =+IF(ISBLANK(Table2!K8),"",Table2!K8) -> 6425.024 | K10: =+IF(ISBLANK(Table2!L8),"",Table2!L8) -> -14447.783 | ... M10: =+IF(ISBLANK(Table2!N8),"",Table2!N8) -> 26565.346 | O10: =IF(OR(G10="NA",D10="NA",E10="NA",F10="NA"),"NA",SUM(G10)-SUM(D10:F10)) -> 0 | P10: =IF(OR(L10="NA",G10="NA",H10="NA",I10="NA",J10="NA",K10="NA"),"NA",SUM(L10)-SUM(G10:K10)) -> 1.0913936e-11
A11: NOB | B11: Чистое операционное сальдо (1-2) ............................................................................................................................................... | D11: =IF(AND(D9="NP",D10="NP"),"NP",IF(OR(StatementI!D16="NA",StatementI!D16="NP"),"NA",IF(OR(D9="NA",D10="NA"),"NA",IF(ISNUMBER(D9)*ISNUMBER(D10),SUM(D9)-SUM(D10),"")))) -> -1061.68 | E11: =IF(AND(E9="NP",E10="NP"),"NP",IF(OR(StatementI!E16="NA",StatementI!E16="NP"),"NA",IF(OR(E9="NA",E10="NA"),"NA",IF(ISNUMBER(E9)*ISNUMBER(E10),SUM(E9)-SUM(E10),"")))) -> 42.217 | F11: =IF(AND(F9="NP",F10="NP"),"NP",IF(OR(StatementI!F16="NA",StatementI!F16="NP"),"NA",IF(OR(F9="NA",F10="NA"),"NA",IF(ISNUMBER(F9)*ISNUMBER(F10),SUM(F9)-SUM(F10),"")))) -> 0 | G11: =IF(AND(G9="NP",G10="NP"),"NP",IF(OR(StatementI!G16="NA",StatementI!G16="NP"),"NA",IF(OR(G9="NA",G10="NA"),"NA",IF(ISNUMBER(G9)*ISNUMBER(G10),SUM(G9)-SUM(G10),"")))) -> -1019.464 | H11: =IF(AND(H9="NP",H10="NP"),"NP",IF(OR(StatementI!H16="NA",StatementI!H16="NP"),"NA",IF(OR(H9="NA",H10="NA"),"NA",IF(ISNUMBER(H9)*ISNUMBER(H10),SUM(H9)-SUM(H10),"")))) -> 464.498 | I11: =IF(AND(I9="NP",I10="NP"),"NP",IF(OR(StatementI!I16="NA",StatementI!I16="NP"),"NA",IF(OR(I9="NA",I10="NA"),"NA",IF(ISNUMBER(I9)*ISNUMBER(I10),SUM(I9)-SUM(I10),"")))) -> 672.388 | J11: =IF(AND(J9="NP",J10="NP"),"NP",IF(OR(StatementI!J16="NA",StatementI!J16="NP"),"NA",IF(OR(J9="NA",J10="NA"),"NA",IF(ISNUMBER(J9)*ISNUMBER(J10),SUM(J9)-SUM(J10),"")))) -> 291.361 | K11: =IF(AND(K9="NP",K10="NP"),"NP",IF(OR(StatementI!K16="NA",StatementI!K16="NP"),"NA",IF(OR(K9="NA",K10="NA"),"NA",IF(ISNUMBER(K9)*ISNUMBER(K10),SUM(K9)-SUM(K10),"")))) -> 0 | ... M11: =IF(AND(M9="NP",M10="NP"),"NP",IF(OR(StatementI!M16="NA",StatementI!M16="NP"),"NA",IF(OR(M9="NA",M10="NA"),"NA",IF(ISNUMBER(M9)*ISNUMBER(M10),SUM(M9)-SUM(M10),"")))) -> -554.966 | O11: =IF(OR(G11="NA",D11="NA",E11="NA",F11="NA"),"NA",SUM(G11)-SUM(D11:F11)) -> -0.001 | P11: =IF(OR(L11="NA",G11="NA",H11="NA",I11="NA",J11="NA",K11="NA"),"NA",SUM(L11)-SUM(G11:K11)) -> -4.5474735e-12
A12: x | B12: ИЗМЕНЕНИЕ ЧИСТОЙ СТОИМОСТИ АКТИВОВ В СВЯЗИ С ДРУГИМИ ЭКОНОМИЧЕСКИМИ ПОТОКАМИ:
A13: 91 | B13: Нефинансовые активы .................................................................................................................................................................... | D13: =+IF(ISBLANK(Table9!E9),"",Table9!E9) -> 1996.367 | E13: =+IF(ISBLANK(Table9!F9),"",Table9!F9) -> -568.94 | F13: =+IF(ISBLANK(Table9!G9),"",Table9!G9) -> 0 | G13: =+IF(ISBLANK(Table9!H9),"",Table9!H9) -> 1427.427 | H13: =+IF(ISBLANK(Table9!I9),"",Table9!I9) -> 0.153 | I13: =+IF(ISBLANK(Table9!J9),"",Table9!J9) -> 457.229 | J13: =+IF(ISBLANK(Table9!K9),"",Table9!K9) -> 1340.518 | K13: =+IF(ISBLANK(Table9!L9),"",Table9!L9) -> 0 | ... M13: =+IF(ISBLANK(Table9!N9),"",Table9!N9) -> 1427.58 | O13: =IF(OR(G13="NA",D13="NA",E13="NA",F13="NA"),"NA",SUM(G13)-SUM(D13:F13)) -> 0 | P13: =IF(OR(L13="NA",G13="NA",H13="NA",I13="NA",J13="NA",K13="NA"),"NA",SUM(L13)-SUM(G13:K13)) -> 0
A14: 41 | B14: Холдинговая прибыль ............................................................................................................................................................................. | D14: =+IF(ISBLANK(Table4!E9),"",Table4!E9) -> 3047.624 | E14: =+IF(ISBLANK(Table4!F9),"",Table4!F9) -> -604.164 | F14: =+IF(ISBLANK(Table4!G9),"",Table4!G9) -> 0 | G14: =+IF(ISBLANK(Table4!H9),"",Table4!H9) -> 2443.46 | H14: =+IF(ISBLANK(Table4!I9),"",Table4!I9) -> 0.162 | I14: =+IF(ISBLANK(Table4!J9),"",Table4!J9) -> 120.263 | J14: =+IF(ISBLANK(Table4!K9),"",Table4!K9) -> 976.335 | K14: =+IF(ISBLANK(Table4!L9),"",Table4!L9) -> 0 | ... M14: =+IF(ISBLANK(Table4!N9),"",Table4!N9) -> 2443.622 | O14: =IF(OR(G14="NA",D14="NA",E14="NA",F14="NA"),"NA",SUM(G14)-SUM(D14:F14)) -> 0 | P14: =IF(OR(L14="NA",G14="NA",H14="NA",I14="NA",J14="NA",K14="NA"),"NA",SUM(L14)-SUM(G14:K14)) -> 0
A15: 51 | B15: Другие изменения в объеме нефинансовых активов ............................................................................................................................................................. | D15: =+IF(ISBLANK(Table5!E9),"",Table5!E9) -> -1051.257 | E15: =+IF(ISBLANK(Table5!F9),"",Table5!F9) -> 35.224 | F15: =+IF(ISBLANK(Table5!G9),"",Table5!G9) -> 0 | G15: =+IF(ISBLANK(Table5!H9),"",Table5!H9) -> -1016.033 | H15: =+IF(ISBLANK(Table5!I9),"",Table5!I9) -> -0.009 | I15: =+IF(ISBLANK(Table5!J9),"",Table5!J9) -> 336.966 | J15: =+IF(ISBLANK(Table5!K9),"",Table5!K9) -> 364.183 | K15: =+IF(ISBLANK(Table5!L9),"",Table5!L9) -> 0 | ... M15: =+IF(ISBLANK(Table5!N9),"",Table5!N9) -> -1016.042 | O15: =IF(OR(G15="NA",D15="NA",E15="NA",F15="NA"),"NA",SUM(G15)-SUM(D15:F15)) -> 0 | P15: =IF(OR(L15="NA",G15="NA",H15="NA",I15="NA",J15="NA",K15="NA"),"NA",SUM(L15)-SUM(G15:K15)) -> 0
A16: 92 | B16: Финансовые активы .................................................................................................................................................................... | D16: =+IF(ISBLANK(Table9!E14),"",Table9!E14) -> -2334.2 | E16: =+IF(ISBLANK(Table9!F14),"",Table9!F14) -> -50.488 | F16: =+IF(ISBLANK(Table9!G14),"",Table9!G14) -> 346.719 | G16: =+IF(ISBLANK(Table9!H14),"",Table9!H14) -> -2037.962 | H16: =+IF(ISBLANK(Table9!I14),"",Table9!I14) -> 17.985 | I16: =+IF(ISBLANK(Table9!J14),"",Table9!J14) -> -70.029 | J16: =+IF(ISBLANK(Table9!K14),"",Table9!K14) -> -24.621 | K16: =+IF(ISBLANK(Table9!L14),"",Table9!L14) -> -429.136 | ... M16: =+IF(ISBLANK(Table9!N14),"",Table9!N14) -> -2019.977 | O16: =IF(OR(G16="NA",D16="NA",E16="NA",F16="NA"),"NA",SUM(G16)-SUM(D16:F16)) -> 0.007 | P16: =IF(OR(L16="NA",G16="NA",H16="NA",I16="NA",J16="NA",K16="NA"),"NA",SUM(L16)-SUM(G16:K16)) -> 0
A17: 42 | B17: Холдинговая прибыль ............................................................................................................................................................................. | D17: =+IF(ISBLANK(Table4!E14),"",Table4!E14) -> -2272.543 | E17: =+IF(ISBLANK(Table4!F14),"",Table4!F14) -> -24.487 | F17: =+IF(ISBLANK(Table4!G14),"",Table4!G14) -> 346.146 | G17: =+IF(ISBLANK(Table4!H14),"",Table4!H14) -> -1950.884 | H17: =+IF(ISBLANK(Table4!I14),"",Table4!I14) -> 0.302 | I17: =+IF(ISBLANK(Table4!J14),"",Table4!J14) -> 258.547 | J17: =+IF(ISBLANK(Table4!K14),"",Table4!K14) -> 173.168 | K17: =+IF(ISBLANK(Table4!L14),"",Table4!L14) -> -429.257 | ... M17: =+IF(ISBLANK(Table4!N14),"",Table4!N14) -> -1950.582 | O17: =IF(OR(G17="NA",D17="NA",E17="NA",F17="NA"),"NA",SUM(G17)-SUM(D17:F17)) -> 0 | P17: =IF(OR(L17="NA",G17="NA",H17="NA",I17="NA",J17="NA",K17="NA"),"NA",SUM(L17)-SUM(G17:K17)) -> 0
A18: 52 | B18: Другие изменения в объеме финансовых активов ............................................................................................................................................................. | D18: =+IF(ISBLANK(Table5!E14),"",Table5!E14) -> -61.65 | E18: =+IF(ISBLANK(Table5!F14),"",Table5!F14) -> -26.001 | F18: =+IF(ISBLANK(Table5!G14),"",Table5!G14) -> 0.573 | G18: =+IF(ISBLANK(Table5!H14),"",Table5!H14) -> -87.078 | H18: =+IF(ISBLANK(Table5!I14),"",Table5!I14) -> 17.683 | I18: =+IF(ISBLANK(Table5!J14),"",Table5!J14) -> -328.576 | J18: =+IF(ISBLANK(Table5!K14),"",Table5!K14) -> -197.789 | K18: =+IF(ISBLANK(Table5!L14),"",Table5!L14) -> 0.121 | ... M18: =+IF(ISBLANK(Table5!N14),"",Table5!N14) -> -69.395 | O18: =IF(OR(G18="NA",D18="NA",E18="NA",F18="NA"),"NA",SUM(G18)-SUM(D18:F18)) -> 0 | P18: =IF(OR(L18="NA",G18="NA",H18="NA",I18="NA",J18="NA",K18="NA"),"NA",SUM(L18)-SUM(G18:K18)) -> 0
A19: 93 | B19: Обязательства .................................................................................................................................................................... | D19: =+IF(ISBLANK(Table9!E25),"",Table9!E25) -> -474.513 | E19: =+IF(ISBLANK(Table9!F25),"",Table9!F25) -> -352.522 | F19: =+IF(ISBLANK(Table9!G25),"",Table9!G25) -> 346.72 | G19: =+IF(ISBLANK(Table9!H25),"",Table9!H25) -> -480.315 | H19: =+IF(ISBLANK(Table9!I25),"",Table9!I25) -> 252.321 | I19: =+IF(ISBLANK(Table9!J25),"",Table9!J25) -> 207.445 | J19: =+IF(ISBLANK(Table9!K25),"",Table9!K25) -> 239.215 | K19: =+IF(ISBLANK(Table9!L25),"",Table9!L25) -> -429.136 | ... M19: =+IF(ISBLANK(Table9!N25),"",Table9!N25) -> -227.994 | O19: =IF(OR(G19="NA",D19="NA",E19="NA",F19="NA"),"NA",SUM(G19)-SUM(D19:F19)) -> 0 | P19: =IF(OR(L19="NA",G19="NA",H19="NA",I19="NA",J19="NA",K19="NA"),"NA",SUM(L19)-SUM(G19:K19)) -> 0
A20: 43 | B20: Холдинговая прибыль ............................................................................................................................................................................. | D20: =+IF(ISBLANK(Table4!E25),"",Table4!E25) -> -471.963 | E20: =+IF(ISBLANK(Table4!F25),"",Table4!F25) -> -346.146 | F20: =+IF(ISBLANK(Table4!G25),"",Table4!G25) -> 346.146 | G20: =+IF(ISBLANK(Table4!H25),"",Table4!H25) -> -471.963 | H20: =+IF(ISBLANK(Table4!I25),"",Table4!I25) -> 0.373 | I20: =+IF(ISBLANK(Table4!J25),"",Table4!J25) -> 255.186 | J20: =+IF(ISBLANK(Table4!K25),"",Table4!K25) -> 173.698 | K20: =+IF(ISBLANK(Table4!L25),"",Table4!L25) -> -429.257 | ... M20: =+IF(ISBLANK(Table4!N25),"",Table4!N25) -> -471.59 | O20: =IF(OR(G20="NA",D20="NA",E20="NA",F20="NA"),"NA",SUM(G20)-SUM(D20:F20)) -> 0 | P20: =IF(OR(L20="NA",G20="NA",H20="NA",I20="NA",J20="NA",K20="NA"),"NA",SUM(L20)-SUM(G20:K20)) -> 0
A21: 53 | B21: Другие изменения в объеме обязательств ............................................................................................................................................................. | D21: =+IF(ISBLANK(Table5!E25),"",Table5!E25) -> -2.55 | E21: =+IF(ISBLANK(Table5!F25),"",Table5!F25) -> -6.376 | F21: =+IF(ISBLANK(Table5!G25),"",Table5!G25) -> 0.573 | G21: =+IF(ISBLANK(Table5!H25),"",Table5!H25) -> -8.353 | H21: =+IF(ISBLANK(Table5!I25),"",Table5!I25) -> 251.948 | I21: =+IF(ISBLANK(Table5!J25),"",Table5!J25) -> -47.741 | J21: =+IF(ISBLANK(Table5!K25),"",Table5!K25) -> 65.518 | K21: =+IF(ISBLANK(Table5!L25),"",Table5!L25) -> 0.121 | ... M21: =+IF(ISBLANK(Table5!N25),"",Table5!N25) -> 243.595 | O21: =IF(OR(G21="NA",D21="NA",E21="NA",F21="NA"),"NA",SUM(G21)-SUM(D21:F21)) -> 0 | P21: =IF(OR(L21="NA",G21="NA",H21="NA",I21="NA",J21="NA",K21="NA"),"NA",SUM(L21)-SUM(G21:K21)) -> 0
A22: 9 | B22: Общая сумма других экономических потоков (91+92+93) ......................................................................................................................................... | D22: =+IF(ISBLANK(Table9!E8),"",Table9!E8) -> 136.68 | E22: =+IF(ISBLANK(Table9!F8),"",Table9!F8) -> -266.906 | F22: =+IF(ISBLANK(Table9!G8),"",Table9!G8) -> -0.001 | G22: =+IF(ISBLANK(Table9!H8),"",Table9!H8) -> -130.22 | H22: =+IF(ISBLANK(Table9!I8),"",Table9!I8) -> -234.183 | I22: =+IF(ISBLANK(Table9!J8),"",Table9!J8) -> 179.755 | J22: =+IF(ISBLANK(Table9!K8),"",Table9!K8) -> 1076.682 | K22: =+IF(ISBLANK(Table9!L8),"",Table9!L8) -> 0 | ... M22: =+IF(ISBLANK(Table9!N8),"",Table9!N8) -> -364.403 | O22: =IF(OR(G22="NA",D22="NA",E22="NA",F22="NA"),"NA",SUM(G22)-SUM(D22:F22)) -> 0.007 | P22: =IF(OR(L22="NA",G22="NA",H22="NA",I22="NA",J22="NA",K22="NA"),"NA",SUM(L22)-SUM(G22:K22)) -> 2.2737368e-13
A23: CNW | B23: Общее изменение чистой стоимости активов (NOB+9) ......................................................................................................................................... | D23: =IF(AND(D11="NP",D22="NP"),"NP",IF(OR(D11="NA",D22="NA"),"NA",IF(ISNUMBER(D11)*ISNUMBER(D22),SUM(D11)+SUM(D22),""))) -> -925 | E23: =IF(AND(E11="NP",E22="NP"),"NP",IF(OR(E11="NA",E22="NA"),"NA",IF(ISNUMBER(E11)*ISNUMBER(E22),SUM(E11)+SUM(E22),""))) -> -224.689 | F23: =IF(AND(F11="NP",F22="NP"),"NP",IF(OR(F11="NA",F22="NA"),"NA",IF(ISNUMBER(F11)*ISNUMBER(F22),SUM(F11)+SUM(F22),""))) -> -0.001 | G23: =IF(AND(G11="NP",G22="NP"),"NP",IF(OR(G11="NA",G22="NA"),"NA",IF(ISNUMBER(G11)*ISNUMBER(G22),SUM(G11)+SUM(G22),""))) -> -1149.684 | H23: =IF(AND(H11="NP",H22="NP"),"NP",IF(OR(H11="NA",H22="NA"),"NA",IF(ISNUMBER(H11)*ISNUMBER(H22),SUM(H11)+SUM(H22),""))) -> 230.315 | I23: =IF(AND(I11="NP",I22="NP"),"NP",IF(OR(I11="NA",I22="NA"),"NA",IF(ISNUMBER(I11)*ISNUMBER(I22),SUM(I11)+SUM(I22),""))) -> 852.143 | J23: =IF(AND(J11="NP",J22="NP"),"NP",IF(OR(J11="NA",J22="NA"),"NA",IF(ISNUMBER(J11)*ISNUMBER(J22),SUM(J11)+SUM(J22),""))) -> 1368.043 | K23: =IF(AND(K11="NP",K22="NP"),"NP",IF(OR(K11="NA",K22="NA"),"NA",IF(ISNUMBER(K11)*ISNUMBER(K22),SUM(K11)+SUM(K22),""))) -> 0 | ... M23: =IF(AND(M11="NP",M22="NP"),"NP",IF(OR(M11="NA",M22="NA"),"NA",IF(ISNUMBER(M11)*ISNUMBER(M22),SUM(M11)+SUM(M22),""))) -> -919.369 | O23: =IF(OR(G23="NA",D23="NA",E23="NA",F23="NA"),"NA",SUM(G23)-SUM(D23:F23)) -> 0.006 | P23: =IF(OR(L23="NA",G23="NA",H23="NA",I23="NA",J23="NA",K23="NA"),"NA",SUM(L23)-SUM(G23:K23)) -> -4.3200998e-12
A24: 6t | B24: ЧИСТАЯ СТОИМОСТЬ АКТИВОВ НА КОНЕЦ ПЕРИОДА ......................................................................................................................................... | D24: =+IF(ISBLANK(Table6!E8),"",Table6!E8) -> 47042.726 | E24: =+IF(ISBLANK(Table6!F8),"",Table6!F8) -> -423.444 | F24: =+IF(ISBLANK(Table6!G8),"",Table6!G8) -> 0 | G24: =+IF(ISBLANK(Table6!H8),"",Table6!H8) -> 46619.282 | H24: =+IF(ISBLANK(Table6!I8),"",Table6!I8) -> 2227.311 | I24: =+IF(ISBLANK(Table6!J8),"",Table6!J8) -> 16340.824 | J24: =+IF(ISBLANK(Table6!K8),"",Table6!K8) -> 11109.868 | K24: =+IF(ISBLANK(Table6!L8),"",Table6!L8) -> 0 | ... M24: =+IF(ISBLANK(Table6!N8),"",Table6!N8) -> 48846.593 | O24: =IF(OR(G24="NA",D24="NA",E24="NA",F24="NA"),"NA",SUM(G24)-SUM(D24:F24)) -> 7.2759576e-12 | P24: =IF(OR(L24="NA",G24="NA",H24="NA",I24="NA",J24="NA",K24="NA"),"NA",SUM(L24)-SUM(G24:K24)) -> -1.4551915e-11
A25: CNWz | B25: Расхождение между запасами и потоками: CNW и изменение запасов (CNW-6t+6t-1) .................................................................................................................. | D25: =IF(AND(D23="NP",D24="NP",D7="NP"),"NP",IF(OR(D23="NA",D24="NA",D7="NA"),"NA",IF(ISNUMBER(D23)*ISNUMBER(D24)*ISNUMBER(D7),SUM(D23)-SUM(D24)+SUM(D7),""))) -> 0.046854259 | E25: =IF(AND(E23="NP",E24="NP",E7="NP"),"NP",IF(OR(E23="NA",E24="NA",E7="NA"),"NA",IF(ISNUMBER(E23)*ISNUMBER(E24)*ISNUMBER(E7),SUM(E23)-SUM(E24)+SUM(E7),""))) -> -0.0284256 | F25: =IF(AND(F23="NP",F24="NP",F7="NP"),"NP",IF(OR(F23="NA",F24="NA",F7="NA"),"NA",IF(ISNUMBER(F23)*ISNUMBER(F24)*ISNUMBER(F7),SUM(F23)-SUM(F24)+SUM(F7),""))) -> -0.001 | G25: =IF(AND(G23="NP",G24="NP",G7="NP"),"NP",IF(OR(G23="NA",G24="NA",G7="NA"),"NA",IF(ISNUMBER(G23)*ISNUMBER(G24)*ISNUMBER(G7),SUM(G23)-SUM(G24)+SUM(G7),""))) -> -0.023970734 | H25: =IF(AND(H23="NP",H24="NP",H7="NP"),"NP",IF(OR(H23="NA",H24="NA",H7="NA"),"NA",IF(ISNUMBER(H23)*ISNUMBER(H24)*ISNUMBER(H7),SUM(H23)-SUM(H24)+SUM(H7),""))) -> 0.020651325 | I25: =IF(AND(I23="NP",I24="NP",I7="NP"),"NP",IF(OR(I23="NA",I24="NA",I7="NA"),"NA",IF(ISNUMBER(I23)*ISNUMBER(I24)*ISNUMBER(I7),SUM(I23)-SUM(I24)+SUM(I7),""))) -> 0.014376356 | J25: =IF(AND(J23="NP",J24="NP",J7="NP"),"NP",IF(OR(J23="NA",J24="NA",J7="NA"),"NA",IF(ISNUMBER(J23)*ISNUMBER(J24)*ISNUMBER(J7),SUM(J23)-SUM(J24)+SUM(J7),""))) -> -0.046451335 | K25: =IF(AND(K23="NP",K24="NP",K7="NP"),"NP",IF(OR(K23="NA",K24="NA",K7="NA"),"NA",IF(ISNUMBER(K23)*ISNUMBER(K24)*ISNUMBER(K7),SUM(K23)-SUM(K24)+SUM(K7),""))) -> 0 | ... M25: =IF(AND(M23="NP",M24="NP",M7="NP"),"NP",IF(OR(M23="NA",M24="NA",M7="NA"),"NA",IF(ISNUMBER(M23)*ISNUMBER(M24)*ISNUMBER(M7),SUM(M23)-SUM(M24)+SUM(M7),""))) -> 0.036289708 | O25: =IF(OR(G25="NA",D25="NA",E25="NA",F25="NA"),"NA",SUM(G25)-SUM(D25:F25)) -> -0.041399394 | P25: =IF(OR(L25="NA",G25="NA",H25="NA",I25="NA",J25="NA",K25="NA"),"NA",SUM(L25)-SUM(G25:K25)) -> 0.015394388
A27: ВЕРТИКАЛЬНЫЕ ПРОВЕРКИ ДЛЯ ОТЧЕТА IV
A28: Балансирующие статьи:
B29: Oбщая сумма=0=6t-(6t-1)-CNW+CNWz | D29: =IF(OR(D24="NA",D7="NA",D23="NA",D25="NA"),"NA",SUM(D24)-SUM(D7)-SUM(D23)+SUM(D25)) -> 2.2737368e-13 | E29: =IF(OR(E24="NA",E7="NA",E23="NA",E25="NA"),"NA",SUM(E24)-SUM(E7)-SUM(E23)+SUM(E25)) -> 0 | F29: =IF(OR(F24="NA",F7="NA",F23="NA",F25="NA"),"NA",SUM(F24)-SUM(F7)-SUM(F23)+SUM(F25)) -> 0 | G29: =IF(OR(G24="NA",G7="NA",G23="NA",G25="NA"),"NA",SUM(G24)-SUM(G7)-SUM(G23)+SUM(G25)) -> -9.094947e-13 | H29: =IF(OR(H24="NA",H7="NA",H23="NA",H25="NA"),"NA",SUM(H24)-SUM(H7)-SUM(H23)+SUM(H25)) -> 0 | I29: =IF(OR(I24="NA",I7="NA",I23="NA",I25="NA"),"NA",SUM(I24)-SUM(I7)-SUM(I23)+SUM(I25)) -> -7.9580786e-13 | J29: =IF(OR(J24="NA",J7="NA",J23="NA",J25="NA"),"NA",SUM(J24)-SUM(J7)-SUM(J23)+SUM(J25)) -> -2.2737368e-13 | K29: =IF(OR(K24="NA",K7="NA",K23="NA",K25="NA"),"NA",SUM(K24)-SUM(K7)-SUM(K23)+SUM(K25)) -> 0 | ... M29: =IF(OR(M24="NA",M7="NA",M23="NA",M25="NA"),"NA",SUM(M24)-SUM(M7)-SUM(M23)+SUM(M25)) -> -1.5916157e-12
B30: NOB=1-2 | D30: =IF(OR(D11="NA",D9="NA",D10="NA"),"NA",-SUM(D11)+SUM(D9)-SUM(D10)) -> 0 | E30: =IF(OR(E11="NA",E9="NA",E10="NA"),"NA",-SUM(E11)+SUM(E9)-SUM(E10)) -> 0 | F30: =IF(OR(F11="NA",F9="NA",F10="NA"),"NA",-SUM(F11)+SUM(F9)-SUM(F10)) -> 0 | G30: =IF(OR(G11="NA",G9="NA",G10="NA"),"NA",-SUM(G11)+SUM(G9)-SUM(G10)) -> 0 | H30: =IF(OR(H11="NA",H9="NA",H10="NA"),"NA",-SUM(H11)+SUM(H9)-SUM(H10)) -> 0 | I30: =IF(OR(I11="NA",I9="NA",I10="NA"),"NA",-SUM(I11)+SUM(I9)-SUM(I10)) -> 0 | J30: =IF(OR(J11="NA",J9="NA",J10="NA"),"NA",-SUM(J11)+SUM(J9)-SUM(J10)) -> 0 | K30: =IF(OR(K11="NA",K9="NA",K10="NA"),"NA",-SUM(K11)+SUM(K9)-SUM(K10)) -> 0 | ... M30: =IF(OR(M11="NA",M9="NA",M10="NA"),"NA",-SUM(M11)+SUM(M9)-SUM(M10)) -> 0
B31: NOB=ОтчетI:NOB | D31: =IF(OR(D11="NA",StatementI!D23="NA"),"NA",-SUM(D11)+SUM(StatementI!D23)) -> 0 | E31: =IF(OR(E11="NA",StatementI!E23="NA"),"NA",-SUM(E11)+SUM(StatementI!E23)) -> 0 | F31: =IF(OR(F11="NA",StatementI!F23="NA"),"NA",-SUM(F11)+SUM(StatementI!F23)) -> 0 | G31: =IF(OR(G11="NA",StatementI!G23="NA"),"NA",-SUM(G11)+SUM(StatementI!G23)) -> 0 | H31: =IF(OR(H11="NA",StatementI!H23="NA"),"NA",-SUM(H11)+SUM(StatementI!H23)) -> 0 | I31: =IF(OR(I11="NA",StatementI!I23="NA"),"NA",-SUM(I11)+SUM(StatementI!I23)) -> 0 | J31: =IF(OR(J11="NA",StatementI!J23="NA"),"NA",-SUM(J11)+SUM(StatementI!J23)) -> 0 | K31: =IF(OR(K11="NA",StatementI!K23="NA"),"NA",-SUM(K11)+SUM(StatementI!K23)) -> 0 | ... M31: =IF(OR(M11="NA",StatementI!M23="NA"),"NA",-SUM(M11)+SUM(StatementI!M23)) -> 0
B32: 9=91+92-93 | D32: =IF(OR(D22="NA",D13="NA",D16="NA",D19="NA"),"NA",-SUM(D22)+SUM(D13)+SUM(D16)-SUM(D19)) -> 5.6843419e-14 | E32: =IF(OR(E22="NA",E13="NA",E16="NA",E19="NA"),"NA",-SUM(E22)+SUM(E13)+SUM(E16)-SUM(E19)) -> 5.6843419e-14 | F32: =IF(OR(F22="NA",F13="NA",F16="NA",F19="NA"),"NA",-SUM(F22)+SUM(F13)+SUM(F16)-SUM(F19)) -> 0 | G32: =IF(OR(G22="NA",G13="NA",G16="NA",G19="NA"),"NA",-SUM(G22)+SUM(G13)+SUM(G16)-SUM(G19)) -> 1.1368684e-13 | H32: =IF(OR(H22="NA",H13="NA",H16="NA",H19="NA"),"NA",-SUM(H22)+SUM(H13)+SUM(H16)-SUM(H19)) -> -2.8421709e-14 | I32: =IF(OR(I22="NA",I13="NA",I16="NA",I19="NA"),"NA",-SUM(I22)+SUM(I13)+SUM(I16)-SUM(I19)) -> 0 | J32: =IF(OR(J22="NA",J13="NA",J16="NA",J19="NA"),"NA",-SUM(J22)+SUM(J13)+SUM(J16)-SUM(J19)) -> 2.8421709e-14 | K32: =IF(OR(K22="NA",K13="NA",K16="NA",K19="NA"),"NA",-SUM(K22)+SUM(K13)+SUM(K16)-SUM(K19)) -> 0 | ... M32: =IF(OR(M22="NA",M13="NA",M16="NA",M19="NA"),"NA",-SUM(M22)+SUM(M13)+SUM(M16)-SUM(M19)) -> 2.8421709e-14
B33: CNW=NOB+9 | D33: =IF(OR(D23="NA",D11="NA",D22="NA"),"NA",-SUM(D23)+SUM(D11)+SUM(D22)) -> 5.6843419e-14 | E33: =IF(OR(E23="NA",E11="NA",E22="NA"),"NA",-SUM(E23)+SUM(E11)+SUM(E22)) -> 0 | F33: =IF(OR(F23="NA",F11="NA",F22="NA"),"NA",-SUM(F23)+SUM(F11)+SUM(F22)) -> 0 | G33: =IF(OR(G23="NA",G11="NA",G22="NA"),"NA",-SUM(G23)+SUM(G11)+SUM(G22)) -> -1.1368684e-13 | H33: =IF(OR(H23="NA",H11="NA",H22="NA"),"NA",-SUM(H23)+SUM(H11)+SUM(H22)) -> 0 | I33: =IF(OR(I23="NA",I11="NA",I22="NA"),"NA",-SUM(I23)+SUM(I11)+SUM(I22)) -> 0 | J33: =IF(OR(J23="NA",J11="NA",J22="NA"),"NA",-SUM(J23)+SUM(J11)+SUM(J22)) -> 0 | K33: =IF(OR(K23="NA",K11="NA",K22="NA"),"NA",-SUM(K23)+SUM(K11)+SUM(K22)) -> 0 | ... M33: =IF(OR(M23="NA",M11="NA",M22="NA"),"NA",-SUM(M23)+SUM(M11)+SUM(M22)) -> 0
A34: Компоненты:
B35: 91=41+51 | D35: =IF(OR(D13="NA",D14="NA",D15="NA"),"NA",-SUM(D13)+SUM(D14)+SUM(D15)) -> -2.2737368e-13 | E35: =IF(OR(E13="NA",E14="NA",E15="NA"),"NA",-SUM(E13)+SUM(E14)+SUM(E15)) -> 6.3948846e-14 | F35: =IF(OR(F13="NA",F14="NA",F15="NA"),"NA",-SUM(F13)+SUM(F14)+SUM(F15)) -> 0 | G35: =IF(OR(G13="NA",G14="NA",G15="NA"),"NA",-SUM(G13)+SUM(G14)+SUM(G15)) -> 1.1368684e-13 | H35: =IF(OR(H13="NA",H14="NA",H15="NA"),"NA",-SUM(H13)+SUM(H14)+SUM(H15)) -> 8.6736174e-18 | I35: =IF(OR(I13="NA",I14="NA",I15="NA"),"NA",-SUM(I13)+SUM(I14)+SUM(I15)) -> 0 | J35: =IF(OR(J13="NA",J14="NA",J15="NA"),"NA",-SUM(J13)+SUM(J14)+SUM(J15)) -> 0 | K35: =IF(OR(K13="NA",K14="NA",K15="NA"),"NA",-SUM(K13)+SUM(K14)+SUM(K15)) -> 0 | ... M35: =IF(OR(M13="NA",M14="NA",M15="NA"),"NA",-SUM(M13)+SUM(M14)+SUM(M15)) -> -1.1368684e-13
B36: 92=42+52 | D36: =IF(OR(D16="NA",D17="NA",D18="NA"),"NA",-SUM(D16)+SUM(D17)+SUM(D18)) -> 0.007 | E36: =IF(OR(E16="NA",E17="NA",E18="NA"),"NA",-SUM(E16)+SUM(E17)+SUM(E18)) -> 0 | F36: =IF(OR(F16="NA",F17="NA",F18="NA"),"NA",-SUM(F16)+SUM(F17)+SUM(F18)) -> 2.0872193e-14 | G36: =IF(OR(G16="NA",G17="NA",G18="NA"),"NA",-SUM(G16)+SUM(G17)+SUM(G18)) -> -2.8421709e-14 | H36: =IF(OR(H16="NA",H17="NA",H18="NA"),"NA",-SUM(H16)+SUM(H17)+SUM(H18)) -> 0 | I36: =IF(OR(I16="NA",I17="NA",I18="NA"),"NA",-SUM(I16)+SUM(I17)+SUM(I18)) -> 0 | J36: =IF(OR(J16="NA",J17="NA",J18="NA"),"NA",-SUM(J16)+SUM(J17)+SUM(J18)) -> 0 | K36: =IF(OR(K16="NA",K17="NA",K18="NA"),"NA",-SUM(K16)+SUM(K17)+SUM(K18)) -> 1.9095836e-14 | ... M36: =IF(OR(M16="NA",M17="NA",M18="NA"),"NA",-SUM(M16)+SUM(M17)+SUM(M18)) -> -2.8421709e-14
B37: 93=43+53 | D37: =IF(OR(D19="NA",D20="NA",D21="NA"),"NA",-SUM(D19)+SUM(D20)+SUM(D21)) -> -4.5297099e-14 | E37: =IF(OR(E19="NA",E20="NA",E21="NA"),"NA",-SUM(E19)+SUM(E20)+SUM(E21)) -> -2.3980817e-14 | F37: =IF(OR(F19="NA",F20="NA",F21="NA"),"NA",-SUM(F19)+SUM(F20)+SUM(F21)) -> -0.001 | G37: =IF(OR(G19="NA",G20="NA",G21="NA"),"NA",-SUM(G19)+SUM(G20)+SUM(G21)) -> -0.001 | H37: =IF(OR(H19="NA",H20="NA",H21="NA"),"NA",-SUM(H19)+SUM(H20)+SUM(H21)) -> 0 | I37: =IF(OR(I19="NA",I20="NA",I21="NA"),"NA",-SUM(I19)+SUM(I20)+SUM(I21)) -> 1.4210855e-14 | J37: =IF(OR(J19="NA",J20="NA",J21="NA"),"NA",-SUM(J19)+SUM(J20)+SUM(J21)) -> 0.001 | K37: =IF(OR(K19="NA",K20="NA",K21="NA"),"NA",-SUM(K19)+SUM(K20)+SUM(K21)) -> 1.9095836e-14 | ... M37: =IF(OR(M19="NA",M20="NA",M21="NA"),"NA",-SUM(M19)+SUM(M20)+SUM(M21)) -> -0.001
B38: 1=Table1:1 | D38: =IF(OR(D9="NA",Table1!E8="NA"),"NA",-SUM(D9)+SUM(Table1!E8)) -> 0 | E38: =IF(OR(E9="NA",Table1!F8="NA"),"NA",-SUM(E9)+SUM(Table1!F8)) -> 0 | F38: =IF(OR(F9="NA",Table1!G8="NA"),"NA",-SUM(F9)+SUM(Table1!G8)) -> 0 | G38: =IF(OR(G9="NA",Table1!H8="NA"),"NA",-SUM(G9)+SUM(Table1!H8)) -> 0 | H38: =IF(OR(H9="NA",Table1!I8="NA"),"NA",-SUM(H9)+SUM(Table1!I8)) -> 0 | I38: =IF(OR(I9="NA",Table1!J8="NA"),"NA",-SUM(I9)+SUM(Table1!J8)) -> 0 | J38: =IF(OR(J9="NA",Table1!K8="NA"),"NA",-SUM(J9)+SUM(Table1!K8)) -> 0 | K38: =IF(OR(K9="NA",Table1!L8="NA"),"NA",-SUM(K9)+SUM(Table1!L8)) -> 0 | ... M38: =IF(OR(M9="NA",Table1!N8="NA"),"NA",-SUM(M9)+SUM(Table1!N8)) -> 0
B39: 2=Table2:2 | D39: =IF(OR(D10="NA",Table2!E8="NA"),"NA",-SUM(D10)+SUM(Table2!E8)) -> 0 | E39: =IF(OR(E10="NA",Table2!F8="NA"),"NA",-SUM(E10)+SUM(Table2!F8)) -> 0 | F39: =IF(OR(F10="NA",Table2!G8="NA"),"NA",-SUM(F10)+SUM(Table2!G8)) -> 0 | G39: =IF(OR(G10="NA",Table2!H8="NA"),"NA",-SUM(G10)+SUM(Table2!H8)) -> 0 | H39: =IF(OR(H10="NA",Table2!I8="NA"),"NA",-SUM(H10)+SUM(Table2!I8)) -> 0 | I39: =IF(OR(I10="NA",Table2!J8="NA"),"NA",-SUM(I10)+SUM(Table2!J8)) -> 0 | J39: =IF(OR(J10="NA",Table2!K8="NA"),"NA",-SUM(J10)+SUM(Table2!K8)) -> 0 | K39: =IF(OR(K10="NA",Table2!L8="NA"),"NA",-SUM(K10)+SUM(Table2!L8)) -> 0 | ... M39: =IF(OR(M10="NA",Table2!N8="NA"),"NA",-SUM(M10)+SUM(Table2!N8)) -> 0
